Workbook
Name _new1: 【参考】数式用_2!#REF!
Name _new1: #REF!
Name erea: 【参考】数式用_2!#REF!
Name ｈ」: #REF!
Name ｈｈ: #REF!
Name ｈｈｈ: #REF!
Name ｈｈｈｈ: #REF!
Name ｈｈｈｈｈｈ: #REF!
Name KEY_NAME: #REF!
Name KEY_NAME: #REF!
Name KEY_NAME: #REF!
Name KEY_NAME: #REF!
Name LAST_DATA: #REF!
Name LAST_DATA: #REF!
Name LAST_DATA: #REF!
Name LAST_DATA: #REF!
Name new: 【参考】数式用_2!#REF!
Name OLE_LINK4: '様式第2号（別表第２関係)'!$H$9
Name OLE_LINK4: '様式第3号（別表第２関係)'!$H$9
Name OLE_LINK4: '様式第5号（別表第２関係)'!$H$9
Name サービス名: 【参考】数式用_2!#REF!
Name 愛知県: 【参考】数式用_2!$X$993:$X$1046
Name 愛知県: 【参考】数式用_1!$AM$993:$AM$1046
Name 愛媛県: 【参考】数式用_2!$X$1422:$X$1441
Name 愛媛県: 【参考】数式用_1!$AM$1422:$AM$1441
Name 茨城県: 【参考】数式用_2!$X$415:$X$458
Name 茨城県: 【参考】数式用_1!$AM$415:$AM$458
Name 岡山県: 【参考】数式用_2!$X$1312:$X$1338
Name 岡山県: 【参考】数式用_1!$AM$1312:$AM$1338
Name 沖縄県: 【参考】数式用_2!$X$1709:$X$1749
Name 沖縄県: 【参考】数式用_1!$AM$1709:$AM$1749
Name 介護医療院_組合せ: 【参考】数式用_2!$G$39:$I$39
Name 介護医療院①: 【参考】数式用_1!$R$39:$V$39
Name 介護医療院②: 【参考】数式用_1!$X$39:$AC$39
Name 介護医療院③: 【参考】数式用_1!$AE$39:$AH$39
Name 介護予防_小規模多機能型居宅介護_短期利用型①: 【参考】数式用_1!$R$23:$V$23
Name 介護予防_小規模多機能型居宅介護_短期利用型②: 【参考】数式用_1!$X$23:$AC$23
Name 介護予防_小規模多機能型居宅介護_短期利用型③: 【参考】数式用_1!$AE$23:$AH$23
Name 介護予防_小規模多機能型居宅介護①: 【参考】数式用_1!$R$22:$V$22
Name 介護予防_小規模多機能型居宅介護②: 【参考】数式用_1!$X$22:$AC$22
Name 介護予防_小規模多機能型居宅介護③: 【参考】数式用_1!$AE$22:$AH$22
Name 介護予防_短期入所生活介護①: 【参考】数式用_1!$R$33:$V$33
Name 介護予防_短期入所生活介護②: 【参考】数式用_1!$X$33:$AC$33
Name 介護予防_短期入所生活介護③: 【参考】数式用_1!$AE$33:$AH$33
Name 介護予防_短期入所療養介護_医療院①: 【参考】数式用_1!$R$41:$V$41
Name 介護予防_短期入所療養介護_医療院②: 【参考】数式用_1!$X$41:$AC$41
Name 介護予防_短期入所療養介護_医療院③: 【参考】数式用_1!$AE$41:$AH$41
Name 介護予防_短期入所療養介護_病院等①: 【参考】数式用_1!$R$38:$V$38
Name 介護予防_短期入所療養介護_病院等②: 【参考】数式用_1!$X$38:$AC$38
Name 介護予防_短期入所療養介護_病院等③: 【参考】数式用_1!$AE$38:$AH$38
Name 介護予防_短期入所療養介護老健_②: 【参考】数式用_1!$X$36:$AC$36
Name 介護予防_短期入所療養介護老健①: 【参考】数式用_1!$R$36:$V$36
Name 介護予防_短期入所療養介護老健③: 【参考】数式用_1!$AE$36:$AH$36
Name 介護予防_通所リハビリテーション①: 【参考】数式用_1!$R$12:$V$12
Name 介護予防_通所リハビリテーション②: 【参考】数式用_1!$X$12:$AC$12
Name 介護予防_通所リハビリテーション③: 【参考】数式用_1!$AE$12:$AH$12
Name 介護予防_特定施設入居者生活介護①: 【参考】数式用_1!$R$15:$V$15
Name 介護予防_特定施設入居者生活介護②: 【参考】数式用_1!$X$15:$AC$15
Name 介護予防_特定施設入居者生活介護③: 【参考】数式用_1!$AE$15:$AH$15
Name 介護予防_認知症対応型共同生活介護_短期利用型①: 【参考】数式用_1!$R$29:$V$29

Sheet 基本情報入力シート
A1: 計画書（令和７年度介護施設等経営改善・従事者処遇改善等緊急支援事業 （介護分野の職員の賃上げ・職場環境改善支援事業））基本情報入力シート | AN1: ↓隠し列
A2: ●はじめに本シート（基本情報入力シート）のセルに入力することで、申請対象となる事業所等に関する基本的な情報が、各シートに自動的に転記されます。
A3: 【重要】 本計画書は、令和７年度介護施設等経営改善・従事者処遇改善等緊急支援事業費補助金（介護分野の職員の賃上げ・職場環境改善支援事業）（以下「補助金」という。）の岩手県の申請様式です。
A4: ●自動転記の仕組みを活用するため、下記の作業フローに基づき、シートを完成させてください。 ●「提出先の自治体名」を記入すると、様式第１号別紙１から３までの「提出先」欄も、自動で更新されます。 提出先が正しく記入されていることを必ずご確認ください。
A11: １ 提出先に関する情報
A12: 補助金の届出に係る提出先（事業所の所在地の都道府県）を選択してください。
A13: 提出先 | C13: 岩手県
A15: ２ 基本情報
A16: 下表に必要事項を入力してください。記入内容が各様式に反映されます。
A17: 法人名 | B17: フリガナ
B18: 名称
A19: 法人住所 | B19: 〒 | P19: - | AN19: 〒結合
B20: 住所１（番地・住居番号まで） | AN20: =L19&"-"&Q19 -> -
B21: 住所２（建物名等）
A22: 法人 代表者 | B22: 職名
B23: 氏名
A24: 法人番号
A25: 書類作成 担当者 | B25: フリガナ
B26: 氏名
A27: 連絡先 | B27: 電話番号
B28: E-mail
A30: ３ 計画書の記載内容や補助金の支払に係る情報 | AE30: =IF(L18="", "", IF(AND(B32="✓", O35<>"", T35<>""), "○", "×"))
F32: 本補助金計画書の記載内容に虚偽がないこと及び記載内容を証明する資料を適切に保管していることを誓約します。 | AN32: 誓約日結合
C35: 令和 | J35: 8 | L35: 年 | R35: 月 | V35: 日 | W35: 法人名 | Z35: =IF(L18="","",L18) | AN35: ="令和8年"&O35&"月"&T35&"日" -> 令和8年月日
W36: 代表者 | Z36: 職名 | AB36: =IF(L22="", "",L22) | AD36: =IF(L23="", "", L23)
A38: 【記入上の注意】 ・ 各証明資料は、都道府県からの求めがあった場合には、速やかに提出すること。 ・ 本計画書への虚偽記載の他、補助金の請求に関して不正があった場合は、補助金を返還することとなる場合がある。
A40: ４ 補助金の対象事業所に関する情報
A41: 下表に必要事項を入力してください。記入内容が別紙様式に反映されます。
A42: 介護予防や短期利用型サービス含め、記入漏れがないことを確認しました。 | AF42: =IF(L18="","",IF(AND(W44="✓",W45="✓",W46="✓",W47="✓"),"○","×"))
A43: （記入済みのサービスの事業所数）
A44: 介護予防サービスの事業所数 | T44: =COUNTIF($Z$51:$AB$150,"*介護予防*") -> 0 | V44: 件
A45: 短期利用型サービスの事業所数 | T45: =COUNTIF($Z$51:$AB$150,"*短期利用型*") -> 0 | V45: 件
A46: 総合事業サービスの事業所数 | T46: =COUNTIF($Z$51:$AB$150,"*独自*")+COUNTIF($Z$51:$AB$150,"介護予防ケアマネジメント") -> 0 | V46: 件
A47: その他サービスの事業所数 | T47: =COUNTIF(AO51:AP150,"その他") -> 0 | V47: 件
A49: 番号 | B49: 介護保険事業所番号 | L49: 指定権者名 | Q49: 事業所の所在地 | W49: 事業所名 | Z49: サービス名 | AC49: サービスコード | AD49: 令和７年12月の介護報酬総単位数（見込み）[単位] | AE49: １単位あたりの単価 （地域単価） [円]
Q50: 都道府県 | V50: 市区町村
A51: 1 | AC51: =IFERROR(VLOOKUP(Z51,【参考】数式用_1!$A$4:$B$54,2,FALSE),"") | AD51: =IF('様式第１号別紙３（個表） '!H15="","",'様式第１号別紙３（個表） '!H15) | AE51: =IF(B51="","",IF(AO51="総合事業","数式を削除して手入力",IFERROR(INDEX(【参考】数式用_1!$AT$3:$AV$452,MATCH(Q51&V51,【参考】数式用_1!$AS$3:$AS$452,0),MATCH(VLOOKUP(Z51,【参考】数式用_1!$AW$2:$AX$53,2,FALSE),【参考】数式用_1!$AT$2:$AV$2,0)),10))) | AN51: =IF($L$18="", "", VLOOKUP(Z51,【参考】数式用_1!$A$4:$M$54,13,FALSE)) | AO51: =VLOOKUP(Z51,【参考】数式用_1!$A$2:$N$54,14,FALSE) -> #N/A
A52: 2 | AC52: =IFERROR(VLOOKUP(Z52,【参考】数式用_1!$A$4:$B$54,2,FALSE),"") | AD52: =IF('様式第１号別紙３（個表） '!H16="","",'様式第１号別紙３（個表） '!H16) | AE52: =IF(B52="","",IF(AO52="総合事業","数式を削除して手入力",IFERROR(INDEX(【参考】数式用_1!$AT$3:$AV$452,MATCH(Q52&V52,【参考】数式用_1!$AS$3:$AS$452,0),MATCH(VLOOKUP(Z52,【参考】数式用_1!$AW$2:$AX$53,2,FALSE),【参考】数式用_1!$AT$2:$AV$2,0)),10))) | AN52: =IF($L$18="", "", VLOOKUP(Z52,【参考】数式用_1!$A$4:$M$54,13,FALSE)) | AO52: =VLOOKUP(Z52,【参考】数式用_1!$A$2:$N$54,14,FALSE) -> #N/A
A53: =A52+1 -> 3 | AC53: =IFERROR(VLOOKUP(Z53,【参考】数式用_1!$A$4:$B$54,2,FALSE),"") | AD53: =IF('様式第１号別紙３（個表） '!H17="","",'様式第１号別紙３（個表） '!H17) | AE53: =IF(B53="","",IF(AO53="総合事業","数式を削除して手入力",IFERROR(INDEX(【参考】数式用_1!$AT$3:$AV$452,MATCH(Q53&V53,【参考】数式用_1!$AS$3:$AS$452,0),MATCH(VLOOKUP(Z53,【参考】数式用_1!$AW$2:$AX$53,2,FALSE),【参考】数式用_1!$AT$2:$AV$2,0)),10))) | AN53: =IF($L$18="", "", VLOOKUP(Z53,【参考】数式用_1!$A$4:$M$54,13,FALSE)) | AO53: =VLOOKUP(Z53,【参考】数式用_1!$A$2:$N$54,14,FALSE) -> #N/A
A54: =A53+1 -> 4 | AC54: =IFERROR(VLOOKUP(Z54,【参考】数式用_1!$A$4:$B$54,2,FALSE),"") | AD54: =IF('様式第１号別紙３（個表） '!H18="","",'様式第１号別紙３（個表） '!H18) | AE54: =IF(B54="","",IF(AO54="総合事業","数式を削除して手入力",IFERROR(INDEX(【参考】数式用_1!$AT$3:$AV$452,MATCH(Q54&V54,【参考】数式用_1!$AS$3:$AS$452,0),MATCH(VLOOKUP(Z54,【参考】数式用_1!$AW$2:$AX$53,2,FALSE),【参考】数式用_1!$AT$2:$AV$2,0)),10))) | AN54: =IF($L$18="", "", VLOOKUP(Z54,【参考】数式用_1!$A$4:$M$54,13,FALSE)) | AO54: =VLOOKUP(Z54,【参考】数式用_1!$A$2:$N$54,14,FALSE) -> #N/A
A55: =A54+1 -> 5 | AC55: =IFERROR(VLOOKUP(Z55,【参考】数式用_1!$A$4:$B$54,2,FALSE),"") | AD55: =IF('様式第１号別紙３（個表） '!H19="","",'様式第１号別紙３（個表） '!H19) | AE55: =IF(B55="","",IF(AO55="総合事業","数式を削除して手入力",IFERROR(INDEX(【参考】数式用_1!$AT$3:$AV$452,MATCH(Q55&V55,【参考】数式用_1!$AS$3:$AS$452,0),MATCH(VLOOKUP(Z55,【参考】数式用_1!$AW$2:$AX$53,2,FALSE),【参考】数式用_1!$AT$2:$AV$2,0)),10))) | AN55: =IF($L$18="", "", VLOOKUP(Z55,【参考】数式用_1!$A$4:$M$54,13,FALSE)) | AO55: =VLOOKUP(Z55,【参考】数式用_1!$A$2:$N$54,14,FALSE) -> #N/A
A56: =A55+1 -> 6 | AC56: =IFERROR(VLOOKUP(Z56,【参考】数式用_1!$A$4:$B$54,2,FALSE),"") | AD56: =IF('様式第１号別紙３（個表） '!H20="","",'様式第１号別紙３（個表） '!H20) | AE56: =IF(B56="","",IF(AO56="総合事業","数式を削除して手入力",IFERROR(INDEX(【参考】数式用_1!$AT$3:$AV$452,MATCH(Q56&V56,【参考】数式用_1!$AS$3:$AS$452,0),MATCH(VLOOKUP(Z56,【参考】数式用_1!$AW$2:$AX$53,2,FALSE),【参考】数式用_1!$AT$2:$AV$2,0)),10))) | AN56: =IF($L$18="", "", VLOOKUP(Z56,【参考】数式用_1!$A$4:$M$54,13,FALSE)) | AO56: =VLOOKUP(Z56,【参考】数式用_1!$A$2:$N$54,14,FALSE) -> #N/A
A57: =A56+1 -> 7 | AC57: =IFERROR(VLOOKUP(Z57,【参考】数式用_1!$A$4:$B$54,2,FALSE),"") | AD57: =IF('様式第１号別紙３（個表） '!H21="","",'様式第１号別紙３（個表） '!H21) | AE57: =IF(B57="","",IF(AO57="総合事業","数式を削除して手入力",IFERROR(INDEX(【参考】数式用_1!$AT$3:$AV$452,MATCH(Q57&V57,【参考】数式用_1!$AS$3:$AS$452,0),MATCH(VLOOKUP(Z57,【参考】数式用_1!$AW$2:$AX$53,2,FALSE),【参考】数式用_1!$AT$2:$AV$2,0)),10))) | AN57: =IF($L$18="", "", VLOOKUP(Z57,【参考】数式用_1!$A$4:$M$54,13,FALSE)) | AO57: =VLOOKUP(Z57,【参考】数式用_1!$A$2:$N$54,14,FALSE) -> #N/A
A58: =A57+1 -> 8 | AC58: =IFERROR(VLOOKUP(Z58,【参考】数式用_1!$A$4:$B$54,2,FALSE),"") | AD58: =IF('様式第１号別紙３（個表） '!H22="","",'様式第１号別紙３（個表） '!H22) | AE58: =IF(B58="","",IF(AO58="総合事業","数式を削除して手入力",IFERROR(INDEX(【参考】数式用_1!$AT$3:$AV$452,MATCH(Q58&V58,【参考】数式用_1!$AS$3:$AS$452,0),MATCH(VLOOKUP(Z58,【参考】数式用_1!$AW$2:$AX$53,2,FALSE),【参考】数式用_1!$AT$2:$AV$2,0)),10))) | AN58: =IF($L$18="", "", VLOOKUP(Z58,【参考】数式用_1!$A$4:$M$54,13,FALSE)) | AO58: =VLOOKUP(Z58,【参考】数式用_1!$A$2:$N$54,14,FALSE) -> #N/A
A59: =A58+1 -> 9 | AC59: =IFERROR(VLOOKUP(Z59,【参考】数式用_1!$A$4:$B$54,2,FALSE),"") | AD59: =IF('様式第１号別紙３（個表） '!H23="","",'様式第１号別紙３（個表） '!H23) | AE59: =IF(B59="","",IF(AO59="総合事業","数式を削除して手入力",IFERROR(INDEX(【参考】数式用_1!$AT$3:$AV$452,MATCH(Q59&V59,【参考】数式用_1!$AS$3:$AS$452,0),MATCH(VLOOKUP(Z59,【参考】数式用_1!$AW$2:$AX$53,2,FALSE),【参考】数式用_1!$AT$2:$AV$2,0)),10))) | AN59: =IF($L$18="", "", VLOOKUP(Z59,【参考】数式用_1!$A$4:$M$54,13,FALSE)) | AO59: =VLOOKUP(Z59,【参考】数式用_1!$A$2:$N$54,14,FALSE) -> #N/A
A60: =A59+1 -> 10 | AC60: =IFERROR(VLOOKUP(Z60,【参考】数式用_1!$A$4:$B$54,2,FALSE),"") | AD60: =IF('様式第１号別紙３（個表） '!H24="","",'様式第１号別紙３（個表） '!H24) | AE60: =IF(B60="","",IF(AO60="総合事業","数式を削除して手入力",IFERROR(INDEX(【参考】数式用_1!$AT$3:$AV$452,MATCH(Q60&V60,【参考】数式用_1!$AS$3:$AS$452,0),MATCH(VLOOKUP(Z60,【参考】数式用_1!$AW$2:$AX$53,2,FALSE),【参考】数式用_1!$AT$2:$AV$2,0)),10))) | AN60: =IF($L$18="", "", VLOOKUP(Z60,【参考】数式用_1!$A$4:$M$54,13,FALSE)) | AO60: =VLOOKUP(Z60,【参考】数式用_1!$A$2:$N$54,14,FALSE) -> #N/A
A61: =A60+1 -> 11 | AC61: =IFERROR(VLOOKUP(Z61,【参考】数式用_1!$A$4:$B$54,2,FALSE),"") | AD61: =IF('様式第１号別紙３（個表） '!H25="","",'様式第１号別紙３（個表） '!H25) | AE61: =IF(B61="","",IF(AO61="総合事業","数式を削除して手入力",IFERROR(INDEX(【参考】数式用_1!$AT$3:$AV$452,MATCH(Q61&V61,【参考】数式用_1!$AS$3:$AS$452,0),MATCH(VLOOKUP(Z61,【参考】数式用_1!$AW$2:$AX$53,2,FALSE),【参考】数式用_1!$AT$2:$AV$2,0)),10))) | AN61: =IF($L$18="", "", VLOOKUP(Z61,【参考】数式用_1!$A$4:$M$54,13,FALSE)) | AO61: =VLOOKUP(Z61,【参考】数式用_1!$A$2:$N$54,14,FALSE) -> #N/A
A62: =A61+1 -> 12 | AC62: =IFERROR(VLOOKUP(Z62,【参考】数式用_1!$A$4:$B$54,2,FALSE),"") | AD62: =IF('様式第１号別紙３（個表） '!H26="","",'様式第１号別紙３（個表） '!H26) | AE62: =IF(B62="","",IF(AO62="総合事業","数式を削除して手入力",IFERROR(INDEX(【参考】数式用_1!$AT$3:$AV$452,MATCH(Q62&V62,【参考】数式用_1!$AS$3:$AS$452,0),MATCH(VLOOKUP(Z62,【参考】数式用_1!$AW$2:$AX$53,2,FALSE),【参考】数式用_1!$AT$2:$AV$2,0)),10))) | AN62: =IF($L$18="", "", VLOOKUP(Z62,【参考】数式用_1!$A$4:$M$54,13,FALSE)) | AO62: =VLOOKUP(Z62,【参考】数式用_1!$A$2:$N$54,14,FALSE) -> #N/A
A63: =A62+1 -> 13 | AC63: =IFERROR(VLOOKUP(Z63,【参考】数式用_1!$A$4:$B$54,2,FALSE),"") | AD63: =IF('様式第１号別紙３（個表） '!H27="","",'様式第１号別紙３（個表） '!H27) | AE63: =IF(B63="","",IF(AO63="総合事業","数式を削除して手入力",IFERROR(INDEX(【参考】数式用_1!$AT$3:$AV$452,MATCH(Q63&V63,【参考】数式用_1!$AS$3:$AS$452,0),MATCH(VLOOKUP(Z63,【参考】数式用_1!$AW$2:$AX$53,2,FALSE),【参考】数式用_1!$AT$2:$AV$2,0)),10))) | AN63: =IF($L$18="", "", VLOOKUP(Z63,【参考】数式用_1!$A$4:$M$54,13,FALSE)) | AO63: =VLOOKUP(Z63,【参考】数式用_1!$A$2:$N$54,14,FALSE) -> #N/A
A64: =A63+1 -> 14 | AC64: =IFERROR(VLOOKUP(Z64,【参考】数式用_1!$A$4:$B$54,2,FALSE),"") | AD64: =IF('様式第１号別紙３（個表） '!H28="","",'様式第１号別紙３（個表） '!H28) | AE64: =IF(B64="","",IF(AO64="総合事業","数式を削除して手入力",IFERROR(INDEX(【参考】数式用_1!$AT$3:$AV$452,MATCH(Q64&V64,【参考】数式用_1!$AS$3:$AS$452,0),MATCH(VLOOKUP(Z64,【参考】数式用_1!$AW$2:$AX$53,2,FALSE),【参考】数式用_1!$AT$2:$AV$2,0)),10))) | AN64: =IF($L$18="", "", VLOOKUP(Z64,【参考】数式用_1!$A$4:$M$54,13,FALSE)) | AO64: =VLOOKUP(Z64,【参考】数式用_1!$A$2:$N$54,14,FALSE) -> #N/A
... A150: =A149+1 -> 100 | AC150: =IFERROR(VLOOKUP(Z150,【参考】数式用_1!$A$4:$B$54,2,FALSE),"") | AD150: =IF('様式第１号別紙３（個表） '!H114="","",'様式第１号別紙３（個表） '!H114) | AE150: =IF(B150="","",IF(AO150="総合事業","数式を削除して手入力",IFERROR(INDEX(【参考】数式用_1!$AT$3:$AV$452,MATCH(Q150&V150,【参考】数式用_1!$AS$3:$AS$452,0),MATCH(VLOOKUP(Z150,【参考】数式用_1!$AW$2:$AX$53,2,FALSE),【参考】数式用_1!$AT$2:$AV$2,0)),10))) | AN150: =IF($L$18="", "", VLOOKUP(Z150,【参考】数式用_1!$A$4:$M$54,13,FALSE)) | AO150: =VLOOKUP(Z150,【参考】数式用_1!$A$2:$N$54,14,FALSE) -> #N/A

Sheet 様式第１号別紙１（処遇改善加算対象サービス　総括表）
A1: 様式第１号別紙１ 令和７年度介護施設等経営改善・従事者処遇改善等緊急支援事業 （介護分野の職員の賃上げ・職場環境改善支援事業）計画書 （処遇改善加算対象サービス 総括表） | AB1: 提出先 | AE1: =IF(基本情報入力シート!C13<>"", 基本情報入力シート!C13, "") -> 岩手県
A2: １ 基本情報
A3: フリガナ | G3: =IF(基本情報入力シート!L17="","",基本情報入力シート!L17)
A4: 法人名 | G4: =IF(基本情報入力シート!L18="","",基本情報入力シート!L18)
A5: 法人所在地 | G5: 〒 | H5: =IF(基本情報入力シート!AN20="－","",基本情報入力シート!AN20) -> -
G6: =IF(基本情報入力シート!L20="","",基本情報入力シート!L20)
G7: =IF(基本情報入力シート!L21="","",基本情報入力シート!L21)
A8: フリガナ | G8: =IF(基本情報入力シート!L25="","",基本情報入力シート!L25)
A9: 書類作成担当者 | G9: =IF(基本情報入力シート!L26="","",基本情報入力シート!L26)
A10: 連絡先 | G10: 電話番号 | K10: =IF(基本情報入力シート!L27="","",基本情報入力シート!L27) | U10: E-mail | Y10: =IF(基本情報入力シート!L28="","",基本情報入力シート!L28)
A12: ２ 補助金の支給要件及び使途
A13: ① | B13: 介護従事者に対する幅広い賃上げ支援
B14: 処遇改善加算を算定している又は実績報告書の提出までに算定する見込みです。 | AH14: =IF(G4="","",IF(COUNTIF(基本情報入力シート!AN51:AN150,"加算対象")=COUNTIFS('様式第１号別紙３（個表） '!J15:J114,"<>",'様式第１号別紙３（個表） '!AN15:AN114,"加算対象"),"○","×"))
B15: 様式第１号別紙３「①の要件を満たす」の欄の記載のうち、処遇改善加算対象サービス分について集計 「○」は記載漏れがない場合、「×」は記載漏れがある場合を指します。
A17: ② | B17: 生産性向上や協働化に取り組む事業者の介護職員に対する上乗せの賃上げ支援
B18: ○訪問・通所系サービス等について、ケアプランデータ連携システムに加入している又は実績報告書の提出までに加入する 見込みです。 ○施設・居住サービス、多機能サービス、短期入所サービス等について、生産性向上推進体制加算Ⅰ又はⅡを算定している 又は実績報告書の提出までに算定する見込みです。 （小規模多機能型居宅介護等のサービスにおいては、ケアプランデータ連携システムに加入する又は 実績報告書の提出までに加入する見込みであることにより要件を満たすことができます。） ○介護サービス事業所等が所属する法人が、社会福祉連携推進法人に所属しています。 | AH18: =IF(G4="","",IF(AND(COUNTIFS('様式第１号別紙３（個表） '!K15:K114,"要件を満たさない",'様式第１号別紙３（個表） '!AN15:AN114,"加算対象")=0,COUNTIF(基本情報入力シート!AN51:AN150,"加算対象")=COUNTIFS('様式第１号別紙３（個表） '!K15:K114,"<>",'様式第１号別紙３（個表） '!AN15:AN114,"加算対象")),"○", IF(AND(COUNTIFS('様式第１号別紙３（個表） '!K15:K114,"要件を満たさない",'様式第１号別紙３（個表） '!AN15:AN114,"加算対象")>=1,COUNTIF(基本情報入力シート!AN51:AN150,"加算対象")=COUNTIFS('様式第１号別紙３（個表） '!K15:K114,"<>",'様式第１号別紙３（個表） '!AN15:AN114,"加算対象")),"△","×")))
B19: 様式第１号別紙３「②の要件を満たす」の欄の記載のうち、処遇改善加算対象サービス分について集計 「○」は記載漏れがなく、全ての事業所において要件を満たす場合、 「△」は記載漏れがないが、要件を満たさない事業所がある場合、 「×」は記載漏れがある場合を指します。
A21: ③ | B21: 介護職員の職場環境改善の支援（賃金改善に充てることも可能。）
B22: 生産性向上や協働化に係る取組を行っている（②を満たしている）又は令和６年度介護人材確保・職場環境改善等事業を活用しています。 | AH22: =IF(OR(G4="",COUNTIFS('様式第１号別紙３（個表） '!L15:L114,"職場環境改善の取組を行っている")=COUNTIF(基本情報入力シート!AN51:AN150,"加算対象")),"",IF(AND(COUNTIFS('様式第１号別紙３（個表） '!L15:L114,"要件を満たさない",'様式第１号別紙３（個表） '!AN15:AN114,"加算対象")=0,COUNTIF(基本情報入力シート!AN51:AN150,"加算対象")=COUNTIFS('様式第１号別紙３（個表） '!L15:L114,"<>",'様式第１号別紙３（個表） '!AN15:AN114,"加算対象")),"○", IF(AND(COUNTIFS('様式第１号別紙３（個表） '!L15:L114,"要件を満たさない",'様式第１号別紙３（個表） '!AN15:AN114,"加算対象")>=1,COUNTIF(基本情報入力シート!AN51:AN150,"加算対象")=COUNTIFS('様式第１号別紙３（個表） '!L15:L114,"<>",'様式第１号別紙３（個表） '!AN15:AN114,"加算対象")),"△","×")))
B23: 職場環境改善等に向けて、以下のいずれかの取組の実施を計画している又は既に実施しています。 （１つ以上の項目にチェック（✓）） | AH23: =IF(OR(G4="",COUNTIF('様式第１号別紙３（個表） '!L12:L114,"職場環境改善の取組を行っている")=0),"",IF(OR(B24="✓",B25="✓", B26="✓"),"○", "×")) | BA23: ='様式第１号別紙２（処遇改善加算対象外サービス 総括表）'!AW17
C24: （ア）業務内容の明確化と職員間の適切な役割分担の取組
C25: （イ）介護職員等の業務の洗い出しや棚卸しなど、現場の課題の見える化
C26: （ウ）業務改善活動の体制構築（委員会やプロジェクトチームの立ち上げ又は外部の研修会の活動等）
B27: 様式第１号別紙３「③の要件を満たす」の欄の記載のうち、処遇改善加算対象サービス分について集計
AH28: =IF(G4="","",IF(OR(AND(B30="✓",B31="✓",M32<>""),AND(B30="",B31="✓",M32<>""),AND(B30="✓",B31="",M32=""),),"○", "×"))
B29: 【使途】（１つ以上の項目にチェック（✓）） 職場環境改善経費への充当又は賃金改善を行う方法
C30: （一）賃金改善の実施
C31: （二） 職場環境改善経費への充当
B32: （二）を選択した場合、その使途を プルダウンから選択してください。
B33: ・実績報告では、どのような項目の費用にどのくらいの額を充てたかを報告いただきます。 ・職場環境改善経費には、職員に対する研修費用や介護助手等の募集経費、その他の金額が含まれます。 「その他の金額」には、補助金の要件である「業務内容の明確化と役割分担」、「現場の課題の見える化」又は「業務改善活動の体制構築」に関する取組 を実施するための費用のうち、介護テクノロジー等の機器購入費用でないもの（専門家の派遣費用、会議費等）のみ充当することができます。 ・職場環境改善経費について、複数の取組を行う場合は、主な使途にあたる項目を選択してください。 ・介護テクノロジーの導入等を検討している場合には、「岩手県介護テクノロジー導入等支援事業費補助金」をご活用ください。 ・職場環境改善経費について、消費税仕入控除税額に充当することはできません。消費税額を対象経費に含めていた場合、消費税仕入控除税額の申告 が必要となり、当該控除税額分に相当する補助金の返還が必要となる場合があります。
A35: ３ その他要件を満たすことの確認・誓約等
A36: 以下の点を確認し、満たしている項目に全てチェック（✔）すること。 | AH36: {=IF(G4="", "", IF(PRODUCT((A38:A44="✓")*1)=1,"○","×"))} | AK36: ！この欄が×の場合、チェック（✓）がついていない項目があります。
A37: 確認項目 | AA37: 証明する資料の例
B38: 補助金による賃金改善以外の部分で賃金水準を引き下げません。 | AA38: ―
B39: 誓約したことで対応したこととみなした要件について、実績報告書の提出までに対応します。 | AA39: ―
B40: 補助金として給付される額は、①～③の使途のために全額支出します。 | AA40: 給与明細、職場環境改善経費に係る明細書等
B41: 労働基準法、労働災害補償保険法、最低賃金法、労働安全衛生法、雇用保険法その他の労働に関する法令に違反し、罰金以上の刑に処せられていません。 | AA41: ―
B42: 労働保険料の納付が適正に行われています。 | AA42: 労働保険関係成立届、 確定保険料申告書
B43: 本計画書の内容を雇用する全ての職員に対して周知しました。 | AA43: 会議録、周知文書
B44: 都道府県のホームページ等で、補助金の提出先を確認しました。 | AA44: ―
A46: （確認用）提出前のチェックリスト
A47: 以下の項目に「×」がないか、提出前に確認すること。「×」がある場合、当該項目の記載を修正すること。
A49: ２ 補助金の見込額、支給要件及び使途 | BA49: 満たしていない補助金の要件数
A50: ①について、処遇改善加算を算定している又は実績報告書の提出までに算定する見込み | AE50: =IF(G4="","",AH14) | BA50: =COUNTIF(A53:AJ55, "×") -> 0
A51: ②について、各サービスに係る要件を満たす | AE51: =IF(G4="","",AH18)
A52: ③について、各サービスに係る要件を満たす | AE52: =IF(G4="","",IF(AND(AH22<>"×",AH23<>"×"),"○","×"))
A53: ③について、補助金の使途が示されている | AE53: =IF(G4="","",AH28)
A54: ３ 要件を満たすことの確認等
A55: 要件を満たすことの確認について、チェック（✔）が入っていない項目がない | AE55: =AH36
A57: 振込に関する情報
A58: （様式第１号別紙３から集計・転記）
A59: 都道府県 | C59: A 見込額（円） | H59: ① | L59: ② | P59: ③ | T59: B 振込口座等の情報
A60: =AE1 -> 岩手県 | C60: =IFERROR(SUMIF('様式第１号別紙３（個表） '!AN15:AN114,"加算対象",'様式第１号別紙３（個表） '!P15:P114), "未入力あり") -> 0 | H60: =IFERROR(SUMIF('様式第１号別紙３（個表） '!AN15:AN114,"加算対象",'様式第１号別紙３（個表） '!Q15:Q114), "未入力あり") -> 0 | L60: =IFERROR(SUMIF('様式第１号別紙３（個表） '!AN15:AN114,"加算対象",'様式第１号別紙３（個表） '!R15:R114), "未入力あり") -> 0 | P60: =IFERROR(SUMIF('様式第１号別紙３（個表） '!AN15:AN114,"加算対象",'様式第１号別紙３（個表） '!S15:S114), "未入力あり") -> 0 | U60: 振込先口座登録票及び振込口座が確認できる書類のコピー（通帳の表紙及び通帳を開いた1・２ページ目の写し）を添付した。
AK61: ！③に「未記入」、「0」が表示されている場合、別紙様式2-3の振込先又は債権譲渡の項目に未記入があります。

Sheet 様式第１号別紙２（処遇改善加算対象外サービス　総括表）
A1: 様式第１号別紙２ 令和７年度介護施設等経営改善・従事者処遇改善等緊急支援事業 （介護分野の職員の賃上げ・職場環境改善支援事業）計画書 （処遇改善加算対象外サービス 総括表） | AB1: 提出先 | AE1: =IF(基本情報入力シート!C13<>"", 基本情報入力シート!C13, "") -> 岩手県
A2: １ 基本情報
A3: フリガナ | G3: =IF(基本情報入力シート!L17="","",基本情報入力シート!L17)
A4: 法人名 | G4: =IF(基本情報入力シート!L18="","",基本情報入力シート!L18)
A5: 法人所在地 | G5: 〒 | H5: =IF(基本情報入力シート!AN20="－","",基本情報入力シート!AN20) -> -
G6: =IF(基本情報入力シート!L20="","",基本情報入力シート!L20)
G7: =IF(基本情報入力シート!L21="","",基本情報入力シート!L21)
A8: フリガナ | G8: =IF(基本情報入力シート!L25="","",基本情報入力シート!L25)
A9: 書類作成担当者 | G9: =IF(基本情報入力シート!L26="","",基本情報入力シート!L26)
A10: 連絡先 | G10: 電話番号 | K10: =IF(基本情報入力シート!L27="","",基本情報入力シート!L27) | U10: E-mail | Y10: =IF(基本情報入力シート!L28="","",基本情報入力シート!L28)
A12: ２ 補助金の支給要件及び使途
A13: ① | B13: 介護従事者に対する幅広い賃上げ支援
B14: ケアプランデータ連携システムに加入している又は実績報告書の提出までに加入する見込みです。 社会福祉連携推進法人に所属しています。 処遇改善加算の対象外サービスについて、処遇改善加算Ⅳに準ずる要件を満たす（又は満たす見込み）です。 | AH14: =IF(G4="","",IF(COUNTIF(基本情報入力シート!AN51:AN150,"加算対象外")=COUNTIFS('様式第１号別紙３（個表） '!J15:J114,"<>",'様式第１号別紙３（個表） '!AN15:AN114,"加算対象外"),"○","×"))
B15: 様式第１号別紙３「①の要件を満たす」の欄の記載のうち、処遇改善加算対象外サービス分について集計 「○」は記載漏れがない場合、「×」は記載漏れがある場合を指します。
B17: 様式第１号別紙３「①の要件を満たす」の欄において、処遇改善加算の対象外サービスについて、処遇改善加算Ⅳに準ずる要件を満たす（又は満たす見込み）と回答した場合（詳しい要件の内容は参考シートを参照） | AH17: =IF(OR(G4="",AW17="処遇改善加算の要件を選択していない"),"",IF(AND(OR(AH18="✓",AH18="誓約"),AH19="○"),"○","×")) | AW17: =IF(G4="","",IF(COUNTIF('様式第１号別紙３（個表） '!J12:J114,"加算Ⅳに準ずる要件を満たす")+COUNTIF('様式第１号別紙３（個表） '!J12:J114,"加算Ⅳに準ずる要件を満たすことを誓約")=0, "処遇改善加算の要件を選択していない","処遇改善加算の要件を選択している"))
C18: （ア）・（イ）（任用要件・賃金体系の整備等、研修の実施等）
C19: （ウ）職場環境等要件 ・届出に係る計画の期間中に実施する事項について、チェック（✔）する又は実績報告書の提出までに要件整備を行う 誓約をすること （「誓約」を選択。）。 ・「入職促進に向けた取組」、「資質の向上やキャリアアップに向けた支援」、「両立支援・多様な働き方の推進」、 「腰痛を含む心身の健康管理」及び「やりがい・働きがいの醸成」の区分ごとに１以上の取組を実施し、 「生産性向上 （業務改善及び働く環境改善）のための取組」のうち２以上の取組を実施すること。 ただし、１法人あたり１の施設又は事業所のみを運営するような法人等の小規模事業者は、㉔の取組を実施していれば、 「生産性向上（業務改善及び働く環境改善）のための取組」の要件を満たすものとする。（㉔及び㉔の２を選択。） | AH19: =IF(G4="", "", IF(AND(AW21>=1, AW25>=1, AW29>=1, AW33>=1, OR(AW37>=2,AW45=2), AW46>=1), "○", "×"))
C20: 区分 | F20: 内容
C21: 入職促進に向けた取組 | H21: ①法人や事業所の経営理念やケア方針・人材育成方針、その実現のための施策・仕組みなどの明確化 | AW21: =COUNTIF(F21:G24,"✓")+COUNTIF(F21:G24,"誓約") -> 0
H22: ②事業者の共同による採用・人事ローテーション・研修のための制度構築
H23: ③他産業からの転職者、主婦層、中高年齢者等、経験者・有資格者等にこだわらない幅広い採用の仕組みの構築（採用の実績でも可）
H24: ④職業体験の受入れや地域行事への参加や主催等による職業魅力度向上の取組の実施
C25: 資質の向上やキャリアアップに 向けた支援 | H25: ⑤働きながら介護福祉士取得を目指す者に対する実務者研修受講支援や、より専門性の高い介護技術を取得しようとする者に対するユニットリーダー研修、ファーストステップ研修、喀痰吸引、認知症ケア、サービス提供責任者研修、中堅職員に対するマネジメント研修の受講支援等 | AW25: =COUNTIF(F25:G28,"✓")+COUNTIF(F25:G28,"誓約") -> 0
H26: ⑥研修の受講やキャリア段位制度と人事考課との連動
H27: ⑦エルダー・メンター（仕事やメンタル面のサポート等をする担当者）制度等導入
H28: ⑧上位者・担当者等によるキャリア面談など、キャリアアップ・働き方等に関する定期的な相談の機会の確保
C29: 両立支援 ・ 多様な 働き方の 推進 | H29: ⑨子育てや家族等の介護等と仕事の両立を目指す者のための休業制度等の充実、事業所内託児施設の整備 | AW29: =COUNTIF(F29:G32,"✓")+COUNTIF(F29:G32,"誓約") -> 0
H30: ⑩職員の事情等の状況に応じた勤務シフトや短時間正規職員制度の導入、職員の希望に即した非正規職員から正規職員への転換の制度等の整備
H31: ⑪有給休暇を取得しやすい雰囲気・意識作りのため、具体的な取得目標（例えば、１週間以上の休暇を年に●回取得、付与日数のうち●％以上を取得）を定めた上で、取得状況を定期的に確認し、身近な上司等からの積極的な声かけを行っている
H32: ⑫有給休暇の取得促進のため、情報共有や複数担当制等により、業務の属人化の解消、業務配分の偏りの解消を行っている
C33: 腰痛を 含む 心身の 健康管理 | H33: ⑬業務や福利厚生制度、メンタルヘルス等の職員相談窓口の設置等相談体制の充実 | AW33: =COUNTIF(F33:G36,"✓")+COUNTIF(F33:G36,"誓約") -> 0
H34: ⑭短時間勤務労働者等も受診可能な健康診断・ストレスチェックや、従業員のための休憩室の設置等健康管理対策の実施
H35: ⑮職員の身体の負担軽減のための介護技術の修得支援、職員に対する腰痛対策の研修、管理者に対する雇用管理改善の研修等の実施
H36: ⑯事故・トラブルへの対応マニュアル等の作成等の体制の整備
C37: 生産性 向上のため の取組 | H37: ⑰厚生労働省が示している「生産性向上ガイドライン」に基づき、業務改善活動の体制構築（委員会やプロジェクトチームの立ち上げ、外部の研修会の活用等）を行っている | AW37: =COUNTIF(F37:G44,"✓")+COUNTIF(F37:G44,"誓約") -> 0
H38: ⑱現場の課題の見える化（課題の抽出、課題の構造化、業務時間調査の実施等）を実施している
H39: ⑲５S活動（業務管理の手法の１つ。整理・整頓・清掃・清潔・躾の頭文字をとったもの）等の実践による職場環境の整備を行っている
H40: ⑳業務手順書の作成や、記録・報告様式の工夫等による情報共有や作業負担の軽減を行っている
H41: ㉑介護ソフト（記録、情報共有、請求業務転記が不要なもの。）、情報端末（タブレット端末、スマートフォン端末等）の導入
H42: ㉒介護ロボット（見守り支援、移乗支援、移動支援、排泄支援、入浴支援、介護業務支援等）又はインカム等の職員間の連絡調整の迅速化に資するICT機器（ビジネスチャットツール含む）の導入
H43: ㉓業務内容の明確化と役割分担を行い、職員がケアに集中できる環境を整備。特に、間接業務（食事等の準備や片付け、清掃、ベッドメイク、ゴミ捨て等）がある場合は、いわゆる介護助手等の活用や外注等で担うなど、役割の見直しやシフトの組み換え等を行う。​
H44: ㉔各種委員会の共同設置、各種指針・計画の共同策定、物品の共同購入等の事務処理部門の集約、共同で行うICTインフラの整備、人事管理システムや福利厚生システム等の共通化等、協働化を通じた職場環境の改善に向けた取組の実施
H45: ㉔の２ １法人あたり１の施設又は事業所のみを運営するような法人等の小規模事業者であり、㉔の取組を実施している。 | AW45: =COUNTIF(F45,"✓")+COUNTIF(F45,"誓約")+COUNTIF(F44,"✓")+COUNTIF(F44,"誓約") -> 0
C46: やりがい ・ 働きがい の醸成 | H46: ㉕ミーティング等による職場内コミュニケーションの円滑化による個々の職員の気づきを踏まえた勤務環境やケア内容の改善 | AW46: =COUNTIF(F46:G49,"✓")+COUNTIF(F46:G49,"誓約") -> 0
H47: ㉖地域包括ケアの一員としてのモチベーション向上に資する、地域の児童・生徒や住民との交流の実施
H48: ㉗利用者本位のケア方針など介護保険や法人の理念等を定期的に学ぶ機会の提供
H49: ㉘ケアの好事例や、利用者やその家族からの謝意等の情報を共有する機会の提供
A50: ３ その他要件を満たすことの確認・誓約等
A51: 以下の点を確認し、満たしている項目に全てチェック（✔）すること。 | AH51: {=IF(G4="", "", IF(PRODUCT((A53:A59="✓")*1)=1,"○","×"))} | AK51: ！この欄が×の場合、チェックが入っていない項目か、空欄の項目があります。
A52: 確認項目 | AA52: 証明する資料の例
B53: 補助金による賃金改善以外の部分で賃金水準を引き下げません。 | AA53: ―
B54: 誓約したことで対応したこととみなした要件について、実績報告書の提出までに対応します。 | AA54: ―
B55: 補助金として給付される額は、上記使途のために全額支出します。 | AA55: 給与明細、職場環境改善経費に係る明細書等
B56: 労働基準法、労働災害補償保険法、最低賃金法、労働安全衛生法、雇用保険法その他の労働に関する法令に違反し、罰金以上の刑に処せられていません。 | AA56: ―
B57: 労働保険料の納付が適正に行われています。 | AA57: 労働保険関係成立届、 確定保険料申告書
B58: 本計画書の内容を雇用する全ての職員に対して周知しました。 | AA58: 会議録、周知文書
B59: 都道府県のホームページ等で、補助金計画書の提出先を確認しました。 | AA59: ―
A61: （確認用）提出前のチェックリスト
A62: 以下の項目に「×」がないか、提出前に確認すること。「×」がある場合、当該項目の記載を修正すること。
A64: ２ 補助金の見込額、支給要件及び使途
A65: ①について、要件を満たす | AE65: =IF(G4="", "", IF(AND(AH14="○",AW18<>"×"),"○", "×"))
A66: ３ 要件を満たすことの確認等
A67: 要件を満たすことの確認について、チェック（✔）が入っていない項目がない | AE67: =AH51
A69: 振込に関する情報
A70: （様式第１号別紙３から集計・転記）
A71: 都道府県 | C71: A 見込額（円） | H71: ① | L71: ② | P71: ③ | T71: B 振込口座等の情報
A72: =AE1 -> 岩手県 | C72: =IFERROR(SUMIF('様式第１号別紙３（個表） '!AN15:AN114,"加算対象外",'様式第１号別紙３（個表） '!P15:P114), "未入力あり") -> 0 | H72: =IFERROR(SUMIF('様式第１号別紙３（個表） '!AN15:AN114,"加算対象外",'様式第１号別紙３（個表） '!Q15:Q114), "未入力あり") -> 0 | U72: 振込先口座登録票及び振込口座が確認できる書類のコピー（通帳の表紙及び通帳を開いた1・２ページ目の写し）を添付した。
AK73: ！③に「未記入」、「0」が表示されている場合、別紙様式2-3の振込先又は債権譲渡の項目に未記入があります。

Sheet 様式第１号別紙３（個表） 
A1: 様式第１号別紙３ 令和７年度介護施設等経営改善・従事者処遇改善等緊急支援事業（介護分野の職員の賃上げ・職場環境改善支援事業）計画書（個票） | P1: 提出先 | S1: =IF(基本情報入力シート!C13<>"", 基本情報入力シート!C13, "") -> 岩手県
A2: 法人名 | C2: =IF(基本情報入力シート!L18="", "", 基本情報入力シート!L18)
I3: 【記入上の注意】 ・都道府県ごとに補助金の要件を満たす必要があり、都道府県ごとに振込先の指定方法等、様式が異なる場合もあるため、補助金の計画書は都道府県ごとに作成すること。 ・事業所の数が多く、１枚に記載しきれない場合は、適宜、行を追加してください。 ・別途、都道府県の指定する様式で法人・事業所の振込先の口座情報等を都道府県に届け出ること。 | N3: ①介護従事者に対する 幅広い賃上げ支援 | Q3: ア）処遇改善加算の対象サービス →処遇改善加算取得（又は見込み）事業所が対象 イ）対象外サービス（訪問看護、訪問リハ、居宅介護支援等） →処遇改善加算に準ずる要件を満たす（又は見込み）事業所や ケアプランデータ連携システムに加入（又は見込み）の事業所等が対象
A4: 補助金の見込額［円］ | E4: 合計
F5: うち、処遇改善加算 対象サービス分 | G5: うち、処遇改善加算 対象外サービス分 | N5: ②生産性向上や協働化に取り組む 事業所の介護職員に対する 上乗せの賃上げ支援 | Q5: 処遇改善加算の取得に加え、以下の要件を満たす事業者。 ア）訪問、通所サービス等 → ケアプランデータ連携システムに加入（又は見込み）等。 イ）施設、居住サービス、多機能サービス、短期入所サービス等 → 生産性向上加算Ⅰ又はⅡを取得（又は見込み）等。
B6: ①～③の合計 | E6: =IFERROR(SUM(P15:P114),"") -> 0 | F6: =IFERROR(SUMIF($AN$15:$AN$114,"加算対象",$P$15:$P$114),"") -> 0 | G6: =IFERROR(SUMIF($AN$15:$AN$114,"加算対象外",$P$15:$P$114),"") -> 0 | N6: ③介護職員について、職場環境改善に 取り組む事業所を支援 （介護職員等の賃金改善に充当可能） | Q6: 処遇改善加算を取得の上、職場環境等要件の更なる充足等に向けて、職場環境改善を計画し実施する事業者（要件は、令和６年度補正予算の「介護人材 確保・職場環境改善等事業」と同様）。
B7: （参考） ①～③の合計額とは必ずしも一致しない。 | C7: うち、①＋②部分 | E7: =IF(C2="",0, SUM(E8:E9)) -> 0 | F7: =IF($C$2="", 0, SUM(F8:F9)) -> 0 | G7: =IF($C$2="", 0,G8) -> 0
D8: うち、①部分 | E8: =IF(C2="", 0, SUM(Q15:Q114)) -> 0 | F8: =IF($C$2="", 0, SUMIF($AN$15:$AN$114,"加算対象",$Q$15:$Q$114)) -> 0 | G8: =IF($C$2="", 0, SUMIF($AN$15:$AN$114,"加算対象外",$Q$15:$Q$114)) -> 0
D9: うち、②部分 | E9: =IF(C2="", 0, SUM(R15:R114)) -> 0 | F9: =IF($C$2="", 0, SUMIF($AN$15:$AN$114,"加算対象",$R$15:$R$114)) -> 0
C10: うち、③部分 | E10: =IF(C2="", 0, SUM(S15:S114)) -> 0 | F10: =IF($C$2="", 0, SUMIF($AN$15:$AN$114,"加算対象",$S$15:$S$114)) -> 0
J11: =IF(E6=0, "",IF(COUNTA(基本情報入力シート!$Z$51:$Z$150)=COUNTA(J15:J114),"○","×")) | K11: =IF(E6=0,"",IF(AND(COUNTIF(K15:K114,"要件を満たさない")=0,COUNTA(基本情報入力シート!Z51:AB150)=COUNTIF('様式第１号別紙３（個表） '!K15:K114,"<>")),"○", IF(AND(COUNTIF(K15:K114,"要件を満たさない")>=1,COUNTA(基本情報入力シート!Z51:AB150)=COUNTIF('様式第１号別紙３（個表） '!K15:K114,"<>")),"△","×"))) | L11: =IF(E6=0,"",IF(AND(COUNTIF(L15:L114,"要件を満たさない")=0,COUNTA(基本情報入力シート!Z51:AB150)=COUNTIF(L15:L114,"<>")),"○", IF(AND(COUNTIF(L15:L114,"要件を満たさない")>=1,COUNTA(基本情報入力シート!Z51:AB150)=COUNTIF(L15:L114,"<>")),"△","×")))
A12: 通し番号 | B12: 介護保険事業所番号 | C12: 指定権者名 | D12: 事業所の所在地 | F12: 事業所名 | G12: サービス名 | H12: 令和７年12月の介護報酬総単位数 [単位](a) | I12: １単位あたりの単価[円](b) | J12: ①の要件を満たす | K12: ②の要件を満たす | L12: ③の要件を満たす | M12: 申請する 組み合わせ | N12: 交付率（計）(c) | O12: 基準月 (原則、 令和７年12月） | P12: 補助金の見込額（e）(a×b×c) [円] | T12: =IF(C2="","",IF(OR(COUNTIF(AM15:AM114,"○○×")>0,COUNTIF(AO15:AO114,"×")>0),"×","○")) | U12: ！この欄が「×」の場合、②の要件を満たしているのにも関わらず、③の要件を満たしていないことになっているサービスか、②の要件を満たしていないにもかかわらず、③で「②の要件を満たしている」を選択しているサービスがあります。
Q13: ①部分 | R13: ②部分 | S13: ③部分
D14: 都道府県 | E14: 市区町村 | AG14: 提出先事業所名 | AH14: 要件① | AI14: 要件② | AJ14: 要件③ | AK14: 要件②を満たす | AL14: 要件③を満たす | AM14: 組合せ | AN14: 加算対象サービス | AO14: ②の要件を満たしていないにも関わらず、③で「②の要件を満たしている」と回答している
A15: 1 | B15: =IF(基本情報入力シート!B51="","",基本情報入力シート!B51) | C15: =IF(基本情報入力シート!L51="","",基本情報入力シート!L51) | D15: =IF(基本情報入力シート!Q51="","",基本情報入力シート!Q51) | E15: =IF(基本情報入力シート!V51="","",基本情報入力シート!V51) | F15: =IF(基本情報入力シート!W51="","",基本情報入力シート!W51) | G15: =IF(基本情報入力シート!Z51="","",基本情報入力シート!Z51) | H15: =IFERROR(IF(ROUNDUP($P15/$N15/$I15,0)=0,0,ROUNDUP($P15/$N15/$I15,0)),"") | I15: =IF(基本情報入力シート!AE51="","",基本情報入力シート!AE51) | M15: =IF(G15="", "", VLOOKUP(AM15,【参考】数式用_1!$AZ$3:$BA$6, 2, FALSE)) | N15: =IF(G15="","",VLOOKUP(G15,【参考】数式用_1!$A$4:$L$54,MATCH('様式第１号別紙３（個表） '!M15,【参考】数式用_1!$J$3:$L$3,0)+9,FALSE)) | O15: 令和７年12月 | Q15: =IFERROR(IF(P15="","",ROUNDDOWN(ROUNDDOWN($H15*$I15,0)*VLOOKUP($G15,【参考】数式用_1!$A$4:$E$54,3, FALSE),0)),"") | R15: =IF(AK15="×", 0,IF(P15="","",ROUNDDOWN(ROUNDDOWN($H15*$I15,0)*VLOOKUP($G15,【参考】数式用_1!$A$4:$E$54,4,FALSE),0))) | S15: =IF(AL15="×", 0,IF(P15="","",ROUNDDOWN(ROUNDDOWN($H15*$I15,0)*VLOOKUP($G15,【参考】数式用_1!$A$4:$E$54,5, FALSE),0))) | AG15: =IF(#REF!="○", F15, "") -> #REF! | AH15: =VLOOKUP('様式第１号別紙３（個表） '!$G15,【参考】数式用_1!$P$4:$Q$54,2, FALSE) -> #N/A | AI15: =VLOOKUP('様式第１号別紙３（個表） '!$G15,【参考】数式用_1!$P$4:$W$54,8, FALSE) -> #N/A | AJ15: =VLOOKUP('様式第１号別紙３（個表） '!$G15,【参考】数式用_1!$P$4:$AD$54,15, FALSE) -> #N/A | AK15: =IF(K15="", "", IF(OR(K15="要件を満たさない",K15="―"), "×","○")) | AL15: =IF(L15="", "", IF(OR(L15="要件を満たさない",L15="―"), "×","○")) | AM15: =IF(G15="","", "○"&AK15&AL15) | AN15: =IF(G15="", "", VLOOKUP(G15,【参考】数式用_1!$A$4:$M$54,13,FALSE)) | AO15: =IF(AND(AK15="×",L15="②の要件を満たしている"),"×","―") -> ―
A16: =A15+1 -> 2 | B16: =IF(基本情報入力シート!B52="","",基本情報入力シート!B52) | C16: =IF(基本情報入力シート!L52="","",基本情報入力シート!L52) | D16: =IF(基本情報入力シート!Q52="","",基本情報入力シート!Q52) | E16: =IF(基本情報入力シート!V52="","",基本情報入力シート!V52) | F16: =IF(基本情報入力シート!W52="","",基本情報入力シート!W52) | G16: =IF(基本情報入力シート!Z52="","",基本情報入力シート!Z52) | H16: =IFERROR(IF(ROUNDUP($P16/$N16/$I16,0)=0,0,ROUNDUP($P16/$N16/$I16,0)),"") | I16: =IF(基本情報入力シート!AE52="","",基本情報入力シート!AE52) | M16: =IF(G16="", "", VLOOKUP(AM16,【参考】数式用_1!$AZ$3:$BA$6, 2, FALSE)) | N16: =IF(G16="","",VLOOKUP(G16,【参考】数式用_1!$A$4:$L$54,MATCH('様式第１号別紙３（個表） '!M16,【参考】数式用_1!$J$3:$L$3,0)+9,FALSE)) | O16: 令和７年12月 | Q16: =IFERROR(IF(P16="","",ROUNDDOWN(ROUNDDOWN($H16*$I16,0)*VLOOKUP($G16,【参考】数式用_1!$A$4:$E$54,3, FALSE),0)),"") | R16: =IF(AK16="×", 0,IF(P16="","",ROUNDDOWN(ROUNDDOWN($H16*$I16,0)*VLOOKUP($G16,【参考】数式用_1!$A$4:$E$54,4,FALSE),0))) | S16: =IF(AL16="×", 0,IF(P16="","",ROUNDDOWN(ROUNDDOWN($H16*$I16,0)*VLOOKUP($G16,【参考】数式用_1!$A$4:$E$54,5, FALSE),0))) | AG16: =IF(#REF!="○", F16, "") -> #REF! | AH16: =VLOOKUP('様式第１号別紙３（個表） '!$G16,【参考】数式用_1!$P$4:$Q$54,2, FALSE) -> #N/A | AI16: =VLOOKUP('様式第１号別紙３（個表） '!$G16,【参考】数式用_1!$P$4:$W$54,8, FALSE) -> #N/A | AJ16: =VLOOKUP('様式第１号別紙３（個表） '!$G16,【参考】数式用_1!$P$4:$AD$54,15, FALSE) -> #N/A | AK16: =IF(K16="", "", IF(OR(K16="要件を満たさない",K16="―"), "×","○")) | AL16: =IF(L16="", "", IF(OR(L16="要件を満たさない",L16="―"), "×","○")) | AM16: =IF(G16="","", "○"&AK16&AL16) | AN16: =IF(G16="", "", VLOOKUP(G16,【参考】数式用_1!$A$4:$M$54,13,FALSE)) | AO16: =IF(AND(AK16="×",L16="②の要件を満たしている"),"×","―") -> ―
A17: =A16+1 -> 3 | B17: =IF(基本情報入力シート!B53="","",基本情報入力シート!B53) | C17: =IF(基本情報入力シート!L53="","",基本情報入力シート!L53) | D17: =IF(基本情報入力シート!Q53="","",基本情報入力シート!Q53) | E17: =IF(基本情報入力シート!V53="","",基本情報入力シート!V53) | F17: =IF(基本情報入力シート!W53="","",基本情報入力シート!W53) | G17: =IF(基本情報入力シート!Z53="","",基本情報入力シート!Z53) | H17: =IFERROR(IF(ROUNDUP($P17/$N17/$I17,0)=0,0,ROUNDUP($P17/$N17/$I17,0)),"") | I17: =IF(基本情報入力シート!AE53="","",基本情報入力シート!AE53) | M17: =IF(G17="", "", VLOOKUP(AM17,【参考】数式用_1!$AZ$3:$BA$6, 2, FALSE)) | N17: =IF(G17="","",VLOOKUP(G17,【参考】数式用_1!$A$4:$L$54,MATCH('様式第１号別紙３（個表） '!M17,【参考】数式用_1!$J$3:$L$3,0)+9,FALSE)) | O17: 令和７年12月 | Q17: =IFERROR(IF(P17="","",ROUNDDOWN(ROUNDDOWN($H17*$I17,0)*VLOOKUP($G17,【参考】数式用_1!$A$4:$E$54,3, FALSE),0)),"") | R17: =IF(AK17="×", 0,IF(P17="","",ROUNDDOWN(ROUNDDOWN($H17*$I17,0)*VLOOKUP($G17,【参考】数式用_1!$A$4:$E$54,4,FALSE),0))) | S17: =IF(AL17="×", 0,IF(P17="","",ROUNDDOWN(ROUNDDOWN($H17*$I17,0)*VLOOKUP($G17,【参考】数式用_1!$A$4:$E$54,5, FALSE),0))) | AG17: =IF(#REF!="○", F17, "") -> #REF! | AH17: =VLOOKUP('様式第１号別紙３（個表） '!$G17,【参考】数式用_1!$P$4:$Q$54,2, FALSE) -> #N/A | AI17: =VLOOKUP('様式第１号別紙３（個表） '!$G17,【参考】数式用_1!$P$4:$W$54,8, FALSE) -> #N/A | AJ17: =VLOOKUP('様式第１号別紙３（個表） '!$G17,【参考】数式用_1!$P$4:$AD$54,15, FALSE) -> #N/A | AK17: =IF(K17="", "", IF(OR(K17="要件を満たさない",K17="―"), "×","○")) | AL17: =IF(L17="", "", IF(OR(L17="要件を満たさない",L17="―"), "×","○")) | AM17: =IF(G17="","", "○"&AK17&AL17) | AN17: =IF(G17="", "", VLOOKUP(G17,【参考】数式用_1!$A$4:$M$54,13,FALSE)) | AO17: =IF(AND(AK17="×",L17="②の要件を満たしている"),"×","―") -> ―
A18: =A17+1 -> 4 | B18: =IF(基本情報入力シート!B54="","",基本情報入力シート!B54) | C18: =IF(基本情報入力シート!L54="","",基本情報入力シート!L54) | D18: =IF(基本情報入力シート!Q54="","",基本情報入力シート!Q54) | E18: =IF(基本情報入力シート!V54="","",基本情報入力シート!V54) | F18: =IF(基本情報入力シート!W54="","",基本情報入力シート!W54) | G18: =IF(基本情報入力シート!Z54="","",基本情報入力シート!Z54) | H18: =IFERROR(IF(ROUNDUP($P18/$N18/$I18,0)=0,0,ROUNDUP($P18/$N18/$I18,0)),"") | I18: =IF(基本情報入力シート!AE54="","",基本情報入力シート!AE54) | M18: =IF(G18="", "", VLOOKUP(AM18,【参考】数式用_1!$AZ$3:$BA$6, 2, FALSE)) | N18: =IF(G18="","",VLOOKUP(G18,【参考】数式用_1!$A$4:$L$54,MATCH('様式第１号別紙３（個表） '!M18,【参考】数式用_1!$J$3:$L$3,0)+9,FALSE)) | O18: 令和７年12月 | Q18: =IFERROR(IF(P18="","",ROUNDDOWN(ROUNDDOWN($H18*$I18,0)*VLOOKUP($G18,【参考】数式用_1!$A$4:$E$54,3, FALSE),0)),"") | R18: =IF(AK18="×", 0,IF(P18="","",ROUNDDOWN(ROUNDDOWN($H18*$I18,0)*VLOOKUP($G18,【参考】数式用_1!$A$4:$E$54,4,FALSE),0))) | S18: =IF(AL18="×", 0,IF(P18="","",ROUNDDOWN(ROUNDDOWN($H18*$I18,0)*VLOOKUP($G18,【参考】数式用_1!$A$4:$E$54,5, FALSE),0))) | AG18: =IF(#REF!="○", F18, "") -> #REF! | AH18: =VLOOKUP('様式第１号別紙３（個表） '!$G18,【参考】数式用_1!$P$4:$Q$54,2, FALSE) -> #N/A | AI18: =VLOOKUP('様式第１号別紙３（個表） '!$G18,【参考】数式用_1!$P$4:$W$54,8, FALSE) -> #N/A | AJ18: =VLOOKUP('様式第１号別紙３（個表） '!$G18,【参考】数式用_1!$P$4:$AD$54,15, FALSE) -> #N/A | AK18: =IF(K18="", "", IF(OR(K18="要件を満たさない",K18="―"), "×","○")) | AL18: =IF(L18="", "", IF(OR(L18="要件を満たさない",L18="―"), "×","○")) | AM18: =IF(G18="","", "○"&AK18&AL18) | AN18: =IF(G18="", "", VLOOKUP(G18,【参考】数式用_1!$A$4:$M$54,13,FALSE)) | AO18: =IF(AND(AK18="×",L18="②の要件を満たしている"),"×","―") -> ―
A19: =A18+1 -> 5 | B19: =IF(基本情報入力シート!B55="","",基本情報入力シート!B55) | C19: =IF(基本情報入力シート!L55="","",基本情報入力シート!L55) | D19: =IF(基本情報入力シート!Q55="","",基本情報入力シート!Q55) | E19: =IF(基本情報入力シート!V55="","",基本情報入力シート!V55) | F19: =IF(基本情報入力シート!W55="","",基本情報入力シート!W55) | G19: =IF(基本情報入力シート!Z55="","",基本情報入力シート!Z55) | H19: =IFERROR(IF(ROUNDUP($P19/$N19/$I19,0)=0,0,ROUNDUP($P19/$N19/$I19,0)),"") | I19: =IF(基本情報入力シート!AE55="","",基本情報入力シート!AE55) | M19: =IF(G19="", "", VLOOKUP(AM19,【参考】数式用_1!$AZ$3:$BA$6, 2, FALSE)) | N19: =IF(G19="","",VLOOKUP(G19,【参考】数式用_1!$A$4:$L$54,MATCH('様式第１号別紙３（個表） '!M19,【参考】数式用_1!$J$3:$L$3,0)+9,FALSE)) | O19: 令和７年12月 | Q19: =IFERROR(IF(P19="","",ROUNDDOWN(ROUNDDOWN($H19*$I19,0)*VLOOKUP($G19,【参考】数式用_1!$A$4:$E$54,3, FALSE),0)),"") | R19: =IF(AK19="×", 0,IF(P19="","",ROUNDDOWN(ROUNDDOWN($H19*$I19,0)*VLOOKUP($G19,【参考】数式用_1!$A$4:$E$54,4,FALSE),0))) | S19: =IF(AL19="×", 0,IF(P19="","",ROUNDDOWN(ROUNDDOWN($H19*$I19,0)*VLOOKUP($G19,【参考】数式用_1!$A$4:$E$54,5, FALSE),0))) | AG19: =IF(#REF!="○", F19, "") -> #REF! | AH19: =VLOOKUP('様式第１号別紙３（個表） '!$G19,【参考】数式用_1!$P$4:$Q$54,2, FALSE) -> #N/A | AI19: =VLOOKUP('様式第１号別紙３（個表） '!$G19,【参考】数式用_1!$P$4:$W$54,8, FALSE) -> #N/A | AJ19: =VLOOKUP('様式第１号別紙３（個表） '!$G19,【参考】数式用_1!$P$4:$AD$54,15, FALSE) -> #N/A | AK19: =IF(K19="", "", IF(OR(K19="要件を満たさない",K19="―"), "×","○")) | AL19: =IF(L19="", "", IF(OR(L19="要件を満たさない",L19="―"), "×","○")) | AM19: =IF(G19="","", "○"&AK19&AL19) | AN19: =IF(G19="", "", VLOOKUP(G19,【参考】数式用_1!$A$4:$M$54,13,FALSE)) | AO19: =IF(AND(AK19="×",L19="②の要件を満たしている"),"×","―") -> ―
A20: =A19+1 -> 6 | B20: =IF(基本情報入力シート!B56="","",基本情報入力シート!B56) | C20: =IF(基本情報入力シート!L56="","",基本情報入力シート!L56) | D20: =IF(基本情報入力シート!Q56="","",基本情報入力シート!Q56) | E20: =IF(基本情報入力シート!V56="","",基本情報入力シート!V56) | F20: =IF(基本情報入力シート!W56="","",基本情報入力シート!W56) | G20: =IF(基本情報入力シート!Z56="","",基本情報入力シート!Z56) | H20: =IFERROR(IF(ROUNDUP($P20/$N20/$I20,0)=0,0,ROUNDUP($P20/$N20/$I20,0)),"") | I20: =IF(基本情報入力シート!AE56="","",基本情報入力シート!AE56) | M20: =IF(G20="", "", VLOOKUP(AM20,【参考】数式用_1!$AZ$3:$BA$6, 2, FALSE)) | N20: =IF(G20="","",VLOOKUP(G20,【参考】数式用_1!$A$4:$L$54,MATCH('様式第１号別紙３（個表） '!M20,【参考】数式用_1!$J$3:$L$3,0)+9,FALSE)) | O20: 令和７年12月 | Q20: =IFERROR(IF(P20="","",ROUNDDOWN(ROUNDDOWN($H20*$I20,0)*VLOOKUP($G20,【参考】数式用_1!$A$4:$E$54,3, FALSE),0)),"") | R20: =IF(AK20="×", 0,IF(P20="","",ROUNDDOWN(ROUNDDOWN($H20*$I20,0)*VLOOKUP($G20,【参考】数式用_1!$A$4:$E$54,4,FALSE),0))) | S20: =IF(AL20="×", 0,IF(P20="","",ROUNDDOWN(ROUNDDOWN($H20*$I20,0)*VLOOKUP($G20,【参考】数式用_1!$A$4:$E$54,5, FALSE),0))) | AG20: =IF(#REF!="○", F20, "") -> #REF! | AH20: =VLOOKUP('様式第１号別紙３（個表） '!$G20,【参考】数式用_1!$P$4:$Q$54,2, FALSE) -> #N/A | AI20: =VLOOKUP('様式第１号別紙３（個表） '!$G20,【参考】数式用_1!$P$4:$W$54,8, FALSE) -> #N/A | AJ20: =VLOOKUP('様式第１号別紙３（個表） '!$G20,【参考】数式用_1!$P$4:$AD$54,15, FALSE) -> #N/A | AK20: =IF(K20="", "", IF(OR(K20="要件を満たさない",K20="―"), "×","○")) | AL20: =IF(L20="", "", IF(OR(L20="要件を満たさない",L20="―"), "×","○")) | AM20: =IF(G20="","", "○"&AK20&AL20) | AN20: =IF(G20="", "", VLOOKUP(G20,【参考】数式用_1!$A$4:$M$54,13,FALSE)) | AO20: =IF(AND(AK20="×",L20="②の要件を満たしている"),"×","―") -> ―
A21: =A20+1 -> 7 | B21: =IF(基本情報入力シート!B57="","",基本情報入力シート!B57) | C21: =IF(基本情報入力シート!L57="","",基本情報入力シート!L57) | D21: =IF(基本情報入力シート!Q57="","",基本情報入力シート!Q57) | E21: =IF(基本情報入力シート!V57="","",基本情報入力シート!V57) | F21: =IF(基本情報入力シート!W57="","",基本情報入力シート!W57) | G21: =IF(基本情報入力シート!Z57="","",基本情報入力シート!Z57) | H21: =IFERROR(IF(ROUNDUP($P21/$N21/$I21,0)=0,0,ROUNDUP($P21/$N21/$I21,0)),"") | I21: =IF(基本情報入力シート!AE57="","",基本情報入力シート!AE57) | M21: =IF(G21="", "", VLOOKUP(AM21,【参考】数式用_1!$AZ$3:$BA$6, 2, FALSE)) | N21: =IF(G21="","",VLOOKUP(G21,【参考】数式用_1!$A$4:$L$54,MATCH('様式第１号別紙３（個表） '!M21,【参考】数式用_1!$J$3:$L$3,0)+9,FALSE)) | O21: 令和７年12月 | Q21: =IFERROR(IF(P21="","",ROUNDDOWN(ROUNDDOWN($H21*$I21,0)*VLOOKUP($G21,【参考】数式用_1!$A$4:$E$54,3, FALSE),0)),"") | R21: =IF(AK21="×", 0,IF(P21="","",ROUNDDOWN(ROUNDDOWN($H21*$I21,0)*VLOOKUP($G21,【参考】数式用_1!$A$4:$E$54,4,FALSE),0))) | S21: =IF(AL21="×", 0,IF(P21="","",ROUNDDOWN(ROUNDDOWN($H21*$I21,0)*VLOOKUP($G21,【参考】数式用_1!$A$4:$E$54,5, FALSE),0))) | AG21: =IF(#REF!="○", F21, "") -> #REF! | AH21: =VLOOKUP('様式第１号別紙３（個表） '!$G21,【参考】数式用_1!$P$4:$Q$54,2, FALSE) -> #N/A | AI21: =VLOOKUP('様式第１号別紙３（個表） '!$G21,【参考】数式用_1!$P$4:$W$54,8, FALSE) -> #N/A | AJ21: =VLOOKUP('様式第１号別紙３（個表） '!$G21,【参考】数式用_1!$P$4:$AD$54,15, FALSE) -> #N/A | AK21: =IF(K21="", "", IF(OR(K21="要件を満たさない",K21="―"), "×","○")) | AL21: =IF(L21="", "", IF(OR(L21="要件を満たさない",L21="―"), "×","○")) | AM21: =IF(G21="","", "○"&AK21&AL21) | AN21: =IF(G21="", "", VLOOKUP(G21,【参考】数式用_1!$A$4:$M$54,13,FALSE)) | AO21: =IF(AND(AK21="×",L21="②の要件を満たしている"),"×","―") -> ―
A22: =A21+1 -> 8 | B22: =IF(基本情報入力シート!B58="","",基本情報入力シート!B58) | C22: =IF(基本情報入力シート!L58="","",基本情報入力シート!L58) | D22: =IF(基本情報入力シート!Q58="","",基本情報入力シート!Q58) | E22: =IF(基本情報入力シート!V58="","",基本情報入力シート!V58) | F22: =IF(基本情報入力シート!W58="","",基本情報入力シート!W58) | G22: =IF(基本情報入力シート!Z58="","",基本情報入力シート!Z58) | H22: =IFERROR(IF(ROUNDUP($P22/$N22/$I22,0)=0,0,ROUNDUP($P22/$N22/$I22,0)),"") | I22: =IF(基本情報入力シート!AE58="","",基本情報入力シート!AE58) | M22: =IF(G22="", "", VLOOKUP(AM22,【参考】数式用_1!$AZ$3:$BA$6, 2, FALSE)) | N22: =IF(G22="","",VLOOKUP(G22,【参考】数式用_1!$A$4:$L$54,MATCH('様式第１号別紙３（個表） '!M22,【参考】数式用_1!$J$3:$L$3,0)+9,FALSE)) | O22: 令和７年12月 | Q22: =IFERROR(IF(P22="","",ROUNDDOWN(ROUNDDOWN($H22*$I22,0)*VLOOKUP($G22,【参考】数式用_1!$A$4:$E$54,3, FALSE),0)),"") | R22: =IF(AK22="×", 0,IF(P22="","",ROUNDDOWN(ROUNDDOWN($H22*$I22,0)*VLOOKUP($G22,【参考】数式用_1!$A$4:$E$54,4,FALSE),0))) | S22: =IF(AL22="×", 0,IF(P22="","",ROUNDDOWN(ROUNDDOWN($H22*$I22,0)*VLOOKUP($G22,【参考】数式用_1!$A$4:$E$54,5, FALSE),0))) | AG22: =IF(#REF!="○", F22, "") -> #REF! | AH22: =VLOOKUP('様式第１号別紙３（個表） '!$G22,【参考】数式用_1!$P$4:$Q$54,2, FALSE) -> #N/A | AI22: =VLOOKUP('様式第１号別紙３（個表） '!$G22,【参考】数式用_1!$P$4:$W$54,8, FALSE) -> #N/A | AJ22: =VLOOKUP('様式第１号別紙３（個表） '!$G22,【参考】数式用_1!$P$4:$AD$54,15, FALSE) -> #N/A | AK22: =IF(K22="", "", IF(OR(K22="要件を満たさない",K22="―"), "×","○")) | AL22: =IF(L22="", "", IF(OR(L22="要件を満たさない",L22="―"), "×","○")) | AM22: =IF(G22="","", "○"&AK22&AL22) | AN22: =IF(G22="", "", VLOOKUP(G22,【参考】数式用_1!$A$4:$M$54,13,FALSE)) | AO22: =IF(AND(AK22="×",L22="②の要件を満たしている"),"×","―") -> ―
A23: =A22+1 -> 9 | B23: =IF(基本情報入力シート!B59="","",基本情報入力シート!B59) | C23: =IF(基本情報入力シート!L59="","",基本情報入力シート!L59) | D23: =IF(基本情報入力シート!Q59="","",基本情報入力シート!Q59) | E23: =IF(基本情報入力シート!V59="","",基本情報入力シート!V59) | F23: =IF(基本情報入力シート!W59="","",基本情報入力シート!W59) | G23: =IF(基本情報入力シート!Z59="","",基本情報入力シート!Z59) | H23: =IFERROR(IF(ROUNDUP($P23/$N23/$I23,0)=0,0,ROUNDUP($P23/$N23/$I23,0)),"") | I23: =IF(基本情報入力シート!AE59="","",基本情報入力シート!AE59) | M23: =IF(G23="", "", VLOOKUP(AM23,【参考】数式用_1!$AZ$3:$BA$6, 2, FALSE)) | N23: =IF(G23="","",VLOOKUP(G23,【参考】数式用_1!$A$4:$L$54,MATCH('様式第１号別紙３（個表） '!M23,【参考】数式用_1!$J$3:$L$3,0)+9,FALSE)) | O23: 令和７年12月 | Q23: =IFERROR(IF(P23="","",ROUNDDOWN(ROUNDDOWN($H23*$I23,0)*VLOOKUP($G23,【参考】数式用_1!$A$4:$E$54,3, FALSE),0)),"") | R23: =IF(AK23="×", 0,IF(P23="","",ROUNDDOWN(ROUNDDOWN($H23*$I23,0)*VLOOKUP($G23,【参考】数式用_1!$A$4:$E$54,4,FALSE),0))) | S23: =IF(AL23="×", 0,IF(P23="","",ROUNDDOWN(ROUNDDOWN($H23*$I23,0)*VLOOKUP($G23,【参考】数式用_1!$A$4:$E$54,5, FALSE),0))) | AG23: =IF(#REF!="○", F23, "") -> #REF! | AH23: =VLOOKUP('様式第１号別紙３（個表） '!$G23,【参考】数式用_1!$P$4:$Q$54,2, FALSE) -> #N/A | AI23: =VLOOKUP('様式第１号別紙３（個表） '!$G23,【参考】数式用_1!$P$4:$W$54,8, FALSE) -> #N/A | AJ23: =VLOOKUP('様式第１号別紙３（個表） '!$G23,【参考】数式用_1!$P$4:$AD$54,15, FALSE) -> #N/A | AK23: =IF(K23="", "", IF(OR(K23="要件を満たさない",K23="―"), "×","○")) | AL23: =IF(L23="", "", IF(OR(L23="要件を満たさない",L23="―"), "×","○")) | AM23: =IF(G23="","", "○"&AK23&AL23) | AN23: =IF(G23="", "", VLOOKUP(G23,【参考】数式用_1!$A$4:$M$54,13,FALSE)) | AO23: =IF(AND(AK23="×",L23="②の要件を満たしている"),"×","―") -> ―
A24: =A23+1 -> 10 | B24: =IF(基本情報入力シート!B60="","",基本情報入力シート!B60) | C24: =IF(基本情報入力シート!L60="","",基本情報入力シート!L60) | D24: =IF(基本情報入力シート!Q60="","",基本情報入力シート!Q60) | E24: =IF(基本情報入力シート!V60="","",基本情報入力シート!V60) | F24: =IF(基本情報入力シート!W60="","",基本情報入力シート!W60) | G24: =IF(基本情報入力シート!Z60="","",基本情報入力シート!Z60) | H24: =IFERROR(IF(ROUNDUP($P24/$N24/$I24,0)=0,0,ROUNDUP($P24/$N24/$I24,0)),"") | I24: =IF(基本情報入力シート!AE60="","",基本情報入力シート!AE60) | M24: =IF(G24="", "", VLOOKUP(AM24,【参考】数式用_1!$AZ$3:$BA$6, 2, FALSE)) | N24: =IF(G24="","",VLOOKUP(G24,【参考】数式用_1!$A$4:$L$54,MATCH('様式第１号別紙３（個表） '!M24,【参考】数式用_1!$J$3:$L$3,0)+9,FALSE)) | O24: 令和７年12月 | Q24: =IFERROR(IF(P24="","",ROUNDDOWN(ROUNDDOWN($H24*$I24,0)*VLOOKUP($G24,【参考】数式用_1!$A$4:$E$54,3, FALSE),0)),"") | R24: =IF(AK24="×", 0,IF(P24="","",ROUNDDOWN(ROUNDDOWN($H24*$I24,0)*VLOOKUP($G24,【参考】数式用_1!$A$4:$E$54,4,FALSE),0))) | S24: =IF(AL24="×", 0,IF(P24="","",ROUNDDOWN(ROUNDDOWN($H24*$I24,0)*VLOOKUP($G24,【参考】数式用_1!$A$4:$E$54,5, FALSE),0))) | AG24: =IF(#REF!="○", F24, "") -> #REF! | AH24: =VLOOKUP('様式第１号別紙３（個表） '!$G24,【参考】数式用_1!$P$4:$Q$54,2, FALSE) -> #N/A | AI24: =VLOOKUP('様式第１号別紙３（個表） '!$G24,【参考】数式用_1!$P$4:$W$54,8, FALSE) -> #N/A | AJ24: =VLOOKUP('様式第１号別紙３（個表） '!$G24,【参考】数式用_1!$P$4:$AD$54,15, FALSE) -> #N/A | AK24: =IF(K24="", "", IF(OR(K24="要件を満たさない",K24="―"), "×","○")) | AL24: =IF(L24="", "", IF(OR(L24="要件を満たさない",L24="―"), "×","○")) | AM24: =IF(G24="","", "○"&AK24&AL24) | AN24: =IF(G24="", "", VLOOKUP(G24,【参考】数式用_1!$A$4:$M$54,13,FALSE)) | AO24: =IF(AND(AK24="×",L24="②の要件を満たしている"),"×","―") -> ―
A25: =A24+1 -> 11 | B25: =IF(基本情報入力シート!B61="","",基本情報入力シート!B61) | C25: =IF(基本情報入力シート!L61="","",基本情報入力シート!L61) | D25: =IF(基本情報入力シート!Q61="","",基本情報入力シート!Q61) | E25: =IF(基本情報入力シート!V61="","",基本情報入力シート!V61) | F25: =IF(基本情報入力シート!W61="","",基本情報入力シート!W61) | G25: =IF(基本情報入力シート!Z61="","",基本情報入力シート!Z61) | H25: =IFERROR(IF(ROUNDUP($P25/$N25/$I25,0)=0,0,ROUNDUP($P25/$N25/$I25,0)),"") | I25: =IF(基本情報入力シート!AE61="","",基本情報入力シート!AE61) | M25: =IF(G25="", "", VLOOKUP(AM25,【参考】数式用_1!$AZ$3:$BA$6, 2, FALSE)) | N25: =IF(G25="","",VLOOKUP(G25,【参考】数式用_1!$A$4:$L$54,MATCH('様式第１号別紙３（個表） '!M25,【参考】数式用_1!$J$3:$L$3,0)+9,FALSE)) | O25: 令和７年12月 | Q25: =IFERROR(IF(P25="","",ROUNDDOWN(ROUNDDOWN($H25*$I25,0)*VLOOKUP($G25,【参考】数式用_1!$A$4:$E$54,3, FALSE),0)),"") | R25: =IF(AK25="×", 0,IF(P25="","",ROUNDDOWN(ROUNDDOWN($H25*$I25,0)*VLOOKUP($G25,【参考】数式用_1!$A$4:$E$54,4,FALSE),0))) | S25: =IF(AL25="×", 0,IF(P25="","",ROUNDDOWN(ROUNDDOWN($H25*$I25,0)*VLOOKUP($G25,【参考】数式用_1!$A$4:$E$54,5, FALSE),0))) | AG25: =IF(#REF!="○", F25, "") -> #REF! | AH25: =VLOOKUP('様式第１号別紙３（個表） '!$G25,【参考】数式用_1!$P$4:$Q$54,2, FALSE) -> #N/A | AI25: =VLOOKUP('様式第１号別紙３（個表） '!$G25,【参考】数式用_1!$P$4:$W$54,8, FALSE) -> #N/A | AJ25: =VLOOKUP('様式第１号別紙３（個表） '!$G25,【参考】数式用_1!$P$4:$AD$54,15, FALSE) -> #N/A | AK25: =IF(K25="", "", IF(OR(K25="要件を満たさない",K25="―"), "×","○")) | AL25: =IF(L25="", "", IF(OR(L25="要件を満たさない",L25="―"), "×","○")) | AM25: =IF(G25="","", "○"&AK25&AL25) | AN25: =IF(G25="", "", VLOOKUP(G25,【参考】数式用_1!$A$4:$M$54,13,FALSE)) | AO25: =IF(AND(AK25="×",L25="②の要件を満たしている"),"×","―") -> ―
A26: =A25+1 -> 12 | B26: =IF(基本情報入力シート!B62="","",基本情報入力シート!B62) | C26: =IF(基本情報入力シート!L62="","",基本情報入力シート!L62) | D26: =IF(基本情報入力シート!Q62="","",基本情報入力シート!Q62) | E26: =IF(基本情報入力シート!V62="","",基本情報入力シート!V62) | F26: =IF(基本情報入力シート!W62="","",基本情報入力シート!W62) | G26: =IF(基本情報入力シート!Z62="","",基本情報入力シート!Z62) | H26: =IFERROR(IF(ROUNDUP($P26/$N26/$I26,0)=0,0,ROUNDUP($P26/$N26/$I26,0)),"") | I26: =IF(基本情報入力シート!AE62="","",基本情報入力シート!AE62) | M26: =IF(G26="", "", VLOOKUP(AM26,【参考】数式用_1!$AZ$3:$BA$6, 2, FALSE)) | N26: =IF(G26="","",VLOOKUP(G26,【参考】数式用_1!$A$4:$L$54,MATCH('様式第１号別紙３（個表） '!M26,【参考】数式用_1!$J$3:$L$3,0)+9,FALSE)) | O26: 令和７年12月 | Q26: =IFERROR(IF(P26="","",ROUNDDOWN(ROUNDDOWN($H26*$I26,0)*VLOOKUP($G26,【参考】数式用_1!$A$4:$E$54,3, FALSE),0)),"") | R26: =IF(AK26="×", 0,IF(P26="","",ROUNDDOWN(ROUNDDOWN($H26*$I26,0)*VLOOKUP($G26,【参考】数式用_1!$A$4:$E$54,4,FALSE),0))) | S26: =IF(AL26="×", 0,IF(P26="","",ROUNDDOWN(ROUNDDOWN($H26*$I26,0)*VLOOKUP($G26,【参考】数式用_1!$A$4:$E$54,5, FALSE),0))) | AG26: =IF(#REF!="○", F26, "") -> #REF! | AH26: =VLOOKUP('様式第１号別紙３（個表） '!$G26,【参考】数式用_1!$P$4:$Q$54,2, FALSE) -> #N/A | AI26: =VLOOKUP('様式第１号別紙３（個表） '!$G26,【参考】数式用_1!$P$4:$W$54,8, FALSE) -> #N/A | AJ26: =VLOOKUP('様式第１号別紙３（個表） '!$G26,【参考】数式用_1!$P$4:$AD$54,15, FALSE) -> #N/A | AK26: =IF(K26="", "", IF(OR(K26="要件を満たさない",K26="―"), "×","○")) | AL26: =IF(L26="", "", IF(OR(L26="要件を満たさない",L26="―"), "×","○")) | AM26: =IF(G26="","", "○"&AK26&AL26) | AN26: =IF(G26="", "", VLOOKUP(G26,【参考】数式用_1!$A$4:$M$54,13,FALSE)) | AO26: =IF(AND(AK26="×",L26="②の要件を満たしている"),"×","―") -> ―
A27: =A26+1 -> 13 | B27: =IF(基本情報入力シート!B63="","",基本情報入力シート!B63) | C27: =IF(基本情報入力シート!L63="","",基本情報入力シート!L63) | D27: =IF(基本情報入力シート!Q63="","",基本情報入力シート!Q63) | E27: =IF(基本情報入力シート!V63="","",基本情報入力シート!V63) | F27: =IF(基本情報入力シート!W63="","",基本情報入力シート!W63) | G27: =IF(基本情報入力シート!Z63="","",基本情報入力シート!Z63) | H27: =IFERROR(IF(ROUNDUP($P27/$N27/$I27,0)=0,0,ROUNDUP($P27/$N27/$I27,0)),"") | I27: =IF(基本情報入力シート!AE63="","",基本情報入力シート!AE63) | M27: =IF(G27="", "", VLOOKUP(AM27,【参考】数式用_1!$AZ$3:$BA$6, 2, FALSE)) | N27: =IF(G27="","",VLOOKUP(G27,【参考】数式用_1!$A$4:$L$54,MATCH('様式第１号別紙３（個表） '!M27,【参考】数式用_1!$J$3:$L$3,0)+9,FALSE)) | O27: 令和７年12月 | Q27: =IFERROR(IF(P27="","",ROUNDDOWN(ROUNDDOWN($H27*$I27,0)*VLOOKUP($G27,【参考】数式用_1!$A$4:$E$54,3, FALSE),0)),"") | R27: =IF(AK27="×", 0,IF(P27="","",ROUNDDOWN(ROUNDDOWN($H27*$I27,0)*VLOOKUP($G27,【参考】数式用_1!$A$4:$E$54,4,FALSE),0))) | S27: =IF(AL27="×", 0,IF(P27="","",ROUNDDOWN(ROUNDDOWN($H27*$I27,0)*VLOOKUP($G27,【参考】数式用_1!$A$4:$E$54,5, FALSE),0))) | AG27: =IF(#REF!="○", F27, "") -> #REF! | AH27: =VLOOKUP('様式第１号別紙３（個表） '!$G27,【参考】数式用_1!$P$4:$Q$54,2, FALSE) -> #N/A | AI27: =VLOOKUP('様式第１号別紙３（個表） '!$G27,【参考】数式用_1!$P$4:$W$54,8, FALSE) -> #N/A | AJ27: =VLOOKUP('様式第１号別紙３（個表） '!$G27,【参考】数式用_1!$P$4:$AD$54,15, FALSE) -> #N/A | AK27: =IF(K27="", "", IF(OR(K27="要件を満たさない",K27="―"), "×","○")) | AL27: =IF(L27="", "", IF(OR(L27="要件を満たさない",L27="―"), "×","○")) | AM27: =IF(G27="","", "○"&AK27&AL27) | AN27: =IF(G27="", "", VLOOKUP(G27,【参考】数式用_1!$A$4:$M$54,13,FALSE)) | AO27: =IF(AND(AK27="×",L27="②の要件を満たしている"),"×","―") -> ―
... A114: =A113+1 -> 100 | B114: =IF(基本情報入力シート!B150="","",基本情報入力シート!B150) | C114: =IF(基本情報入力シート!L150="","",基本情報入力シート!L150) | D114: =IF(基本情報入力シート!Q150="","",基本情報入力シート!Q150) | E114: =IF(基本情報入力シート!V150="","",基本情報入力シート!V150) | F114: =IF(基本情報入力シート!W150="","",基本情報入力シート!W150) | G114: =IF(基本情報入力シート!Z150="","",基本情報入力シート!Z150) | H114: =IFERROR(IF(ROUNDUP($P114/$N114/$I114,0)=0,0,ROUNDUP($P114/$N114/$I114,0)),"") | I114: =IF(基本情報入力シート!AE150="","",基本情報入力シート!AE150) | M114: =IF(G114="", "", VLOOKUP(AM114,【参考】数式用_1!$AZ$3:$BA$6, 2, FALSE)) | N114: =IF(G114="","",VLOOKUP(G114,【参考】数式用_1!$A$4:$L$54,MATCH('様式第１号別紙３（個表） '!M114,【参考】数式用_1!$J$3:$L$3,0)+9,FALSE)) | O114: 令和７年12月 | Q114: =IFERROR(IF(P114="","",ROUNDDOWN(ROUNDDOWN($H114*$I114,0)*VLOOKUP($G114,【参考】数式用_1!$A$4:$E$54,3, FALSE),0)),"") | R114: =IF(AK114="×", 0,IF(P114="","",ROUNDDOWN(ROUNDDOWN($H114*$I114,0)*VLOOKUP($G114,【参考】数式用_1!$A$4:$E$54,4,FALSE),0))) | S114: =IF(AL114="×", 0,IF(P114="","",ROUNDDOWN(ROUNDDOWN($H114*$I114,0)*VLOOKUP($G114,【参考】数式用_1!$A$4:$E$54,5, FALSE),0))) | AG114: =IF(#REF!="○", F114, "") -> #REF! | AH114: =VLOOKUP('様式第１号別紙３（個表） '!$G114,【参考】数式用_1!$P$4:$Q$54,2, FALSE) -> #N/A | AI114: =VLOOKUP('様式第１号別紙３（個表） '!$G114,【参考】数式用_1!$P$4:$W$54,8, FALSE) -> #N/A | AJ114: =VLOOKUP('様式第１号別紙３（個表） '!$G114,【参考】数式用_1!$P$4:$AD$54,15, FALSE) -> #N/A | AK114: =IF(K114="", "", IF(OR(K114="要件を満たさない",K114="―"), "×","○")) | AL114: =IF(L114="", "", IF(OR(L114="要件を満たさない",L114="―"), "×","○")) | AM114: =IF(G114="","", "○"&AK114&AL114) | AN114: =IF(G114="", "", VLOOKUP(G114,【参考】数式用_1!$A$4:$M$54,13,FALSE)) | AO114: =IF(AND(AK114="×",L114="②の要件を満たしている"),"×","―") -> ―

Sheet 様式第２号別紙変更届様式
A1: 様式第２号別紙
A3: 変更に係る届出書（令和７年度介護施設等経営改善・従事者処遇改善等緊急支援事業 （介護分野の職員の賃上げ・職場環境改善支援事業））
A5: 基本情報
A7: フリガナ | E7: =IF(基本情報入力シート!L17="","",基本情報入力シート!L17)
A8: 法人名 | E8: =IF(基本情報入力シート!L18="","",基本情報入力シート!L18)
A9: 法人所在地 | E9: 〒 | F9: =IF(基本情報入力シート!AN20="－","",基本情報入力シート!AN20) -> -
E10: =IF(基本情報入力シート!L20="","",基本情報入力シート!L20)
E11: =IF(基本情報入力シート!L21="","",基本情報入力シート!L21)
A12: フリガナ | E12: =IF(基本情報入力シート!L25="","",基本情報入力シート!L25)
A13: 書類作成担当者 | E13: =IF(基本情報入力シート!L26="","",基本情報入力シート!L26)
A14: 連絡先 | E14: 電話番号 | H14: =IF(基本情報入力シート!L27="","",基本情報入力シート!L27) | R14: E-mail | V14: =IF(基本情報入力シート!L28="","",基本情報入力シート!L28)
A16: 令和７年度介護施設等経営改善・従事者処遇改善等緊急支援事業（介護分野の職員の賃上げ・職場環境改善支援事業）に係る計画書の内容について、次のとおり変更するので、必要書類を添えて届け出ます。
A18: １変更が生じた日 | E18: 令和 | G18: =基本情報入力シート!J35 -> 8 | I18: 年 | J18: =IF(基本情報入力シート!O35="","",基本情報入力シート!O35) | L18: 月 | M18: =IF(基本情報入力シート!T35="","",基本情報入力シート!T35) | O18: 日
A19: ２ 変更の概要 | E19: ='様式第2号（別表第２関係)'!E21 -> ---------------選択してください---------------
C22: 令和 | E22: =基本情報入力シート!J35 -> 8 | F22: 年 | G22: =IF(基本情報入力シート!O35="","",基本情報入力シート!O35) | I22: 月 | J22: =IF(基本情報入力シート!T35="","",基本情報入力シート!T35) | L22: 日 | O22: （法人名） | T22: =IF(基本情報入力シート!L18="","",基本情報入力シート!L18)
O23: （代表者名） | T23: =IF(基本情報入力シート!L23="","",基本情報入力シート!L23)

Sheet 様式第2号（別表第２関係)
B1: 様式第２号（別表第２関係）
AP2: 入力欄
AL3: =IF(AQ15="","番 号",AQ15) -> 番 号 | AQ3: 太枠に囲まれた箇所を入力すると、様式に自動反映されます
AL4: =基本情報入力シート!AN35 -> 令和8年月日
C5: 岩手県知事 様 | AP5: ①交付決定月日 | AR5: 月 | AT5: 日 | AU5: 交付決定通知書の知事名の左上に記載された月日
H7: 申請者 法人本店所在地 | AL7: =IF(基本情報入力シート!L20="","",基本情報入力シート!L20) | AP7: ②交付決定番号 | AQ7: 岩手県指令長第 | AT7: - | AV7: 号 | AW7: 交付決定通知書の右上に記載された番号
AL8: =IF(基本情報入力シート!L21="","",基本情報入力シート!L21)
H9: 法人名 | AL9: =IF(基本情報入力シート!L18="","",基本情報入力シート!L18) | AP9: ③変更の理由 | AQ9: ---------------選択してください--------------- | AZ9: どちらかひとつを選択
H10: 代表者職・氏名 | AL10: =IF(基本情報入力シート!L22="","",基本情報入力シート!L22&" "&基本情報入力シート!L23) | AQ10: 交付金額（国保連算出額）＞当初交付決定額の場合→「上回った」を選択
AQ11: 交付金額（国保連算出額）＜当初交付決定額の場合→「下回った」を選択
C13: 令和７年度介護施設等経営改善・従事者処遇改善等緊急支援事業費補助金
C14: （介護分野の職員の賃上げ・職場環境改善支援事業） | AP14: ※社内の決済番号がある場合のみ入力してください
C15: 変更（中止、廃止）承認申請書 | AP15: 社内決済番号
C16: =AQ30&AQ31&AQ32 -> 令和8年月日付け岩手県指令長第-号で交付決定の通知がありました標記事業
C17: について、下記により変更（中止、廃止）したいので、承認されるよう関係書類を添えて申
C18: 請します。
S19: 記
C20: １ 変更（中止、廃止）の理由
E21: =AQ9 -> ---------------選択してください---------------
C24: ２ 添付書類
D25: (１) | F25: 変更に係る届出書（令和７年度介護施設等経営改善・従事者処遇改善等緊急支
F26: 援事業（介護分野の職員の賃上げ・職場環境改善支援事業））
F27: （様式第２号別紙）
D28: (２) | F28: 会社法（平成17年法律第86号）の規定による吸収合併、新設合併等により、計画
E29: 書の作成単位が変更となる場合は、当該事実発生までの賃金改善の実績及び承継後の
E30: 賃金改善に関する内容が分かる書類 | AP30: 本文1 | AQ30: =" 令和8年"&AQ5&AR5&AS5&AT5&"付け" -> 令和8年月日付け
D31: (３) | F31: 複数の介護サービス事業所等について一括して申請を行う事業者において、当該申 | AP31: 本文2 | AQ31: =AQ7&AS7&AT7&AU7&AV7 -> 岩手県指令長第-号
E32: 請に関係する介護サービス事業所等に変更（廃止等の事由による。）があった場合、様 | AP32: 本文3 | AQ32: で交付決定の通知がありました標記事業
E33: 式第１号別紙１並びに様式第１号別紙２に加えて、様式第１号別紙３ | AP33: 変更の理由 | AQ33: ---------------選択してください---------------
D34: (４) | F34: 就業規則を改訂（介護職員の処遇に関する内容に限る。）した場合、当該改訂の概要 | AQ34: 交付金額が当初の予定を上回ったことによる計画変更
E35: が分かる書類 | AQ35: 交付金額が当初の予定を下回ったことによる計画変更
D36: (５) | F36: その他知事が必要と認める書類

Sheet 様式第３号別紙１（補助金　総括表）
A1: 様式第３号別紙１（補助金） | Z1: 提出先 | AC1: =IF(基本情報入力シート!C13<>"", 基本情報入力シート!C13, "") -> 岩手県 | AW1: =B44&D44&F44&G44&I44&J44&L44 -> 令和8年月日
A3: 令和７年度介護施設等経営改善・従事者処遇改善等緊急支援事業 （介護分野の職員の賃上げ・職場環境改善支援事業）実績報告書
A5: １ 基本情報
A6: フリガナ | G6: =IF(基本情報入力シート!L17="","",基本情報入力シート!L17)
A7: 法人名 | G7: =IF(基本情報入力シート!L18="","",基本情報入力シート!L18)
A8: 法人所在地 | G8: 〒 | H8: =IF(基本情報入力シート!AN20="－","",基本情報入力シート!AN20) -> -
G9: =IF(基本情報入力シート!L20="","",基本情報入力シート!L20)
G10: =IF(基本情報入力シート!L21="","",基本情報入力シート!L21)
A11: フリガナ | G11: =IF(基本情報入力シート!L25="","",基本情報入力シート!L25)
A12: 書類作成担当者 | G12: =IF(基本情報入力シート!L26="","",基本情報入力シート!L26)
A13: 連絡先 | G13: 電話番号 | K13: =IF(基本情報入力シート!L27="","",基本情報入力シート!L27) | U13: E-mail | Y13: =IF(基本情報入力シート!L28="","",基本情報入力シート!L28)
A15: ２ 実績報告について
A16: A 補助金の総額（BとCの合計がA以上となること） | Z16: ='様式第３号別紙２（補助金 個票）'!F5 -> 0 | AG16: 円 | AI16: =IF(G7="", "", IF(SUM(Z18:AF19)>=Z16, "○", "×")) | AK16: ！この欄が○でない場合、賃金改善と職場環境改善の所要額の和が補助金総額以上になっていません。
B17: 賃金改善経費分（①及び②。Bが①と②の合計以上となること） | Z17: ='様式第３号別紙２（補助金 個票）'!F6 -> 0 | AG17: 円 | AI17: =IF(G8="", "", IF(Z18>=Z17, "○", "×")) -> ○
A18: B 賃金改善の所要額（①及び②並びに③（賃金改善に充てた額に限る。）） | AG18: 円
A19: C 職場環境改善の所要額（（ア）～（ウ）の合計） （③のうち、職場環境改善に充てた額） | Z19: =SUM(Z20:AF22) -> 0 | AG19: 円
L20: （ア）研修費 | AG20: 円
L21: （イ）介護助手等の募集経費 | AG21: 円
L22: （ウ）その他の金額 | AG22: 円
A23: D（ウ）「その他の金額」に記載した場合の使途
A24: 対象となる要件 | AI24: =IF(G7="", "", IF(AND(Z22>0, A25=""), "×", "○"))
AK25: ！③（ウ）「その他の金額」に記載されていますが、使途分類が選択されていない又は備考欄に記載がありません。
A26: 【記入上の注意】 ・ 本様式では下記の要件を確認しており、オレンジセルが「○」でない場合、補助金の交付要件を満たしていない。 Ⅰ補助金による賃金改善及び職場環境改善の総額が補助金による収入額以上となること。 Ⅱ補助金による賃金改善の総額が補助金による賃金改善経費分以上となること。 Ⅲ職場環境改善を、研修費、介護助手等の募集経費以外に充てた場合、その使途を記載すること。 ・ ②「賃金改善の所要額」には、補助金により賃金改善を行った場合の法定福利費等の事業主負担の増加分を含めることができる。 ・ 「その他の金額」には、補助金の要件である「現場の課題の見える化」、「業務内容の明確化と役割分担」、又は「業務改善活動の体制構築」に関する 取組を実施するための費用のうち、介護テクノロジー等の機器購入費用でないもの（専門家の派遣費用、会議費等）のみ充当することができる。 ・ 「その他の金額」に記載した場合において、対象となる要件が複数ある場合は、プルダウンでは主な対象となる要件を選択し、 その他の要件については、備考欄に記載すること。 ・ 本補助金を、介護テクノロジー等の機器購入費用に充てることはできないため、 そのような使用が都道府県によって確認された場合、チェックリストに○がついていても、要件を満たしていないと審査される可能性がある。
A28: ３ 要件について
B29: ①申請時に処遇改善加算の算定又は処遇改善加算に準ずる要件を満たすことを誓約した場合、本実績報告書の提出までに対応しました。 | AI29: =IF(Z16=0,"",IF(A29="","×","○"))
B30: ②申請時にケアプランデータ連携システムへの加入又は生産性向上推進体制加算の算定を誓約した場合、本実績報告書の提出までに対応しました。 | AI30: =IF(Z16=0,"",IF(A30="","×","○"))
B31: ③申請時に職場環境改善の取組を行うことを誓約した場合、本実績報告書の提出までに対応しました。 | AI31: =IF(Z16=0,"",IF(A31="","×","○"))
B32: 補助金を賃金改善に使用した場合、補助金以外の部分で賃金水準を引き下げていません。 | AI32: =IF(Z16=0,"",IF(A32="","×","○"))
A33: 【記入上の注意】 ・ やむを得ない事情により補助金以外の部分で賃金水準を引き下げた場合、下記備考欄に経緯の概要を記載すること。 （例：事業規模の縮小に伴う職員数・賃金総額の減少等）
A34: 備考欄
A37: ４ 職場環境改善経費の消費税仕入控除税額について
B38: 職場環境改善経費に消費税額を含めていない、又は消費税仕入控除税額を除外しています。 職場環境改善経費に消費税額を含めており、かつ控除税額が報告書作成時に未確定の場合は、確定後に都道府県指定の様式で報告することを理解しました。 | AI38: =IF(Z16=0,"",IF(A38="","×","○"))
A40: ５ 記載内容に虚偽がないことの誓約 | AI40: =IF(G7="", "", IF(AND(B42="✓",AND(G44<>"",J44<>"",Q44<>"",S45<>"",Z45<>"")),"○","×")) | AK40: ！この欄が×の場合、チェックが入っていない項目か、空欄の項目があります。
D42: 実績報告書の記載内容に虚偽がないこと及び記載内容を証明する資料を適切に保管していることを誓約します。 | AQ42: 誓約日結合
B44: 令和 | D44: 8 | F44: 年 | I44: 月 | L44: 日 | N44: 法人名 | Q44: =IF(基本情報入力シート!L18="","", 基本情報入力シート!L18) | AQ44: ="令和8年"&G44&"月"&J44&"日" -> 令和8年月日
N45: 代表者 | Q45: 職名 | S45: =IF(基本情報入力シート!L22="","", 基本情報入力シート!L22) | X45: 氏名 | Z45: =IF(基本情報入力シート!L23="","", 基本情報入力シート!L23)
A47: 【記入上の注意】 ・ 各証明資料は、指定権者からの求めがあった場合には、速やかに提出すること。 ・ 本表への虚偽記載の他、補助金の請求に関して不正があった場合は、補助金を返還することとなる場合がある。
A49: （確認用）提出前のチェックリスト
A50: 以下の項目に「×」がないか、提出前に確認すること。「×」がある場合、当該項目の記載を修正すること。
A52: ２ 実績報告について
A53: 賃金改善及び職場環境改善改善の所要額の和が補助金の総額以上となること | AJ53: =AI16
A54: 賃金改善の所要額が補助金の賃金改善経費分の総額以上となること | AJ54: =AI17 -> ○
A55: 職場環境改善を、研修費、介護助手等の募集経費以外に充てた場合、具体的な使途を記載していること | AJ55: =AI24
A57: ３ 要件について
A58: ①申請時に処遇改善加算の算定又は処遇改善加算に準ずる要件を満たすことを誓約した場合、本実績報告書の提出までに対応した。 | AJ58: =AI29
A59: ②申請時にケアプランデータ連携システムへの加入又は生産性向上推進体制加算の算定を誓約した場合、本実績報告書の提出までに対応した。 | AJ59: =AI30
A60: ③申請時に職場環境改善の取組を行うことを誓約した場合、本実績報告書の提出までに対応した。 | AJ60: =AI31
A61: 補助金を賃金改善に使用した場合、補助金以外の部分で賃金水準を引き下げていない | AJ61: =AI32
A63: ４ 職場環境改善経費の消費税仕入控除税額について
A64: 職場環境改善経費の消費税仕入控除税額について、取扱いを理解した | AJ64: =IF(G7="", "", AI38)
A66: ５ 記載内容に虚偽がないこと等の誓約
A67: 誓約について、空欄の項目がない | AJ67: =AI40

Sheet 様式第３号別紙２（補助金　個票）
A1: 様式第３号別紙２（補助金） | D1: 令和７年度介護施設等経営改善・従事者処遇改善等緊急支援事業 （介護分野の職員の賃上げ・職場環境改善支援事業）実績報告書（施設・事業所別個表） | I1: 提出先 | J1: =IF(基本情報入力シート!C13<>"", 基本情報入力シート!C13, "") -> 岩手県
A3: 法人名 | C3: =IF(基本情報入力シート!L18="", "", 基本情報入力シート!L18) | H3: 【記入上の注意】 ・本表に記載する事業所は、計画書の基本情報入力シートで当補助金を申請すると記載した事業所と一致しなければならない。 ・事業所の数が多く、１枚に記載しきれない場合は、適宜、行を追加すること。
A5: 提出先の都道府県における補助金額の合計（①、②及び③）［円］ | F5: =IFERROR(SUM(H:I),"") -> 0
A6: うち、賃金改善経費分（①及び②）の合計［円］ | F6: =IFERROR(SUM(K:K),"") -> 0
A7: （補助金の概要）
A8: ①介護従事者に対する 幅広い賃上げ支援 | E8: ア）処遇改善加算の対象サービス →処遇改善加算取得（又は見込み）事業所が対象 イ）対象外サービス（訪問看護、訪問リハ、居宅介護支援等） →処遇改善加算に準ずる要件を満たす（又は見込み）事業所やケアプランデータ連携システムに加入 （又は見込み）の事業所等が対象
A9: ②生産性向上や協働化に取り組む 事業所の介護職員に対する 上乗せの賃上げ支援 | E9: 処遇改善加算の取得に加え、以下の要件を満たす事業所。 ア）訪問、通所サービス等 → ケアプランデータ連携システムに加入（又は見込み）等。 イ）施設、居住サービス、多機能サービス、短期入所サービス等 → 生産性向上加算Ⅰ又はⅡを取得（又は見込み）等。
A10: ③介護職員について、職場環境改善に 取り組む事業所を支援 （介護職員等の賃金改善に充当可能） | E10: 処遇改善加算を取得の上、職場環境等要件の更なる充足等に向けて、職場環境改善を計画し実施する事業所（要件は、令和６年度補正予算の「介護人材 確保・職場環境改善等事業」と同様）。
B12: 介護保険事業所番号 | C12: 指定権者名 | D12: 事業所の所在地 | F12: 事業所名 | G12: サービス名 | H12: 補助金の総額（①、②及び③）[円] | J12: 組合せ | K12: ①＋② （賃金改善経費分） | L12: ③ （賃金改善分又は 職場環境改善分）
D14: 都道府県 | E14: 市区町村
A15: 1 | B15: =IF(基本情報入力シート!B51="","",基本情報入力シート!B51) | C15: =IF(基本情報入力シート!L51="","",基本情報入力シート!L51) | D15: =IF(基本情報入力シート!Q51="","",基本情報入力シート!Q51) | E15: =IF(基本情報入力シート!V51="","",基本情報入力シート!V51) | F15: =IF(基本情報入力シート!W51="","",基本情報入力シート!W51) | G15: =IF(基本情報入力シート!Z51="","",基本情報入力シート!Z51) | H15: =IF('様式第１号別紙３（個表） '!P15="","",'様式第１号別紙３（個表） '!P15) | J15: ='様式第１号別紙３（個表） '!M15 | K15: =IF(H15="","",H15*VLOOKUP(G15,【参考】数式用_2!$A$4:$R$54,MATCH(P15,【参考】数式用_2!$M$3:$R$3,0)+12,FALSE)) | L15: =IF(H15="","",H15*VLOOKUP(G15,【参考】数式用_2!$A$4:$R$54,MATCH(Q15,【参考】数式用_2!$M$3:$R$3,0)+12,FALSE)) | O15: =VLOOKUP(G15,【参考】数式用_2!$A$4:$F$54,6,FALSE) -> #N/A | P15: ="（①＋②）/（"&J15&"）" -> （①＋②）/（） | Q15: ="③/（"&J15&"）" -> ③/（）
A16: =A15+1 -> 2 | B16: =IF(基本情報入力シート!B52="","",基本情報入力シート!B52) | C16: =IF(基本情報入力シート!L52="","",基本情報入力シート!L52) | D16: =IF(基本情報入力シート!Q52="","",基本情報入力シート!Q52) | E16: =IF(基本情報入力シート!V52="","",基本情報入力シート!V52) | F16: =IF(基本情報入力シート!W52="","",基本情報入力シート!W52) | G16: =IF(基本情報入力シート!Z52="","",基本情報入力シート!Z52) | H16: =IF('様式第１号別紙３（個表） '!P16="","",'様式第１号別紙３（個表） '!P16) | J16: ='様式第１号別紙３（個表） '!M16 | K16: =IF(H16="","",H16*VLOOKUP(G16,【参考】数式用_2!$A$4:$R$54,MATCH(P16,【参考】数式用_2!$M$3:$R$3,0)+12,FALSE)) | L16: =IF(H16="","",H16*VLOOKUP(G16,【参考】数式用_2!$A$4:$R$54,MATCH(Q16,【参考】数式用_2!$M$3:$R$3,0)+12,FALSE)) | O16: =VLOOKUP(G16,【参考】数式用_2!$A$4:$F$54,6,FALSE) -> #N/A | P16: ="（①＋②）/（"&J16&"）" -> （①＋②）/（） | Q16: ="③/（"&J16&"）" -> ③/（）
A17: =A16+1 -> 3 | B17: =IF(基本情報入力シート!B53="","",基本情報入力シート!B53) | C17: =IF(基本情報入力シート!L53="","",基本情報入力シート!L53) | D17: =IF(基本情報入力シート!Q53="","",基本情報入力シート!Q53) | E17: =IF(基本情報入力シート!V53="","",基本情報入力シート!V53) | F17: =IF(基本情報入力シート!W53="","",基本情報入力シート!W53) | G17: =IF(基本情報入力シート!Z53="","",基本情報入力シート!Z53) | H17: =IF('様式第１号別紙３（個表） '!P17="","",'様式第１号別紙３（個表） '!P17) | J17: ='様式第１号別紙３（個表） '!M17 | K17: =IF(H17="","",H17*VLOOKUP(G17,【参考】数式用_2!$A$4:$R$54,MATCH(P17,【参考】数式用_2!$M$3:$R$3,0)+12,FALSE)) | L17: =IF(H17="","",H17*VLOOKUP(G17,【参考】数式用_2!$A$4:$R$54,MATCH(Q17,【参考】数式用_2!$M$3:$R$3,0)+12,FALSE)) | O17: =VLOOKUP(G17,【参考】数式用_2!$A$4:$F$54,6,FALSE) -> #N/A | P17: ="（①＋②）/（"&J17&"）" -> （①＋②）/（） | Q17: ="③/（"&J17&"）" -> ③/（）
A18: =A17+1 -> 4 | B18: =IF(基本情報入力シート!B54="","",基本情報入力シート!B54) | C18: =IF(基本情報入力シート!L54="","",基本情報入力シート!L54) | D18: =IF(基本情報入力シート!Q54="","",基本情報入力シート!Q54) | E18: =IF(基本情報入力シート!V54="","",基本情報入力シート!V54) | F18: =IF(基本情報入力シート!W54="","",基本情報入力シート!W54) | G18: =IF(基本情報入力シート!Z54="","",基本情報入力シート!Z54) | H18: =IF('様式第１号別紙３（個表） '!P18="","",'様式第１号別紙３（個表） '!P18) | J18: ='様式第１号別紙３（個表） '!M18 | K18: =IF(H18="","",H18*VLOOKUP(G18,【参考】数式用_2!$A$4:$R$54,MATCH(P18,【参考】数式用_2!$M$3:$R$3,0)+12,FALSE)) | L18: =IF(H18="","",H18*VLOOKUP(G18,【参考】数式用_2!$A$4:$R$54,MATCH(Q18,【参考】数式用_2!$M$3:$R$3,0)+12,FALSE)) | O18: =VLOOKUP(G18,【参考】数式用_2!$A$4:$F$54,6,FALSE) -> #N/A | P18: ="（①＋②）/（"&J18&"）" -> （①＋②）/（） | Q18: ="③/（"&J18&"）" -> ③/（）
A19: =A18+1 -> 5 | B19: =IF(基本情報入力シート!B55="","",基本情報入力シート!B55) | C19: =IF(基本情報入力シート!L55="","",基本情報入力シート!L55) | D19: =IF(基本情報入力シート!Q55="","",基本情報入力シート!Q55) | E19: =IF(基本情報入力シート!V55="","",基本情報入力シート!V55) | F19: =IF(基本情報入力シート!W55="","",基本情報入力シート!W55) | G19: =IF(基本情報入力シート!Z55="","",基本情報入力シート!Z55) | H19: =IF('様式第１号別紙３（個表） '!P19="","",'様式第１号別紙３（個表） '!P19) | J19: ='様式第１号別紙３（個表） '!M19 | K19: =IF(H19="","",H19*VLOOKUP(G19,【参考】数式用_2!$A$4:$R$54,MATCH(P19,【参考】数式用_2!$M$3:$R$3,0)+12,FALSE)) | L19: =IF(H19="","",H19*VLOOKUP(G19,【参考】数式用_2!$A$4:$R$54,MATCH(Q19,【参考】数式用_2!$M$3:$R$3,0)+12,FALSE)) | O19: =VLOOKUP(G19,【参考】数式用_2!$A$4:$F$54,6,FALSE) -> #N/A | P19: ="（①＋②）/（"&J19&"）" -> （①＋②）/（） | Q19: ="③/（"&J19&"）" -> ③/（）
A20: =A19+1 -> 6 | B20: =IF(基本情報入力シート!B56="","",基本情報入力シート!B56) | C20: =IF(基本情報入力シート!L56="","",基本情報入力シート!L56) | D20: =IF(基本情報入力シート!Q56="","",基本情報入力シート!Q56) | E20: =IF(基本情報入力シート!V56="","",基本情報入力シート!V56) | F20: =IF(基本情報入力シート!W56="","",基本情報入力シート!W56) | G20: =IF(基本情報入力シート!Z56="","",基本情報入力シート!Z56) | H20: =IF('様式第１号別紙３（個表） '!P20="","",'様式第１号別紙３（個表） '!P20) | J20: ='様式第１号別紙３（個表） '!M20 | K20: =IF(H20="","",H20*VLOOKUP(G20,【参考】数式用_2!$A$4:$R$54,MATCH(P20,【参考】数式用_2!$M$3:$R$3,0)+12,FALSE)) | L20: =IF(H20="","",H20*VLOOKUP(G20,【参考】数式用_2!$A$4:$R$54,MATCH(Q20,【参考】数式用_2!$M$3:$R$3,0)+12,FALSE)) | O20: =VLOOKUP(G20,【参考】数式用_2!$A$4:$F$54,6,FALSE) -> #N/A | P20: ="（①＋②）/（"&J20&"）" -> （①＋②）/（） | Q20: ="③/（"&J20&"）" -> ③/（）
A21: =A20+1 -> 7 | B21: =IF(基本情報入力シート!B57="","",基本情報入力シート!B57) | C21: =IF(基本情報入力シート!L57="","",基本情報入力シート!L57) | D21: =IF(基本情報入力シート!Q57="","",基本情報入力シート!Q57) | E21: =IF(基本情報入力シート!V57="","",基本情報入力シート!V57) | F21: =IF(基本情報入力シート!W57="","",基本情報入力シート!W57) | G21: =IF(基本情報入力シート!Z57="","",基本情報入力シート!Z57) | H21: =IF('様式第１号別紙３（個表） '!P21="","",'様式第１号別紙３（個表） '!P21) | J21: ='様式第１号別紙３（個表） '!M21 | K21: =IF(H21="","",H21*VLOOKUP(G21,【参考】数式用_2!$A$4:$R$54,MATCH(P21,【参考】数式用_2!$M$3:$R$3,0)+12,FALSE)) | L21: =IF(H21="","",H21*VLOOKUP(G21,【参考】数式用_2!$A$4:$R$54,MATCH(Q21,【参考】数式用_2!$M$3:$R$3,0)+12,FALSE)) | O21: =VLOOKUP(G21,【参考】数式用_2!$A$4:$F$54,6,FALSE) -> #N/A | P21: ="（①＋②）/（"&J21&"）" -> （①＋②）/（） | Q21: ="③/（"&J21&"）" -> ③/（）
A22: =A21+1 -> 8 | B22: =IF(基本情報入力シート!B58="","",基本情報入力シート!B58) | C22: =IF(基本情報入力シート!L58="","",基本情報入力シート!L58) | D22: =IF(基本情報入力シート!Q58="","",基本情報入力シート!Q58) | E22: =IF(基本情報入力シート!V58="","",基本情報入力シート!V58) | F22: =IF(基本情報入力シート!W58="","",基本情報入力シート!W58) | G22: =IF(基本情報入力シート!Z58="","",基本情報入力シート!Z58) | H22: =IF('様式第１号別紙３（個表） '!P22="","",'様式第１号別紙３（個表） '!P22) | J22: ='様式第１号別紙３（個表） '!M22 | K22: =IF(H22="","",H22*VLOOKUP(G22,【参考】数式用_2!$A$4:$R$54,MATCH(P22,【参考】数式用_2!$M$3:$R$3,0)+12,FALSE)) | L22: =IF(H22="","",H22*VLOOKUP(G22,【参考】数式用_2!$A$4:$R$54,MATCH(Q22,【参考】数式用_2!$M$3:$R$3,0)+12,FALSE)) | O22: =VLOOKUP(G22,【参考】数式用_2!$A$4:$F$54,6,FALSE) -> #N/A | P22: ="（①＋②）/（"&J22&"）" -> （①＋②）/（） | Q22: ="③/（"&J22&"）" -> ③/（）
A23: =A22+1 -> 9 | B23: =IF(基本情報入力シート!B59="","",基本情報入力シート!B59) | C23: =IF(基本情報入力シート!L59="","",基本情報入力シート!L59) | D23: =IF(基本情報入力シート!Q59="","",基本情報入力シート!Q59) | E23: =IF(基本情報入力シート!V59="","",基本情報入力シート!V59) | F23: =IF(基本情報入力シート!W59="","",基本情報入力シート!W59) | G23: =IF(基本情報入力シート!Z59="","",基本情報入力シート!Z59) | H23: =IF('様式第１号別紙３（個表） '!P23="","",'様式第１号別紙３（個表） '!P23) | J23: ='様式第１号別紙３（個表） '!M23 | K23: =IF(H23="","",H23*VLOOKUP(G23,【参考】数式用_2!$A$4:$R$54,MATCH(P23,【参考】数式用_2!$M$3:$R$3,0)+12,FALSE)) | L23: =IF(H23="","",H23*VLOOKUP(G23,【参考】数式用_2!$A$4:$R$54,MATCH(Q23,【参考】数式用_2!$M$3:$R$3,0)+12,FALSE)) | O23: =VLOOKUP(G23,【参考】数式用_2!$A$4:$F$54,6,FALSE) -> #N/A | P23: ="（①＋②）/（"&J23&"）" -> （①＋②）/（） | Q23: ="③/（"&J23&"）" -> ③/（）
A24: =A23+1 -> 10 | B24: =IF(基本情報入力シート!B60="","",基本情報入力シート!B60) | C24: =IF(基本情報入力シート!L60="","",基本情報入力シート!L60) | D24: =IF(基本情報入力シート!Q60="","",基本情報入力シート!Q60) | E24: =IF(基本情報入力シート!V60="","",基本情報入力シート!V60) | F24: =IF(基本情報入力シート!W60="","",基本情報入力シート!W60) | G24: =IF(基本情報入力シート!Z60="","",基本情報入力シート!Z60) | H24: =IF('様式第１号別紙３（個表） '!P24="","",'様式第１号別紙３（個表） '!P24) | J24: ='様式第１号別紙３（個表） '!M24 | K24: =IF(H24="","",H24*VLOOKUP(G24,【参考】数式用_2!$A$4:$R$54,MATCH(P24,【参考】数式用_2!$M$3:$R$3,0)+12,FALSE)) | L24: =IF(H24="","",H24*VLOOKUP(G24,【参考】数式用_2!$A$4:$R$54,MATCH(Q24,【参考】数式用_2!$M$3:$R$3,0)+12,FALSE)) | O24: =VLOOKUP(G24,【参考】数式用_2!$A$4:$F$54,6,FALSE) -> #N/A | P24: ="（①＋②）/（"&J24&"）" -> （①＋②）/（） | Q24: ="③/（"&J24&"）" -> ③/（）
A25: =A24+1 -> 11 | B25: =IF(基本情報入力シート!B61="","",基本情報入力シート!B61) | C25: =IF(基本情報入力シート!L61="","",基本情報入力シート!L61) | D25: =IF(基本情報入力シート!Q61="","",基本情報入力シート!Q61) | E25: =IF(基本情報入力シート!V61="","",基本情報入力シート!V61) | F25: =IF(基本情報入力シート!W61="","",基本情報入力シート!W61) | G25: =IF(基本情報入力シート!Z61="","",基本情報入力シート!Z61) | H25: =IF('様式第１号別紙３（個表） '!P25="","",'様式第１号別紙３（個表） '!P25) | J25: ='様式第１号別紙３（個表） '!M25 | K25: =IF(H25="","",H25*VLOOKUP(G25,【参考】数式用_2!$A$4:$R$54,MATCH(P25,【参考】数式用_2!$M$3:$R$3,0)+12,FALSE)) | L25: =IF(H25="","",H25*VLOOKUP(G25,【参考】数式用_2!$A$4:$R$54,MATCH(Q25,【参考】数式用_2!$M$3:$R$3,0)+12,FALSE)) | O25: =VLOOKUP(G25,【参考】数式用_2!$A$4:$F$54,6,FALSE) -> #N/A | P25: ="（①＋②）/（"&J25&"）" -> （①＋②）/（） | Q25: ="③/（"&J25&"）" -> ③/（）
A26: =A25+1 -> 12 | B26: =IF(基本情報入力シート!B62="","",基本情報入力シート!B62) | C26: =IF(基本情報入力シート!L62="","",基本情報入力シート!L62) | D26: =IF(基本情報入力シート!Q62="","",基本情報入力シート!Q62) | E26: =IF(基本情報入力シート!V62="","",基本情報入力シート!V62) | F26: =IF(基本情報入力シート!W62="","",基本情報入力シート!W62) | G26: =IF(基本情報入力シート!Z62="","",基本情報入力シート!Z62) | H26: =IF('様式第１号別紙３（個表） '!P26="","",'様式第１号別紙３（個表） '!P26) | J26: ='様式第１号別紙３（個表） '!M26 | K26: =IF(H26="","",H26*VLOOKUP(G26,【参考】数式用_2!$A$4:$R$54,MATCH(P26,【参考】数式用_2!$M$3:$R$3,0)+12,FALSE)) | L26: =IF(H26="","",H26*VLOOKUP(G26,【参考】数式用_2!$A$4:$R$54,MATCH(Q26,【参考】数式用_2!$M$3:$R$3,0)+12,FALSE)) | O26: =VLOOKUP(G26,【参考】数式用_2!$A$4:$F$54,6,FALSE) -> #N/A | P26: ="（①＋②）/（"&J26&"）" -> （①＋②）/（） | Q26: ="③/（"&J26&"）" -> ③/（）
A27: =A26+1 -> 13 | B27: =IF(基本情報入力シート!B63="","",基本情報入力シート!B63) | C27: =IF(基本情報入力シート!L63="","",基本情報入力シート!L63) | D27: =IF(基本情報入力シート!Q63="","",基本情報入力シート!Q63) | E27: =IF(基本情報入力シート!V63="","",基本情報入力シート!V63) | F27: =IF(基本情報入力シート!W63="","",基本情報入力シート!W63) | G27: =IF(基本情報入力シート!Z63="","",基本情報入力シート!Z63) | H27: =IF('様式第１号別紙３（個表） '!P27="","",'様式第１号別紙３（個表） '!P27) | J27: ='様式第１号別紙３（個表） '!M27 | K27: =IF(H27="","",H27*VLOOKUP(G27,【参考】数式用_2!$A$4:$R$54,MATCH(P27,【参考】数式用_2!$M$3:$R$3,0)+12,FALSE)) | L27: =IF(H27="","",H27*VLOOKUP(G27,【参考】数式用_2!$A$4:$R$54,MATCH(Q27,【参考】数式用_2!$M$3:$R$3,0)+12,FALSE)) | O27: =VLOOKUP(G27,【参考】数式用_2!$A$4:$F$54,6,FALSE) -> #N/A | P27: ="（①＋②）/（"&J27&"）" -> （①＋②）/（） | Q27: ="③/（"&J27&"）" -> ③/（）
... A114: =A113+1 -> 100 | B114: =IF(基本情報入力シート!B150="","",基本情報入力シート!B150) | C114: =IF(基本情報入力シート!L150="","",基本情報入力シート!L150) | D114: =IF(基本情報入力シート!Q150="","",基本情報入力シート!Q150) | E114: =IF(基本情報入力シート!V150="","",基本情報入力シート!V150) | F114: =IF(基本情報入力シート!W150="","",基本情報入力シート!W150) | G114: =IF(基本情報入力シート!Z150="","",基本情報入力シート!Z150) | H114: =IF('様式第１号別紙３（個表） '!P114="","",'様式第１号別紙３（個表） '!P114) | J114: ='様式第１号別紙３（個表） '!M114 | K114: =IF(H114="","",H114*VLOOKUP(G114,【参考】数式用_2!$A$4:$R$54,MATCH(P114,【参考】数式用_2!$M$3:$R$3,0)+12,FALSE)) | L114: =IF(H114="","",H114*VLOOKUP(G114,【参考】数式用_2!$A$4:$R$54,MATCH(Q114,【参考】数式用_2!$M$3:$R$3,0)+12,FALSE)) | O114: =VLOOKUP(G114,【参考】数式用_2!$A$4:$F$54,6,FALSE) -> #N/A | P114: ="（①＋②）/（"&J114&"）" -> （①＋②）/（） | Q114: ="③/（"&J114&"）" -> ③/（）

Sheet 様式第3号（別表第２関係)
B1: 様式第３号（別表第２関係）
AP2: 入力欄
AL3: =IF(AS15="","番 号",AS15) -> 番 号 | AR3: 太枠に囲まれた箇所を入力すると、様式に自動反映されます
AL4: ='様式第３号別紙１（補助金 総括表）'!AQ44 -> 令和8年月日
C5: 岩手県知事 様 | AP5: 当初交付決定 | AR5: ①交付決定月日 | AT5: 月 | AV5: 日 | AW5: 交付決定通知書の知事名の左上に記載された月日
H7: 申請者 法人本店所在地 | AL7: =IF(基本情報入力シート!L20="","",基本情報入力シート!L20) | AR7: ②交付決定番号 | AS7: 岩手県指令長第 | AV7: - | AX7: 号 | AY7: 交付決定通知書の右上に記載された番号
AL8: =IF(基本情報入力シート!L21="","",基本情報入力シート!L21)
H9: 法人名 | AL9: =IF(基本情報入力シート!L18="","",基本情報入力シート!L18) | AP9: 変更交付決定 | AR9: ③交付決定月日 | AT9: 月 | AV9: 日 | AW9: 変更交付決定通知書の知事名の左上に記載された月日
H10: 代表者職・氏名 | AL10: =IF(基本情報入力シート!L22="","",基本情報入力シート!L22&" "&基本情報入力シート!L23)
AR11: ④交付決定番号 | AS11: 岩手県指令長第 | AV11: - | AX11: 号 | AY11: 変更交付決定通知書の右上に記載された番号
C13: 令和７年度介護施設等経営改善・従事者処遇改善等緊急支援事業費補助金
C14: （介護分野の職員の賃上げ・職場環境改善支援事業）実績報告書 | AR14: ※社内の決済番号がある場合のみ入力してください
C15: =AS29&AS30&AS31&AS32&AS33 -> 令和8年月日付け岩手県指令長第-号及び令和8年月日付け岩手県指令長第-号で交付決定の通知がありました標記事業について、事業が完了したので、関係書類を添えて報告します。 | AR15: 社内決済番号
S19: 記
C20: １ 事業精算額 金 | O20: ='様式第３号別紙２（補助金 個票）'!F5 -> 0 | Y20: 円
C23: ２ 添付書類
D24: (１) | F24: 令和７年度介護施設等経営改善・従事者処遇改善等緊急支援事業（介護分野の
F25: 職員の賃上げ・職場環境改善支援事業）実績報告書
E26: （様式第３号別紙１）
D27: (２) | F27: 令和７年度介護施設等経営改善・従事者処遇改善等緊急支援事業（介護分野の
F28: 職員の賃上げ・職場環境改善支援事業）実績報告書（施設・事業所別個表）
E29: （様式第３号別紙２） | AR29: 本文1(当初) | AS29: =" 令和8年"&AS5&AT5&AU5&AV5&"付け" -> 令和8年月日付け
D30: (３) | F30: その他知事が必要と認める書類 | AR30: 本文2(当初) | AS30: =AS7&AU7&AV7&AW7&AX7&"及び" -> 岩手県指令長第-号及び
AR31: 本文3(変更) | AS31: ="令和8年"&AS9&AT9&AU9&AV9&"付け" -> 令和8年月日付け
AR32: 本文4(変更) | AS32: =AS11&AU11&AV11&AW11&AX11 -> 岩手県指令長第-号
AR33: 本文5 | AS33: で交付決定の通知がありました標記事業について、事業が完了したので、関係書類を添えて報告します。
D264: 1486000

Sheet 様式第5号（別表第２関係)
B1: 様式第５号（別表第２関係）
AP2: 入力欄
AL3: =IF(AS18="","番 号",AS18) -> 番 号 | AR3: 太枠に囲まれた箇所を入力すると、様式に自動反映されます
AL4: ='様式第３号別紙１（補助金 総括表）'!AQ44 -> 令和8年月日
C5: 岩手県知事 様 | AP5: 当初交付決定 | AR5: ①交付決定月日 | AT5: 月 | AV5: 日 | AW5: 交付決定通知書の知事名の左上に記載された月日
H7: 申請者 法人本店所在地 | AL7: =IF(基本情報入力シート!L20="","",基本情報入力シート!L20) | AR7: ②交付決定番号 | AS7: 岩手県指令長第 | AV7: - | AX7: 号 | AY7: 交付決定通知書の右上に記載された番号
AL8: =IF(基本情報入力シート!L21="","",基本情報入力シート!L21)
H9: 法人名 | AL9: =IF(基本情報入力シート!L18="","",基本情報入力シート!L18) | AR9: ③交付決定額 | AW9: 交付決定通知書の本文に記載された金額
H10: 代表者職・氏名 | AL10: =IF(基本情報入力シート!L22="","",基本情報入力シート!L22&" "&基本情報入力シート!L23)
AP12: 変更交付決定 | AR12: ③交付決定月日 | AT12: 月 | AV12: 日 | AW12: 変更交付決定通知書の知事名の左上に記載された月日
C13: 令和７年度介護施設等経営改善・従事者処遇改善等緊急支援事業費補助金
C14: （介護分野の職員の賃上げ・職場環境改善支援事業）請求書 | AR14: ④交付決定番号 | AS14: 岩手県指令長第 | AV14: - | AX14: 号 | AY14: 変更交付決定通知書の右上に記載された番号
C15: =AS31&AS32&AS33&AS34&AS35 -> 令和8年月日付け岩手県指令長第-号及び令和8年月日付け岩手県指令長第-号で交付決定の通知がありました標記交付金について、令和７年度介護施設等経営改善・従事者処遇改善等緊急支援事業費補助金（介護分野の職員の賃上げ・職場環境改善支援事業）交付要綱第６の２の規定により、次のとおり補助金の交付を請求します。
AR17: ※社内の決済番号がある場合のみ入力してください
AR18: 社内決済番号
N21: 金 | P21: =BB22 | Y21: 円
AR22: ※国保連通知額＞当初交付決定額の場合、差額が発生します | BB22: =IF(AS9="","",BB24)
AP23: 差額確認用 | AR23: 補助金額合計 | AT23: 当初交付決定額 | AX23: 計算結果 | BB23: ↓入力後反映用
AR24: ='様式第３号別紙２（補助金 個票）'!F5 -> 0 | AS24: - | AT24: =AS9 -> 0 | AW24: = | AX24: =AR24-AT24 -> 0 | BB24: =IF(AR24-AT24>0,AR24-AT24,"差額なし") -> 差額なし
AR31: 本文1(当初) | AS31: =" 令和8年"&AS5&AT5&AU5&AV5&"付け" -> 令和8年月日付け
AR32: 本文2(当初) | AS32: =AS7&AU7&AV7&AW7&AX7&"及び" -> 岩手県指令長第-号及び
AR33: 本文3(変更) | AS33: ="令和8年"&AS12&AT12&AU12&AV12&"付け" -> 令和8年月日付け
AR34: 本文4(変更) | AS34: =AS14&AU14&AV14&AW14&AX14 -> 岩手県指令長第-号
AR35: 本文5 | AS35: で交付決定の通知がありました標記交付金について、令和７年度介護施設等経営改善・従事者処遇改善等緊急支援事業費補助金（介護分野の職員の賃上げ・職場環境改善支援事業）交付要綱第６の２の規定により、次のとおり補助金の交付を請求します。
D263: 1486000

Sheet 委任状
A1: 委 任 状
A2: 令和 年 月 日
A4: 岩手県知事 達増 拓也 様
F5: 委任者
A6: 委任者 | F6: 所在地
A7: 所在地 | F7: 法人名
A8: 法人名（屋号） | F8: 代表者職・氏名 印
A11: 令和７年度介護施設等経営改善・従事者処遇改善等緊急支援事業費補助金（介護分野の職員の賃上げ・職場改善支援事業）の受領に関する権限を以下の者に委任します。
A14: 受任者 | F14: 受任者
A15: 所在地 | F15: 所在地
A16: 法人名 | F16: 法人名
F17: 受任者職・氏名
A18: 受任者職・氏名
A20: 【振込口座（受任者名義の口座）】
A21: 金融機関名 | F21: 金融機関
F22: コード
A23: 本・支店名 | F23: 支店
F24: コード
A25: 口座種別 | B25: 普通 | D25: 当座 | F25: 口座番号
A26: 口座名義
A27: （カナ名義）

Sheet 参考（キャリアパス要件概要及びキャリアパス・賃金既定例）
A1: 参考１ （ア）・（イ）（任用要件・賃金体系の整備等、研修の実施等）の概要
B3: （ア）任用要件・賃金体系の整備等
B4: 基準を満たしている又は遅くとも実績報告書の提出までに次の一から三までのすべての基準を満たす。
B5: 一 | C5: 職員の任用における職位、職責又は職務内容等の要件を定めている。
B6: 二 | C6: 二に掲げる職位、職責又は職務内容等に応じた賃金体系を定めている。
B7: 三 | C7: 一及び二について、就業規則等の明確な根拠規定を書面で整備し、全ての職員に周知している。
B9: （イ）研修の実施等
B10: 基準を満たしている又は遅くとも実績報告書の提出までに次の一と二の両方の基準を満たす。
B11: 一 | C11: 職員の職務内容等を踏まえ、職員と意見交換しながら、資質向上の目標及びa.・b.のうち少なくともいずれかに関する具体的な計画を策定し、研修の実施又は研修の機会を確保している。
C12: 一の実現のための具体的な取組内容 | D12: a. | E12: 資質向上のための計画に沿って、研修機会の提供又は技術指導等を実施するとともに、職員の能力評価を行う。
D13: b. | E13: 資格取得のための支援の実施
B14: 二 | C14: 一について、全ての職員に周知している。
A17: 参考２ キャリアパス・賃金規程例（小規模事業所用）
A19: 例：訪問系（簡易版）
A20: 職位・役職 | C20: 職責 | D20: 任用要件 | E20: 給与 （常勤・月給） | F20: 給与 （非常勤・時給）
A21: 上級 （主任） | C21: 高度な業務の遂行 他の従業員への指導 | D21: ●年以上 | E21: 常勤（月給） ・基本給 ●●●円～ ・経験手当 ＋●●円 ・役職手当 ＋●●円 | F21: 非常勤（時給） ・●● 円 ・経験手当 ＋●●円
A22: 中級 | C22: 通常の介護業務 他の従業員への助言 | D22: ●年以上 | E22: 常勤（月給） ・基本給 ●●●円～ ・資格手当 ＋●●円 | F22: 非常勤（時給） ・●● 円 ・資格手当 ＋●●円
A23: 初級 | C23: 通常の介護業務 | D23: 入社時～ | E23: 常勤（月給） ・基本給 ●●●円～ ・資格手当 ＋●●円 | F23: 非常勤（時給） ・●● 円 ・資格手当 ＋●●円
A25: 注 「任用要件」欄に記載の勤続年数又は研修の受講状況に応じて昇給するものとし、職位に応じた給与を支給する。 「給与」欄に記載のない手当として、通勤手当（●●円）、研修受講手当（●●円）を支給する。 また、介護職員等処遇改善加算の加算額は、経験手当・資格手当への上乗せとして、１人当たり●●円～●●円の範囲内で配分する。
A26: （研修計画）
A27: ・ 個別の希望に基づく研修計画を作成し、年●回以上●●研修をオンラインで受講。 ・ 上記の他、月２回ランチミーティングを行い、ケアの向上に資する業務の中での気づきの共有やお互いへのフィードバックを行う。 ・ 実務経験が●年以上の介護職員が●年目までに実務者研修を受講した場合、受講費用の補助として、●●万円を支給。

Sheet 【参考】数式用_1
A1: 表１ 交付率一覧 | P1: 表２ 要件 | AJ1: 表３ 提出先一覧 | AL1: 表４ 事業所の所在地 | AO1: 表５ １単位あたりの単価 | AZ1: 表６ 組合せ | BC1: 表７ 選択様式 | BE1: 表８ 選択様式（誓約簡略化） | BG1: 表９ 補助金使途 | BI1: 表10 基準月
A2: サービス区分 | B2: コード値 | C2: 交付率 | G2: 交付率組み合わせ | M2: 処遇改善加算 | N2: 分類 | P2: サービス区分 | Q2: 要件 | AJ2: 都道府県 | AL2: 都道府県 | AM2: 市区町村 | AO2: 級地 | AP2: 上乗せ割合 | AQ2: 都道府県 | AR2: 市区町村 | AS2: 組み合わせ | AT2: 0.7 | AU2: 0.55 | AV2: 0.45 | AW2: 介護サービス | AX2: 人件費割合 | AZ2: 組合せ | BC2: チェックボックス | BE2: 誓約 | BG2: 補助金使途 | BI2: 令和７年12月
C3: ① | D3: ② | E3: ③ | G3: 組み合わせ | J3: ① | K3: ①＋③ | L3: ①＋②＋③ | Q3: ① | W3: ② | AD3: ③ | AJ3: 北海道 | AL3: 北海道 | AM3: 札幌市 | AO3: 1級地 | AP3: 0.2 | AQ3: 東京都 | AR3: 千代田区 | AS3: =AQ3&AR3 -> 東京都千代田区 | AT3: 11.4 | AU3: 11.1 | AV3: 10.9 | AW3: 訪問介護 | AX3: 0.7 | AZ3: ○×× | BA3: ① | BC3: ✓ | BE3: ✓ | BG3: （ア）研修費 | BI3: 令和８年１月
A4: 訪問介護 | B4: 11 | C4: 0.156 | D4: 0.06 | E4: 0.048 | F4: 訪問介護_組合せ | G4: ① | H4: ①＋③ | I4: ①＋②＋③ | J4: =C4 -> 0.156 | K4: =SUM(C4,E4) -> 0.204 | L4: =SUM(C4:E4) -> 0.264 | M4: 加算対象 | N4: その他 | P4: 訪問介護 | Q4: 訪問介護① | R4: 加算算定済 | S4: 加算算定を誓約 | W4: 訪問介護② | X4: ケアプランデータ連携システムに加入済 | Y4: ケアプランデータ連携システムへの加入を誓約 | Z4: 社会福祉連携推進法人に所属 | AA4: 要件を満たさない | AD4: 訪問介護③ | AE4: 職場環境改善の取組を行っている | AF4: ②の要件を満たしている | AG4: 令和６年度介護人材確保・職場環境改善等事業による補助金の交付を受けている | AH4: 要件を満たさない | AJ4: 青森県 | AL4: 北海道 | AM4: 函館市 | AO4: 1級地 | AP4: 0.2 | AQ4: 東京都 | AR4: 中央区 | AS4: =AQ4&AR4 -> 東京都中央区 | AT4: 11.4 | AU4: 11.1 | AV4: 10.9 | AW4: 夜間対応型訪問介護 | AX4: 0.7 | AZ4: ○×○ | BA4: ①＋③ | BE4: 誓約 | BG4: （イ）介護助手等の募集経費 | BI4: 令和８年２月
A5: 夜間対応型訪問介護 | B5: 71 | C5: 0.132 | D5: 0.042 | E5: 0.03 | F5: 夜間対応型訪問介護_組合せ | G5: ① | H5: ①＋③ | I5: ①＋②＋③ | J5: =C5 -> 0.132 | K5: =SUM(C5,E5) -> 0.162 | L5: =SUM(C5:E5) -> 0.204 | M5: 加算対象 | N5: その他 | P5: 夜間対応型訪問介護 | Q5: 夜間対応型訪問介護① | R5: 加算算定済 | S5: 加算算定を誓約 | W5: 夜間対応型訪問介護② | X5: ケアプランデータ連携システムに加入済 | Y5: ケアプランデータ連携システムへの加入を誓約 | Z5: 社会福祉連携推進法人に所属 | AA5: 要件を満たさない | AD5: 夜間対応型訪問介護③ | AE5: 職場環境改善の取組を行っている | AF5: ②の要件を満たしている | AG5: 令和６年度介護人材確保・職場環境改善等事業による補助金の交付を受けている | AH5: 要件を満たさない | AJ5: 岩手県 | AL5: 北海道 | AM5: 小樽市 | AO5: 1級地 | AP5: 0.2 | AQ5: 東京都 | AR5: 港区 | AS5: =AQ5&AR5 -> 東京都港区 | AT5: 11.4 | AU5: 11.1 | AV5: 10.9 | AW5: 定期巡回･随時対応型訪問介護看護 | AX5: 0.7 | AZ5: ○○○ | BA5: ①＋②＋③ | BG5: （ウ）その他の金額 （① 業務内容の明確化と職員間の適切な役割分担の取組） | BI5: 令和８年３月
A6: 定期巡回･随時対応型訪問介護看護 | B6: 76 | C6: 0.132 | D6: 0.042 | E6: 0.03 | F6: 定期巡回･随時対応型訪問介護看護_組合せ | G6: ① | H6: ①＋③ | I6: ①＋②＋③ | J6: =C6 -> 0.132 | K6: =SUM(C6,E6) -> 0.162 | L6: =SUM(C6:E6) -> 0.204 | M6: 加算対象 | N6: その他 | P6: 定期巡回･随時対応型訪問介護看護 | Q6: 定期巡回･随時対応型訪問介護看護① | R6: 加算算定済 | S6: 加算算定を誓約 | W6: 定期巡回･随時対応型訪問介護看護② | X6: ケアプランデータ連携システムに加入済 | Y6: ケアプランデータ連携システムへの加入を誓約 | Z6: 社会福祉連携推進法人に所属 | AA6: 要件を満たさない | AD6: 定期巡回･随時対応型訪問介護看護③ | AE6: 職場環境改善の取組を行っている | AF6: ②の要件を満たしている | AG6: 令和６年度介護人材確保・職場環境改善等事業による補助金の交付を受けている | AH6: 要件を満たさない | AJ6: 宮城県 | AL6: 北海道 | AM6: 旭川市 | AO6: 1級地 | AP6: 0.2 | AQ6: 東京都 | AR6: 新宿区 | AS6: =AQ6&AR6 -> 東京都新宿区 | AT6: 11.4 | AU6: 11.1 | AV6: 10.9 | AW6: 訪問入浴介護 | AX6: 0.7 | BG6: （ウ）その他の金額 （② 介護職員等の業務の洗い出しや棚卸しなど、現場の課題の見える化）
A7: 訪問入浴介護 | B7: 12 | C7: 0.132 | D7: 0.042 | E7: 0.03 | F7: 訪問入浴介護_組合せ | G7: ① | H7: ①＋③ | I7: ①＋②＋③ | J7: =C7 -> 0.132 | K7: =SUM(C7,E7) -> 0.162 | L7: =SUM(C7:E7) -> 0.204 | M7: 加算対象 | N7: その他 | P7: 訪問入浴介護 | Q7: 訪問入浴介護① | R7: 加算算定済 | S7: 加算算定を誓約 | W7: 訪問入浴介護② | X7: ケアプランデータ連携システムに加入済 | Y7: ケアプランデータ連携システムへの加入を誓約 | Z7: 社会福祉連携推進法人に所属 | AA7: 要件を満たさない | AD7: 訪問入浴介護③ | AE7: 職場環境改善の取組を行っている | AF7: ②の要件を満たしている | AG7: 令和６年度介護人材確保・職場環境改善等事業による補助金の交付を受けている | AH7: 要件を満たさない | AJ7: 秋田県 | AL7: 北海道 | AM7: 室蘭市 | AO7: 1級地 | AP7: 0.2 | AQ7: 東京都 | AR7: 文京区 | AS7: =AQ7&AR7 -> 東京都文京区 | AT7: 11.4 | AU7: 11.1 | AV7: 10.9 | AW7: 介護予防訪問入浴介護 | AX7: 0.7 | BG7: （ウ）その他の金額 （③ 業務改善活動の体制構築）
A8: 介護予防訪問入浴介護 | B8: 62 | C8: 0.132 | D8: 0.042 | E8: 0.03 | F8: 介護予防訪問入浴介護_組合せ | G8: ① | H8: ①＋③ | I8: ①＋②＋③ | J8: =C8 -> 0.132 | K8: =SUM(C8,E8) -> 0.162 | L8: =SUM(C8:E8) -> 0.204 | M8: 加算対象 | N8: 介護予防 | P8: 介護予防訪問入浴介護 | Q8: 介護予防_訪問入浴介護① | R8: 加算算定済 | S8: 加算算定を誓約 | W8: 介護予防_訪問入浴介護② | X8: ケアプランデータ連携システムに加入済 | Y8: ケアプランデータ連携システムへの加入を誓約 | Z8: 社会福祉連携推進法人に所属 | AA8: 要件を満たさない | AD8: 介護予防_訪問入浴介護③ | AE8: 職場環境改善の取組を行っている | AF8: ②の要件を満たしている | AG8: 令和６年度介護人材確保・職場環境改善等事業による補助金の交付を受けている | AH8: 要件を満たさない | AJ8: 山形県 | AL8: 北海道 | AM8: 釧路市 | AO8: 1級地 | AP8: 0.2 | AQ8: 東京都 | AR8: 台東区 | AS8: =AQ8&AR8 -> 東京都台東区 | AT8: 11.4 | AU8: 11.1 | AV8: 10.9 | AW8: 通所介護 | AX8: 0.45
A9: 通所介護 | B9: 15 | C9: 0.126 | D9: 0.036 | E9: 0.03 | F9: 通所介護_組合せ | G9: ① | H9: ①＋③ | I9: ①＋②＋③ | J9: =C9 -> 0.126 | K9: =SUM(C9,E9) -> 0.156 | L9: =SUM(C9:E9) -> 0.192 | M9: 加算対象 | N9: その他 | P9: 通所介護 | Q9: 通所介護① | R9: 加算算定済 | S9: 加算算定を誓約 | W9: 通所介護② | X9: ケアプランデータ連携システムに加入済 | Y9: ケアプランデータ連携システムへの加入を誓約 | Z9: 社会福祉連携推進法人に所属 | AA9: 要件を満たさない | AD9: 通所介護③ | AE9: 職場環境改善の取組を行っている | AF9: ②の要件を満たしている | AG9: 令和６年度介護人材確保・職場環境改善等事業による補助金の交付を受けている | AH9: 要件を満たさない | AJ9: 福島県 | AL9: 北海道 | AM9: 帯広市 | AO9: 1級地 | AP9: 0.2 | AQ9: 東京都 | AR9: 墨田区 | AS9: =AQ9&AR9 -> 東京都墨田区 | AT9: 11.4 | AU9: 11.1 | AV9: 10.9 | AW9: 地域密着型通所介護 | AX9: 0.45
A10: 地域密着型通所介護 | B10: 78 | C10: 0.168 | D10: 0.042 | E10: 0.036 | F10: 地域密着型通所介護_組合せ | G10: ① | H10: ①＋③ | I10: ①＋②＋③ | J10: =C10 -> 0.168 | K10: =SUM(C10,E10) -> 0.204 | L10: =SUM(C10:E10) -> 0.246 | M10: 加算対象 | N10: その他 | P10: 地域密着型通所介護 | Q10: 地域密着型通所介護① | R10: 加算算定済 | S10: 加算算定を誓約 | W10: 地域密着型通所介護② | X10: ケアプランデータ連携システムに加入済 | Y10: ケアプランデータ連携システムへの加入を誓約 | Z10: 社会福祉連携推進法人に所属 | AA10: 要件を満たさない | AD10: 地域密着型通所介護③ | AE10: 職場環境改善の取組を行っている | AF10: ②の要件を満たしている | AG10: 令和６年度介護人材確保・職場環境改善等事業による補助金の交付を受けている | AH10: 要件を満たさない | AJ10: 茨城県 | AL10: 北海道 | AM10: 北見市 | AO10: 1級地 | AP10: 0.2 | AQ10: 東京都 | AR10: 江東区 | AS10: =AQ10&AR10 -> 東京都江東区 | AT10: 11.4 | AU10: 11.1 | AV10: 10.9 | AW10: 通所リハビリテーション | AX10: 0.55
A11: 通所リハビリテーション | B11: 16 | C11: 0.114 | D11: 0.03 | E11: 0.024 | F11: 通所リハビリテーション_組合せ | G11: ① | H11: ①＋③ | I11: ①＋②＋③ | J11: =C11 -> 0.114 | K11: =SUM(C11,E11) -> 0.138 | L11: =SUM(C11:E11) -> 0.168 | M11: 加算対象 | N11: その他 | P11: 通所リハビリテーション | Q11: 通所リハビリテーション① | R11: 加算算定済 | S11: 加算算定を誓約 | W11: 通所リハビリテーション② | X11: ケアプランデータ連携システムに加入済 | Y11: ケアプランデータ連携システムへの加入を誓約 | Z11: 社会福祉連携推進法人に所属 | AA11: 要件を満たさない | AD11: 通所リハビリテーション③ | AE11: 職場環境改善の取組を行っている | AF11: ②の要件を満たしている | AG11: 令和６年度介護人材確保・職場環境改善等事業による補助金の交付を受けている | AH11: 要件を満たさない | AJ11: 栃木県 | AL11: 北海道 | AM11: 夕張市 | AO11: 1級地 | AP11: 0.2 | AQ11: 東京都 | AR11: 品川区 | AS11: =AQ11&AR11 -> 東京都品川区 | AT11: 11.4 | AU11: 11.1 | AV11: 10.9 | AW11: 介護予防通所リハビリテーション | AX11: 0.55
A12: 介護予防通所リハビリテーション | B12: 66 | C12: 0.114 | D12: 0.03 | E12: 0.024 | F12: 介護予防通所リハビリテーション_組合せ | G12: ① | H12: ①＋③ | I12: ①＋②＋③ | J12: =C12 -> 0.114 | K12: =SUM(C12,E12) -> 0.138 | L12: =SUM(C12:E12) -> 0.168 | M12: 加算対象 | N12: 介護予防 | P12: 介護予防通所リハビリテーション | Q12: 介護予防_通所リハビリテーション① | R12: 加算算定済 | S12: 加算算定を誓約 | W12: 介護予防_通所リハビリテーション② | X12: ケアプランデータ連携システムに加入済 | Y12: ケアプランデータ連携システムへの加入を誓約 | Z12: 社会福祉連携推進法人に所属 | AA12: 要件を満たさない | AD12: 介護予防_通所リハビリテーション③ | AE12: 職場環境改善の取組を行っている | AF12: ②の要件を満たしている | AG12: 令和６年度介護人材確保・職場環境改善等事業による補助金の交付を受けている | AH12: 要件を満たさない | AJ12: 群馬県 | AL12: 北海道 | AM12: 岩見沢市 | AO12: 1級地 | AP12: 0.2 | AQ12: 東京都 | AR12: 目黒区 | AS12: =AQ12&AR12 -> 東京都目黒区 | AT12: 11.4 | AU12: 11.1 | AV12: 10.9 | AW12: 特定施設入居者生活介護（短期利用型） | AX12: 0.45
A13: 特定施設入居者生活介護 | B13: 33 | C13: 0.132 | D13: 0.042 | E13: 0.036 | F13: 特定施設入居者生活介護_組合せ | G13: ① | H13: ①＋③ | I13: ①＋②＋③ | J13: =C13 -> 0.132 | K13: =SUM(C13,E13) -> 0.168 | L13: =SUM(C13:E13) -> 0.21 | M13: 加算対象 | N13: その他 | P13: 特定施設入居者生活介護 | Q13: 特定施設入居者生活介護① | R13: 加算算定済 | S13: 加算算定を誓約 | W13: 特定施設入居者生活介護② | X13: 生産性向上推進体制加算Ⅰ又はⅡを算定済 | Y13: 生産性向上推進体制加算Ⅰ又はⅡの算定を誓約 | Z13: 社会福祉連携推進法人に所属 | AA13: 要件を満たさない | AD13: 特定施設入居者生活介護③ | AE13: 職場環境改善の取組を行っている | AF13: ②の要件を満たしている | AG13: 令和６年度介護人材確保・職場環境改善等事業による補助金の交付を受けている | AH13: 要件を満たさない | AJ13: 埼玉県 | AL13: 北海道 | AM13: 網走市 | AO13: 1級地 | AP13: 0.2 | AQ13: 東京都 | AR13: 大田区 | AS13: =AQ13&AR13 -> 東京都大田区 | AT13: 11.4 | AU13: 11.1 | AV13: 10.9 | AW13: 特定施設入居者生活介護 | AX13: 0.45
A14: 特定施設入居者生活介護（短期利用型） | B14: 27 | C14: 0.132 | D14: 0.042 | E14: 0.036 | F14: 特定施設入居者生活介護_短期利用型_組合せ | G14: ① | H14: ①＋③ | I14: ①＋②＋③ | J14: =C14 -> 0.132 | K14: =SUM(C14,E14) -> 0.168 | L14: =SUM(C14:E14) -> 0.21 | M14: 加算対象 | N14: 短期利用型 | P14: 特定施設入居者生活介護（短期利用型） | Q14: 特定施設入居者生活介護_短期利用型① | R14: 加算算定済 | S14: 加算算定を誓約 | W14: 特定施設入居者生活介護_短期利用型② | X14: 生産性向上推進体制加算Ⅰ又はⅡを算定済 | Y14: 生産性向上推進体制加算Ⅰ又はⅡの算定を誓約 | Z14: 社会福祉連携推進法人に所属 | AA14: 要件を満たさない | AD14: 特定施設入居者生活介護_短期利用型③ | AE14: 職場環境改善の取組を行っている | AF14: ②の要件を満たしている | AG14: 令和６年度介護人材確保・職場環境改善等事業による補助金の交付を受けている | AH14: 要件を満たさない | AJ14: 千葉県 | AL14: 北海道 | AM14: 留萌市 | AO14: 1級地 | AP14: 0.2 | AQ14: 東京都 | AR14: 世田谷区 | AS14: =AQ14&AR14 -> 東京都世田谷区 | AT14: 11.4 | AU14: 11.1 | AV14: 10.9 | AW14: 介護予防特定施設入居者生活介護 | AX14: 0.45
A15: 介護予防特定施設入居者生活介護 | B15: 35 | C15: 0.132 | D15: 0.042 | E15: 0.036 | F15: 介護予防特定施設入居者生活介護_組合せ | G15: ① | H15: ①＋③ | I15: ①＋②＋③ | J15: =C15 -> 0.132 | K15: =SUM(C15,E15) -> 0.168 | L15: =SUM(C15:E15) -> 0.21 | M15: 加算対象 | N15: 介護予防 | P15: 介護予防特定施設入居者生活介護 | Q15: 介護予防_特定施設入居者生活介護① | R15: 加算算定済 | S15: 加算算定を誓約 | W15: 介護予防_特定施設入居者生活介護② | X15: 生産性向上推進体制加算Ⅰ又はⅡを算定済 | Y15: 生産性向上推進体制加算Ⅰ又はⅡの算定を誓約 | Z15: 社会福祉連携推進法人に所属 | AA15: 要件を満たさない | AD15: 介護予防_特定施設入居者生活介護③ | AE15: 職場環境改善の取組を行っている | AF15: ②の要件を満たしている | AG15: 令和６年度介護人材確保・職場環境改善等事業による補助金の交付を受けている | AH15: 要件を満たさない | AJ15: 東京都 | AL15: 北海道 | AM15: 苫小牧市 | AO15: 1級地 | AP15: 0.2 | AQ15: 東京都 | AR15: 渋谷区 | AS15: =AQ15&AR15 -> 東京都渋谷区 | AT15: 11.4 | AU15: 11.1 | AV15: 10.9 | AW15: 地域密着型特定施設入居者生活介護 | AX15: 0.45
A16: 地域密着型特定施設入居者生活介護 | B16: 36 | C16: 0.132 | D16: 0.042 | E16: 0.036 | F16: 地域密着型特定施設入居者生活介護_組合せ | G16: ① | H16: ①＋③ | I16: ①＋②＋③ | J16: =C16 -> 0.132 | K16: =SUM(C16,E16) -> 0.168 | L16: =SUM(C16:E16) -> 0.21 | M16: 加算対象 | N16: その他 | P16: 地域密着型特定施設入居者生活介護 | Q16: 地域密着型特定施設入居者生活介護① | R16: 加算算定済 | S16: 加算算定を誓約 | W16: 地域密着型特定施設入居者生活介護② | X16: 生産性向上推進体制加算Ⅰ又はⅡを算定済 | Y16: 生産性向上推進体制加算Ⅰ又はⅡの算定を誓約 | Z16: 社会福祉連携推進法人に所属 | AA16: 要件を満たさない | AD16: 地域密着型特定施設入居者生活介護③ | AE16: 職場環境改善の取組を行っている | AF16: ②の要件を満たしている | AG16: 令和６年度介護人材確保・職場環境改善等事業による補助金の交付を受けている | AH16: 要件を満たさない | AJ16: 神奈川県 | AL16: 北海道 | AM16: 稚内市 | AO16: 1級地 | AP16: 0.2 | AQ16: 東京都 | AR16: 中野区 | AS16: =AQ16&AR16 -> 東京都中野区 | AT16: 11.4 | AU16: 11.1 | AV16: 10.9 | AW16: 地域密着型特定施設入居者生活介護（短期利用型） | AX16: 0.45
A17: 地域密着型特定施設入居者生活介護（短期利用型） | B17: 28 | C17: 0.132 | D17: 0.042 | E17: 0.036 | F17: 地域密着型特定施設入居者生活介護_短期利用型_組合せ | G17: ① | H17: ①＋③ | I17: ①＋②＋③ | J17: =C17 -> 0.132 | K17: =SUM(C17,E17) -> 0.168 | L17: =SUM(C17:E17) -> 0.21 | M17: 加算対象 | N17: 短期利用型 | P17: 地域密着型特定施設入居者生活介護（短期利用型） | Q17: 地域密着型特定施設入居者生活介護_短期利用型① | R17: 加算算定済 | S17: 加算算定を誓約 | W17: 地域密着型特定施設入居者生活介護_短期利用型② | X17: 生産性向上推進体制加算Ⅰ又はⅡを算定済 | Y17: 生産性向上推進体制加算Ⅰ又はⅡの算定を誓約 | Z17: 社会福祉連携推進法人に所属 | AA17: 要件を満たさない | AD17: 地域密着型特定施設入居者生活介護_短期利用型③ | AE17: 職場環境改善の取組を行っている | AF17: ②の要件を満たしている | AG17: 令和６年度介護人材確保・職場環境改善等事業による補助金の交付を受けている | AH17: 要件を満たさない | AJ17: 新潟県 | AL17: 北海道 | AM17: 美唄市 | AO17: 1級地 | AP17: 0.2 | AQ17: 東京都 | AR17: 杉並区 | AS17: =AQ17&AR17 -> 東京都杉並区 | AT17: 11.4 | AU17: 11.1 | AV17: 10.9 | AW17: 認知症対応型通所介護 | AX17: 0.55
A18: 認知症対応型通所介護 | B18: 72 | C18: 0.216 | D18: 0.072 | E18: 0.06 | F18: 認知症対応型通所介護_組合せ | G18: ① | H18: ①＋③ | I18: ①＋②＋③ | J18: =C18 -> 0.216 | K18: =SUM(C18,E18) -> 0.276 | L18: =SUM(C18:E18) -> 0.348 | M18: 加算対象 | N18: その他 | P18: 認知症対応型通所介護 | Q18: 認知症対応型通所介護① | R18: 加算算定済 | S18: 加算算定を誓約 | W18: 認知症対応型通所介護② | X18: ケアプランデータ連携システムに加入済 | Y18: ケアプランデータ連携システムへの加入を誓約 | Z18: 社会福祉連携推進法人に所属 | AA18: 要件を満たさない | AD18: 認知症対応型通所介護③ | AE18: 職場環境改善の取組を行っている | AF18: ②の要件を満たしている | AG18: 令和６年度介護人材確保・職場環境改善等事業による補助金の交付を受けている | AH18: 要件を満たさない | AJ18: 富山県 | AL18: 北海道 | AM18: 芦別市 | AO18: 1級地 | AP18: 0.2 | AQ18: 東京都 | AR18: 豊島区 | AS18: =AQ18&AR18 -> 東京都豊島区 | AT18: 11.4 | AU18: 11.1 | AV18: 10.9 | AW18: 介護予防認知症対応型通所介護 | AX18: 0.55
A19: 介護予防認知症対応型通所介護 | B19: 74 | C19: 0.216 | D19: 0.072 | E19: 0.06 | F19: 介護予防認知症対応型通所介護_組合せ | G19: ① | H19: ①＋③ | I19: ①＋②＋③ | J19: =C19 -> 0.216 | K19: =SUM(C19,E19) -> 0.276 | L19: =SUM(C19:E19) -> 0.348 | M19: 加算対象 | N19: 介護予防 | P19: 介護予防認知症対応型通所介護 | Q19: 介護予防_認知症対応型通所介護① | R19: 加算算定済 | S19: 加算算定を誓約 | W19: 介護予防_認知症対応型通所介護② | X19: ケアプランデータ連携システムに加入済 | Y19: ケアプランデータ連携システムへの加入を誓約 | Z19: 社会福祉連携推進法人に所属 | AA19: 要件を満たさない | AD19: 介護予防_認知症対応型通所介護③ | AE19: 職場環境改善の取組を行っている | AF19: ②の要件を満たしている | AG19: 令和６年度介護人材確保・職場環境改善等事業による補助金の交付を受けている | AH19: 要件を満たさない | AJ19: 石川県 | AL19: 北海道 | AM19: 江別市 | AO19: 1級地 | AP19: 0.2 | AQ19: 東京都 | AR19: 北区 | AS19: =AQ19&AR19 -> 東京都北区 | AT19: 11.4 | AU19: 11.1 | AV19: 10.9 | AW19: 小規模多機能型居宅介護 | AX19: 0.55
A20: 小規模多機能型居宅介護 | B20: 73 | C20: 0.138 | D20: 0.054 | E20: 0.048 | F20: 小規模多機能型居宅介護_組合せ | G20: ① | H20: ①＋③ | I20: ①＋②＋③ | J20: =C20 -> 0.138 | K20: =SUM(C20,E20) -> 0.186 | L20: =SUM(C20:E20) -> 0.24 | M20: 加算対象 | N20: その他 | P20: 小規模多機能型居宅介護 | Q20: 小規模多機能型居宅介護① | R20: 加算算定済 | S20: 加算算定を誓約 | W20: 小規模多機能型居宅介護② | X20: 生産性向上推進体制加算Ⅰ又はⅡを算定済 | Y20: 生産性向上推進体制加算Ⅰ又はⅡの算定を誓約 | Z20: ケアプランデータ連携システムに加入済 | AA20: ケアプランデータ連携システムへの加入を誓約 | AB20: 社会福祉連携推進法人に所属 | AC20: 要件を満たさない | AD20: 小規模多機能型居宅介護③ | AE20: 職場環境改善の取組を行っている | AF20: ②の要件を満たしている | AG20: 令和６年度介護人材確保・職場環境改善等事業による補助金の交付を受けている | AH20: 要件を満たさない | AJ20: 福井県 | AL20: 北海道 | AM20: 赤平市 | AO20: 1級地 | AP20: 0.2 | AQ20: 東京都 | AR20: 荒川区 | AS20: =AQ20&AR20 -> 東京都荒川区 | AT20: 11.4 | AU20: 11.1 | AV20: 10.9 | AW20: 小規模多機能型居宅介護（短期利用型） | AX20: 0.55
A21: 小規模多機能型居宅介護（短期利用型） | B21: 68 | C21: 0.138 | D21: 0.054 | E21: 0.048 | F21: 小規模多機能型居宅介護_短期利用型_組合せ | G21: ① | H21: ①＋③ | I21: ①＋②＋③ | J21: =C21 -> 0.138 | K21: =SUM(C21,E21) -> 0.186 | L21: =SUM(C21:E21) -> 0.24 | M21: 加算対象 | N21: 短期利用型 | P21: 小規模多機能型居宅介護（短期利用型） | Q21: 小規模多機能型居宅介護_短期利用型① | R21: 加算算定済 | S21: 加算算定を誓約 | W21: 小規模多機能型居宅介護_短期利用型② | X21: 生産性向上推進体制加算Ⅰ又はⅡを算定済 | Y21: 生産性向上推進体制加算Ⅰ又はⅡの算定を誓約 | Z21: ケアプランデータ連携システムに加入済 | AA21: ケアプランデータ連携システムへの加入を誓約 | AB21: 社会福祉連携推進法人に所属 | AC21: 要件を満たさない | AD21: 小規模多機能型居宅介護_短期利用型③ | AE21: 職場環境改善の取組を行っている | AF21: ②の要件を満たしている | AG21: 令和６年度介護人材確保・職場環境改善等事業による補助金の交付を受けている | AH21: 要件を満たさない | AJ21: 山梨県 | AL21: 北海道 | AM21: 紋別市 | AO21: 1級地 | AP21: 0.2 | AQ21: 東京都 | AR21: 板橋区 | AS21: =AQ21&AR21 -> 東京都板橋区 | AT21: 11.4 | AU21: 11.1 | AV21: 10.9 | AW21: 介護予防小規模多機能型居宅介護 | AX21: 0.55
A22: 介護予防小規模多機能型居宅介護 | B22: 75 | C22: 0.138 | D22: 0.054 | E22: 0.048 | F22: 介護予防小規模多機能型居宅介護_組合せ | G22: ① | H22: ①＋③ | I22: ①＋②＋③ | J22: =C22 -> 0.138 | K22: =SUM(C22,E22) -> 0.186 | L22: =SUM(C22:E22) -> 0.24 | M22: 加算対象 | N22: 介護予防 | P22: 介護予防小規模多機能型居宅介護 | Q22: 介護予防_小規模多機能型居宅介護① | R22: 加算算定済 | S22: 加算算定を誓約 | W22: 介護予防_小規模多機能型居宅介護② | X22: 生産性向上推進体制加算Ⅰ又はⅡを算定済 | Y22: 生産性向上推進体制加算Ⅰ又はⅡの算定を誓約 | Z22: ケアプランデータ連携システムに加入済 | AA22: ケアプランデータ連携システムへの加入を誓約 | AB22: 社会福祉連携推進法人に所属 | AC22: 要件を満たさない | AD22: 介護予防_小規模多機能型居宅介護③ | AE22: 職場環境改善の取組を行っている | AF22: ②の要件を満たしている | AG22: 令和６年度介護人材確保・職場環境改善等事業による補助金の交付を受けている | AH22: 要件を満たさない | AJ22: 岐阜県 | AL22: 北海道 | AM22: 名寄市 | AO22: 1級地 | AP22: 0.2 | AQ22: 東京都 | AR22: 練馬区 | AS22: =AQ22&AR22 -> 東京都練馬区 | AT22: 11.4 | AU22: 11.1 | AV22: 10.9 | AW22: 介護予防小規模多機能型居宅介護（短期利用型） | AX22: 0.55
A23: 介護予防小規模多機能型居宅介護（短期利用型） | B23: 69 | C23: 0.138 | D23: 0.054 | E23: 0.048 | F23: 介護予防小規模多機能型居宅介護_短期利用型_組合せ | G23: ① | H23: ①＋③ | I23: ①＋②＋③ | J23: =C23 -> 0.138 | K23: =SUM(C23,E23) -> 0.186 | L23: =SUM(C23:E23) -> 0.24 | M23: 加算対象 | N23: 介護予防・短期利用型 | P23: 介護予防小規模多機能型居宅介護（短期利用型） | Q23: 介護予防_小規模多機能型居宅介護_短期利用型① | R23: 加算算定済 | S23: 加算算定を誓約 | W23: 介護予防_小規模多機能型居宅介護_短期利用型② | X23: 生産性向上推進体制加算Ⅰ又はⅡを算定済 | Y23: 生産性向上推進体制加算Ⅰ又はⅡの算定を誓約 | Z23: ケアプランデータ連携システムに加入済 | AA23: ケアプランデータ連携システムへの加入を誓約 | AB23: 社会福祉連携推進法人に所属 | AC23: 要件を満たさない | AD23: 介護予防_小規模多機能型居宅介護_短期利用型③ | AE23: 職場環境改善の取組を行っている | AF23: ②の要件を満たしている | AG23: 令和６年度介護人材確保・職場環境改善等事業による補助金の交付を受けている | AH23: 要件を満たさない | AJ23: 長野県 | AL23: 北海道 | AM23: 士別市 | AO23: 1級地 | AP23: 0.2 | AQ23: 東京都 | AR23: 足立区 | AS23: =AQ23&AR23 -> 東京都足立区 | AT23: 11.4 | AU23: 11.1 | AV23: 10.9 | AW23: 看護小規模多機能型居宅介護 | AX23: 0.55
A24: 看護小規模多機能型居宅介護 | B24: 77 | C24: 0.114 | D24: 0.036 | E24: 0.03 | F24: 看護小規模多機能型居宅介護_組合せ | G24: ① | H24: ①＋③ | I24: ①＋②＋③ | J24: =C24 -> 0.114 | K24: =SUM(C24,E24) -> 0.144 | L24: =SUM(C24:E24) -> 0.18 | M24: 加算対象 | N24: その他 | P24: 看護小規模多機能型居宅介護 | Q24: 看護小規模多機能型居宅介護① | R24: 加算算定済 | S24: 加算算定を誓約 | W24: 看護小規模多機能型居宅介護② | X24: 生産性向上推進体制加算Ⅰ又はⅡを算定済 | Y24: 生産性向上推進体制加算Ⅰ又はⅡの算定を誓約 | Z24: ケアプランデータ連携システムに加入済 | AA24: ケアプランデータ連携システムへの加入を誓約 | AB24: 社会福祉連携推進法人に所属 | AC24: 要件を満たさない | AD24: 看護小規模多機能型居宅介護③ | AE24: 職場環境改善の取組を行っている | AF24: ②の要件を満たしている | AG24: 令和６年度介護人材確保・職場環境改善等事業による補助金の交付を受けている | AH24: 要件を満たさない | AJ24: 静岡県 | AL24: 北海道 | AM24: 三笠市 | AO24: 1級地 | AP24: 0.2 | AQ24: 東京都 | AR24: 葛飾区 | AS24: =AQ24&AR24 -> 東京都葛飾区 | AT24: 11.4 | AU24: 11.1 | AV24: 10.9 | AW24: 看護小規模多機能型居宅介護（短期利用型） | AX24: 0.55
A25: 看護小規模多機能型居宅介護（短期利用型） | B25: 79 | C25: 0.114 | D25: 0.036 | E25: 0.03 | F25: 看護小規模多機能型居宅介護_短期利用型_組合せ | G25: ① | H25: ①＋③ | I25: ①＋②＋③ | J25: =C25 -> 0.114 | K25: =SUM(C25,E25) -> 0.144 | L25: =SUM(C25:E25) -> 0.18 | M25: 加算対象 | N25: 短期利用型 | P25: 看護小規模多機能型居宅介護（短期利用型） | Q25: 看護小規模多機能型居宅介護_短期利用型① | R25: 加算算定済 | S25: 加算算定を誓約 | W25: 看護小規模多機能型居宅介護_短期利用型② | X25: 生産性向上推進体制加算Ⅰ又はⅡを算定済 | Y25: 生産性向上推進体制加算Ⅰ又はⅡの算定を誓約 | Z25: ケアプランデータ連携システムに加入済 | AA25: ケアプランデータ連携システムへの加入を誓約 | AB25: 社会福祉連携推進法人に所属 | AC25: 要件を満たさない | AD25: 看護小規模多機能型居宅介護_短期利用型③ | AE25: 職場環境改善の取組を行っている | AF25: ②の要件を満たしている | AG25: 令和６年度介護人材確保・職場環境改善等事業による補助金の交付を受けている | AH25: 要件を満たさない | AJ25: 愛知県 | AL25: 北海道 | AM25: 根室市 | AO25: 1級地 | AP25: 0.2 | AQ25: 東京都 | AR25: 江戸川区 | AS25: =AQ25&AR25 -> 東京都江戸川区 | AT25: 11.4 | AU25: 11.1 | AV25: 10.9 | AW25: 認知症対応型共同生活介護 | AX25: 0.45
A26: 認知症対応型共同生活介護 | B26: 32 | C26: 0.15 | D26: 0.066 | E26: 0.054 | F26: 認知症対応型共同生活介護_組合せ | G26: ① | H26: ①＋③ | I26: ①＋②＋③ | J26: =C26 -> 0.15 | K26: =SUM(C26,E26) -> 0.204 | L26: =SUM(C26:E26) -> 0.27 | M26: 加算対象 | N26: その他 | P26: 認知症対応型共同生活介護 | Q26: 認知症対応型共同生活介護① | R26: 加算算定済 | S26: 加算算定を誓約 | W26: 認知症対応型共同生活介護② | X26: 生産性向上推進体制加算Ⅰ又はⅡを算定済 | Y26: 生産性向上推進体制加算Ⅰ又はⅡの算定を誓約 | Z26: 社会福祉連携推進法人に所属 | AA26: 要件を満たさない | AD26: 認知症対応型共同生活介護③ | AE26: 職場環境改善の取組を行っている | AF26: ②の要件を満たしている | AG26: 令和６年度介護人材確保・職場環境改善等事業による補助金の交付を受けている | AH26: 要件を満たさない | AJ26: 三重県 | AL26: 北海道 | AM26: 千歳市 | AO26: 2級地 | AP26: 0.16 | AQ26: 東京都 | AR26: 調布市 | AS26: =AQ26&AR26 -> 東京都調布市 | AT26: 11.12 | AU26: 10.88 | AV26: 10.72 | AW26: 認知症対応型共同生活介護（短期利用型） | AX26: 0.45
A27: 認知症対応型共同生活介護（短期利用型） | B27: 38 | C27: 0.15 | D27: 0.066 | E27: 0.054 | F27: 認知症対応型共同生活介護_短期利用型_組合せ | G27: ① | H27: ①＋③ | I27: ①＋②＋③ | J27: =C27 -> 0.15 | K27: =SUM(C27,E27) -> 0.204 | L27: =SUM(C27:E27) -> 0.27 | M27: 加算対象 | N27: 短期利用型 | P27: 認知症対応型共同生活介護（短期利用型） | Q27: 認知症対応型共同生活介護_短期利用型① | R27: 加算算定済 | S27: 加算算定を誓約 | W27: 認知症対応型共同生活介護_短期利用型② | X27: 生産性向上推進体制加算Ⅰ又はⅡを算定済 | Y27: 生産性向上推進体制加算Ⅰ又はⅡの算定を誓約 | Z27: 社会福祉連携推進法人に所属 | AA27: 要件を満たさない | AD27: 認知症対応型共同生活介護_短期利用型③ | AE27: 職場環境改善の取組を行っている | AF27: ②の要件を満たしている | AG27: 令和６年度介護人材確保・職場環境改善等事業による補助金の交付を受けている | AH27: 要件を満たさない | AJ27: 滋賀県 | AL27: 北海道 | AM27: 滝川市 | AO27: 2級地 | AP27: 0.16 | AQ27: 東京都 | AR27: 町田市 | AS27: =AQ27&AR27 -> 東京都町田市 | AT27: 11.12 | AU27: 10.88 | AV27: 10.72 | AW27: 介護予防認知症対応型共同生活介護 | AX27: 0.45
A28: 介護予防認知症対応型共同生活介護 | B28: 37 | C28: 0.15 | D28: 0.066 | E28: 0.054 | F28: 介護予防認知症対応型共同生活介護_組合せ | G28: ① | H28: ①＋③ | I28: ①＋②＋③ | J28: =C28 -> 0.15 | K28: =SUM(C28,E28) -> 0.204 | L28: =SUM(C28:E28) -> 0.27 | M28: 加算対象 | N28: 介護予防 | P28: 介護予防認知症対応型共同生活介護 | Q28: 介護予防_認知症対応型共同生活介護① | R28: 加算算定済 | S28: 加算算定を誓約 | W28: 介護予防_認知症対応型共同生活介護② | X28: 生産性向上推進体制加算Ⅰ又はⅡを算定済 | Y28: 生産性向上推進体制加算Ⅰ又はⅡの算定を誓約 | Z28: 社会福祉連携推進法人に所属 | AA28: 要件を満たさない | AD28: 介護予防_認知症対応型共同生活介護③ | AE28: 職場環境改善の取組を行っている | AF28: ②の要件を満たしている | AG28: 令和６年度介護人材確保・職場環境改善等事業による補助金の交付を受けている | AH28: 要件を満たさない | AJ28: 京都府 | AL28: 北海道 | AM28: 砂川市 | AO28: 2級地 | AP28: 0.16 | AQ28: 東京都 | AR28: 狛江市 | AS28: =AQ28&AR28 -> 東京都狛江市 | AT28: 11.12 | AU28: 10.88 | AV28: 10.72 | AW28: 介護予防認知症対応型共同生活介護（短期利用型） | AX28: 0.45
A29: 介護予防認知症対応型共同生活介護（短期利用型） | B29: 39 | C29: 0.15 | D29: 0.066 | E29: 0.054 | F29: 介護予防認知症対応型共同生活介護_短期利用型_組合せ | G29: ① | H29: ①＋③ | I29: ①＋②＋③ | J29: =C29 -> 0.15 | K29: =SUM(C29,E29) -> 0.204 | L29: =SUM(C29:E29) -> 0.27 | M29: 加算対象 | N29: 介護予防・短期利用型 | P29: 介護予防認知症対応型共同生活介護（短期利用型） | Q29: 介護予防_認知症対応型共同生活介護_短期利用型① | R29: 加算算定済 | S29: 加算算定を誓約 | W29: 介護予防_認知症対応型共同生活介護_短期利用型② | X29: 生産性向上推進体制加算Ⅰ又はⅡを算定済 | Y29: 生産性向上推進体制加算Ⅰ又はⅡの算定を誓約 | Z29: 社会福祉連携推進法人に所属 | AA29: 要件を満たさない | AD29: 介護予防_認知症対応型共同生活介護_短期利用型③ | AE29: 職場環境改善の取組を行っている | AF29: ②の要件を満たしている | AG29: 令和６年度介護人材確保・職場環境改善等事業による補助金の交付を受けている | AH29: 要件を満たさない | AJ29: 大阪府 | AL29: 北海道 | AM29: 歌志内市 | AO29: 2級地 | AP29: 0.16 | AQ29: 東京都 | AR29: 多摩市 | AS29: =AQ29&AR29 -> 東京都多摩市 | AT29: 11.12 | AU29: 10.88 | AV29: 10.72 | AW29: 介護老人福祉施設 | AX29: 0.45
A30: 介護老人福祉施設 | B30: 51 | C30: 0.144 | D30: 0.048 | E30: 0.042 | F30: 介護老人福祉施設_組合せ | G30: ① | H30: ①＋③ | I30: ①＋②＋③ | J30: =C30 -> 0.144 | K30: =SUM(C30,E30) -> 0.186 | L30: =SUM(C30:E30) -> 0.234 | M30: 加算対象 | N30: その他 | P30: 介護老人福祉施設 | Q30: 介護老人福祉施設① | R30: 加算算定済 | S30: 加算算定を誓約 | W30: 介護老人福祉施設② | X30: 生産性向上推進体制加算Ⅰ又はⅡを算定済 | Y30: 生産性向上推進体制加算Ⅰ又はⅡの算定を誓約 | Z30: 社会福祉連携推進法人に所属 | AA30: 要件を満たさない | AD30: 介護老人福祉施設③ | AE30: 職場環境改善の取組を行っている | AF30: ②の要件を満たしている | AG30: 令和６年度介護人材確保・職場環境改善等事業による補助金の交付を受けている | AH30: 要件を満たさない | AJ30: 兵庫県 | AL30: 北海道 | AM30: 深川市 | AO30: 2級地 | AP30: 0.16 | AQ30: 神奈川県 | AR30: 横浜市 | AS30: =AQ30&AR30 -> 神奈川県横浜市 | AT30: 11.12 | AU30: 10.88 | AV30: 10.72 | AW30: 地域密着型介護老人福祉施設 | AX30: 0.45
A31: 地域密着型介護老人福祉施設 | B31: 54 | C31: 0.144 | D31: 0.048 | E31: 0.042 | F31: 地域密着型介護老人福祉施設_組合せ | G31: ① | H31: ①＋③ | I31: ①＋②＋③ | J31: =C31 -> 0.144 | K31: =SUM(C31,E31) -> 0.186 | L31: =SUM(C31:E31) -> 0.234 | M31: 加算対象 | N31: その他 | P31: 地域密着型介護老人福祉施設 | Q31: 地域密着型介護老人福祉施設① | R31: 加算算定済 | S31: 加算算定を誓約 | W31: 地域密着型介護老人福祉施設② | X31: 生産性向上推進体制加算Ⅰ又はⅡを算定済 | Y31: 生産性向上推進体制加算Ⅰ又はⅡの算定を誓約 | Z31: 社会福祉連携推進法人に所属 | AA31: 要件を満たさない | AD31: 地域密着型介護老人福祉施設③ | AE31: 職場環境改善の取組を行っている | AF31: ②の要件を満たしている | AG31: 令和６年度介護人材確保・職場環境改善等事業による補助金の交付を受けている | AH31: 要件を満たさない | AJ31: 奈良県 | AL31: 北海道 | AM31: 富良野市 | AO31: 2級地 | AP31: 0.16 | AQ31: 神奈川県 | AR31: 川崎市 | AS31: =AQ31&AR31 -> 神奈川県川崎市 | AT31: 11.12 | AU31: 10.88 | AV31: 10.72 | AW31: 短期入所生活介護 | AX31: 0.55
A32: 短期入所生活介護 | B32: 21 | C32: 0.144 | D32: 0.048 | E32: 0.042 | F32: 短期入所生活介護_組合せ | G32: ① | H32: ①＋③ | I32: ①＋②＋③ | J32: =C32 -> 0.144 | K32: =SUM(C32,E32) -> 0.186 | L32: =SUM(C32:E32) -> 0.234 | M32: 加算対象 | N32: その他 | P32: 短期入所生活介護 | Q32: 短期入所生活介護① | R32: 加算算定済 | S32: 加算算定を誓約 | W32: 短期入所生活介護② | X32: 生産性向上推進体制加算Ⅰ又はⅡを算定済 | Y32: 生産性向上推進体制加算Ⅰ又はⅡの算定を誓約 | Z32: ケアプランデータ連携システムに加入済 | AA32: ケアプランデータ連携システムへの加入を誓約 | AB32: 社会福祉連携推進法人に所属 | AC32: 要件を満たさない | AD32: 短期入所生活介護③ | AE32: 職場環境改善の取組を行っている | AF32: ②の要件を満たしている | AG32: 令和６年度介護人材確保・職場環境改善等事業による補助金の交付を受けている | AH32: 要件を満たさない | AJ32: 和歌山県 | AL32: 北海道 | AM32: 登別市 | AO32: 2級地 | AP32: 0.16 | AQ32: 大阪府 | AR32: 大阪市 | AS32: =AQ32&AR32 -> 大阪府大阪市 | AT32: 11.12 | AU32: 10.88 | AV32: 10.72 | AW32: 介護予防短期入所生活介護 | AX32: 0.55
A33: 介護予防短期入所生活介護 | B33: 24 | C33: 0.144 | D33: 0.048 | E33: 0.042 | F33: 介護予防短期入所生活介護_組合せ | G33: ① | H33: ①＋③ | I33: ①＋②＋③ | J33: =C33 -> 0.144 | K33: =SUM(C33,E33) -> 0.186 | L33: =SUM(C33:E33) -> 0.234 | M33: 加算対象 | N33: 介護予防 | P33: 介護予防短期入所生活介護 | Q33: 介護予防_短期入所生活介護① | R33: 加算算定済 | S33: 加算算定を誓約 | W33: 介護予防_短期入所生活介護② | X33: 生産性向上推進体制加算Ⅰ又はⅡを算定済 | Y33: 生産性向上推進体制加算Ⅰ又はⅡの算定を誓約 | Z33: ケアプランデータ連携システムに加入済 | AA33: ケアプランデータ連携システムへの加入を誓約 | AB33: 社会福祉連携推進法人に所属 | AC33: 要件を満たさない | AD33: 介護予防_短期入所生活介護③ | AE33: 職場環境改善の取組を行っている | AF33: ②の要件を満たしている | AG33: 令和６年度介護人材確保・職場環境改善等事業による補助金の交付を受けている | AH33: 要件を満たさない | AJ33: 鳥取県 | AL33: 北海道 | AM33: 恵庭市 | AO33: 3級地 | AP33: 0.15 | AQ33: 埼玉県 | AR33: さいたま市 | AS33: =AQ33&AR33 -> 埼玉県さいたま市 | AT33: 11.05 | AU33: 10.83 | AV33: 10.68 | AW33: 介護老人保健施設 | AX33: 0.45
A34: 介護老人保健施設 | B34: 52 | C34: 0.102 | D34: 0.03 | E34: 0.024 | F34: 介護老人保健施設_組合せ | G34: ① | H34: ①＋③ | I34: ①＋②＋③ | J34: =C34 -> 0.102 | K34: =SUM(C34,E34) -> 0.126 | L34: =SUM(C34:E34) -> 0.156 | M34: 加算対象 | N34: その他 | P34: 介護老人保健施設 | Q34: 介護老人保健施設① | R34: 加算算定済 | S34: 加算算定を誓約 | W34: 介護老人保健施設② | X34: 生産性向上推進体制加算Ⅰ又はⅡを算定済 | Y34: 生産性向上推進体制加算Ⅰ又はⅡの算定を誓約 | Z34: 社会福祉連携推進法人に所属 | AA34: 要件を満たさない | AD34: 介護老人保健施設③ | AE34: 職場環境改善の取組を行っている | AF34: ②の要件を満たしている | AG34: 令和６年度介護人材確保・職場環境改善等事業による補助金の交付を受けている | AH34: 要件を満たさない | AJ34: 島根県 | AL34: 北海道 | AM34: 伊達市 | AO34: 3級地 | AP34: 0.15 | AQ34: 千葉県 | AR34: 千葉市 | AS34: =AQ34&AR34 -> 千葉県千葉市 | AT34: 11.05 | AU34: 10.83 | AV34: 10.68 | AW34: 短期入所療養介護（老健） | AX34: 0.45
A35: 短期入所療養介護（老健） | B35: 22 | C35: 0.102 | D35: 0.03 | E35: 0.024 | F35: 短期入所療養介護_老健_組合せ | G35: ① | H35: ①＋③ | I35: ①＋②＋③ | J35: =C35 -> 0.102 | K35: =SUM(C35,E35) -> 0.126 | L35: =SUM(C35:E35) -> 0.156 | M35: 加算対象 | N35: その他 | P35: 短期入所療養介護（老健） | Q35: 短期入所療養介護老健① | R35: 加算算定済 | S35: 加算算定を誓約 | W35: 短期入所療養介護老健② | X35: 生産性向上推進体制加算Ⅰ又はⅡを算定済 | Y35: 生産性向上推進体制加算Ⅰ又はⅡの算定を誓約 | Z35: ケアプランデータ連携システムに加入済 | AA35: ケアプランデータ連携システムへの加入を誓約 | AB35: 社会福祉連携推進法人に所属 | AC35: 要件を満たさない | AD35: 短期入所療養介護老健③ | AE35: 職場環境改善の取組を行っている | AF35: ②の要件を満たしている | AG35: 令和６年度介護人材確保・職場環境改善等事業による補助金の交付を受けている | AH35: 要件を満たさない | AJ35: 岡山県 | AL35: 北海道 | AM35: 北広島市 | AO35: 3級地 | AP35: 0.15 | AQ35: 千葉県 | AR35: 浦安市 | AS35: =AQ35&AR35 -> 千葉県浦安市 | AT35: 11.05 | AU35: 10.83 | AV35: 10.68 | AW35: 介護予防短期入所療養介護（老健） | AX35: 0.45
A36: 介護予防短期入所療養介護（老健） | B36: 25 | C36: 0.102 | D36: 0.03 | E36: 0.024 | F36: 介護予防短期入所療養介護_老健_組合せ | G36: ① | H36: ①＋③ | I36: ①＋②＋③ | J36: =C36 -> 0.102 | K36: =SUM(C36,E36) -> 0.126 | L36: =SUM(C36:E36) -> 0.156 | M36: 加算対象 | N36: 介護予防 | P36: 介護予防短期入所療養介護（老健） | Q36: 介護予防_短期入所療養介護老健① | R36: 加算算定済 | S36: 加算算定を誓約 | W36: 介護予防_短期入所療養介護老健_② | X36: 生産性向上推進体制加算Ⅰ又はⅡを算定済 | Y36: 生産性向上推進体制加算Ⅰ又はⅡの算定を誓約 | Z36: ケアプランデータ連携システムに加入済 | AA36: ケアプランデータ連携システムへの加入を誓約 | AB36: 社会福祉連携推進法人に所属 | AC36: 要件を満たさない | AD36: 介護予防_短期入所療養介護老健③ | AE36: 職場環境改善の取組を行っている | AF36: ②の要件を満たしている | AG36: 令和６年度介護人材確保・職場環境改善等事業による補助金の交付を受けている | AH36: 要件を満たさない | AJ36: 広島県 | AL36: 北海道 | AM36: 石狩市 | AO36: 3級地 | AP36: 0.15 | AQ36: 東京都 | AR36: 八王子市 | AS36: =AQ36&AR36 -> 東京都八王子市 | AT36: 11.05 | AU36: 10.83 | AV36: 10.68 | AW36: 短期入所療養介護 （病院等) | AX36: 0.45
A37: 短期入所療養介護 （病院等) | B37: 23 | C37: 0.078 | D37: 0.018 | E37: 0.012 | F37: 短期入所療養介護_病院等_組合せ | G37: ① | H37: ①＋③ | I37: ①＋②＋③ | J37: =C37 -> 0.078 | K37: =SUM(C37,E37) -> 0.09 | L37: =SUM(C37:E37) -> 0.108 | M37: 加算対象 | N37: その他 | P37: 短期入所療養介護 （病院等) | Q37: 短期入所療養介護_病院等① | R37: 加算算定済 | S37: 加算算定を誓約 | W37: 短期入所療養介護_病院等② | X37: 生産性向上推進体制加算Ⅰ又はⅡを算定済 | Y37: 生産性向上推進体制加算Ⅰ又はⅡの算定を誓約 | Z37: ケアプランデータ連携システムに加入済 | AA37: ケアプランデータ連携システムへの加入を誓約 | AB37: 社会福祉連携推進法人に所属 | AC37: 要件を満たさない | AD37: 短期入所療養介護_病院等③ | AE37: 職場環境改善の取組を行っている | AF37: ②の要件を満たしている | AG37: 令和６年度介護人材確保・職場環境改善等事業による補助金の交付を受けている | AH37: 要件を満たさない | AJ37: 山口県 | AL37: 北海道 | AM37: 北斗市 | AO37: 3級地 | AP37: 0.15 | AQ37: 東京都 | AR37: 武蔵野市 | AS37: =AQ37&AR37 -> 東京都武蔵野市 | AT37: 11.05 | AU37: 10.83 | AV37: 10.68 | AW37: 介護予防短期入所療養介護 （病院等) | AX37: 0.45
A38: 介護予防短期入所療養介護 （病院等) | B38: 26 | C38: 0.078 | D38: 0.018 | E38: 0.012 | F38: 介護予防短期入所療養介護_病院等_組合せ | G38: ① | H38: ①＋③ | I38: ①＋②＋③ | J38: =C38 -> 0.078 | K38: =SUM(C38,E38) -> 0.09 | L38: =SUM(C38:E38) -> 0.108 | M38: 加算対象 | N38: 介護予防 | P38: 介護予防短期入所療養介護 （病院等) | Q38: 介護予防_短期入所療養介護_病院等① | R38: 加算算定済 | S38: 加算算定を誓約 | W38: 介護予防_短期入所療養介護_病院等② | X38: 生産性向上推進体制加算Ⅰ又はⅡを算定済 | Y38: 生産性向上推進体制加算Ⅰ又はⅡの算定を誓約 | Z38: ケアプランデータ連携システムに加入済 | AA38: ケアプランデータ連携システムへの加入を誓約 | AB38: 社会福祉連携推進法人に所属 | AC38: 要件を満たさない | AD38: 介護予防_短期入所療養介護_病院等③ | AE38: 職場環境改善の取組を行っている | AF38: ②の要件を満たしている | AG38: 令和６年度介護人材確保・職場環境改善等事業による補助金の交付を受けている | AH38: 要件を満たさない | AJ38: 徳島県 | AL38: 北海道 | AM38: 当別町 | AO38: 3級地 | AP38: 0.15 | AQ38: 東京都 | AR38: 三鷹市 | AS38: =AQ38&AR38 -> 東京都三鷹市 | AT38: 11.05 | AU38: 10.83 | AV38: 10.68 | AW38: 介護医療院 | AX38: 0.45
A39: 介護医療院 | B39: 55 | C39: 0.078 | D39: 0.018 | E39: 0.012 | F39: 介護医療院_組合せ | G39: ① | H39: ①＋③ | I39: ①＋②＋③ | J39: =C39 -> 0.078 | K39: =SUM(C39,E39) -> 0.09 | L39: =SUM(C39:E39) -> 0.108 | M39: 加算対象 | N39: その他 | P39: 介護医療院 | Q39: 介護医療院① | R39: 加算算定済 | S39: 加算算定を誓約 | W39: 介護医療院② | X39: 生産性向上推進体制加算Ⅰ又はⅡを算定済 | Y39: 生産性向上推進体制加算Ⅰ又はⅡの算定を誓約 | Z39: 社会福祉連携推進法人に所属 | AA39: 要件を満たさない | AD39: 介護医療院③ | AE39: 職場環境改善の取組を行っている | AF39: ②の要件を満たしている | AG39: 令和６年度介護人材確保・職場環境改善等事業による補助金の交付を受けている | AH39: 要件を満たさない | AJ39: 香川県 | AL39: 北海道 | AM39: 新篠津村 | AO39: 3級地 | AP39: 0.15 | AQ39: 東京都 | AR39: 青梅市 | AS39: =AQ39&AR39 -> 東京都青梅市 | AT39: 11.05 | AU39: 10.83 | AV39: 10.68 | AW39: 短期入所療養介護 （医療院) | AX39: 0.45
A40: 短期入所療養介護 （医療院) | B40: 2A | C40: 0.078 | D40: 0.018 | E40: 0.012 | F40: 短期入所療養介護 _医療院_組合せ | G40: ① | H40: ①＋③ | I40: ①＋②＋③ | J40: =C40 -> 0.078 | K40: =SUM(C40,E40) -> 0.09 | L40: =SUM(C40:E40) -> 0.108 | M40: 加算対象 | N40: その他 | P40: 短期入所療養介護 （医療院) | Q40: 短期入所療養介護_医療院① | R40: 加算算定済 | S40: 加算算定を誓約 | W40: 短期入所療養介護_医療院② | X40: 生産性向上推進体制加算Ⅰ又はⅡを算定済 | Y40: 生産性向上推進体制加算Ⅰ又はⅡの算定を誓約 | Z40: ケアプランデータ連携システムに加入済 | AA40: ケアプランデータ連携システムへの加入を誓約 | AB40: 社会福祉連携推進法人に所属 | AC40: 要件を満たさない | AD40: 短期入所療養介護_医療院③ | AE40: 職場環境改善の取組を行っている | AF40: ②の要件を満たしている | AG40: 令和６年度介護人材確保・職場環境改善等事業による補助金の交付を受けている | AH40: 要件を満たさない | AJ40: 愛媛県 | AL40: 北海道 | AM40: 松前町 | AO40: 3級地 | AP40: 0.15 | AQ40: 東京都 | AR40: 府中市 | AS40: =AQ40&AR40 -> 東京都府中市 | AT40: 11.05 | AU40: 10.83 | AV40: 10.68 | AW40: 介護予防短期入所療養介護 （医療院) | AX40: 0.45
A41: 介護予防短期入所療養介護 （医療院) | B41: 2B | C41: 0.078 | D41: 0.018 | E41: 0.012 | F41: 介護予防短期入所療養介護_医療院_組合せ | G41: ① | H41: ①＋③ | I41: ①＋②＋③ | J41: =C41 -> 0.078 | K41: =SUM(C41,E41) -> 0.09 | L41: =SUM(C41:E41) -> 0.108 | M41: 加算対象 | N41: 介護予防 | P41: 介護予防短期入所療養介護 （医療院) | Q41: 介護予防_短期入所療養介護_医療院① | R41: 加算算定済 | S41: 加算算定を誓約 | W41: 介護予防_短期入所療養介護_医療院② | X41: 生産性向上推進体制加算Ⅰ又はⅡを算定済 | Y41: 生産性向上推進体制加算Ⅰ又はⅡの算定を誓約 | Z41: ケアプランデータ連携システムに加入済 | AA41: ケアプランデータ連携システムへの加入を誓約 | AB41: 社会福祉連携推進法人に所属 | AC41: 要件を満たさない | AD41: 介護予防_短期入所療養介護_医療院③ | AE41: 職場環境改善の取組を行っている | AF41: ②の要件を満たしている | AG41: 令和６年度介護人材確保・職場環境改善等事業による補助金の交付を受けている | AH41: 要件を満たさない | AJ41: 高知県 | AL41: 北海道 | AM41: 福島町 | AO41: 3級地 | AP41: 0.15 | AQ41: 東京都 | AR41: 小金井市 | AS41: =AQ41&AR41 -> 東京都小金井市 | AT41: 11.05 | AU41: 10.83 | AV41: 10.68 | AW41: 訪問型サービス（独自） | AX41: 0.7
A42: 訪問型サービス（独自） | B42: A2 | C42: 0.156 | D42: 0.06 | E42: 0.048 | F42: 訪問型サービス_独自_組合せ | G42: ① | H42: ①＋③ | I42: ①＋②＋③ | J42: =C42 -> 0.156 | K42: =SUM(C42,E42) -> 0.204 | L42: =SUM(C42:E42) -> 0.264 | M42: 加算対象 | N42: 総合事業 | P42: 訪問型サービス（独自） | Q42: 訪問型サービス_独自① | R42: 加算算定済 | S42: 加算算定を誓約 | W42: 訪問型サービス_独自② | X42: ケアプランデータ連携システムに加入済 | Y42: ケアプランデータ連携システムへの加入を誓約 | Z42: 社会福祉連携推進法人に所属 | AA42: 要件を満たさない | AD42: 訪問型サービス_独自③ | AE42: 職場環境改善の取組を行っている | AF42: ②の要件を満たしている | AG42: 令和６年度介護人材確保・職場環境改善等事業による補助金の交付を受けている | AH42: 要件を満たさない | AJ42: 福岡県 | AL42: 北海道 | AM42: 知内町 | AO42: 3級地 | AP42: 0.15 | AQ42: 東京都 | AR42: 小平市 | AS42: =AQ42&AR42 -> 東京都小平市 | AT42: 11.05 | AU42: 10.83 | AV42: 10.68 | AW42: 訪問型サービス（独自／定率） | AX42: 0.7
A43: 訪問型サービス（独自／定率） | B43: A3 | C43: 0.156 | D43: 0.06 | E43: 0.048 | F43: 訪問型サービス_独自_定率_組合せ | G43: ① | H43: ①＋③ | I43: ①＋②＋③ | J43: =C43 -> 0.156 | K43: =SUM(C43,E43) -> 0.204 | L43: =SUM(C43:E43) -> 0.264 | M43: 加算対象 | N43: 総合事業 | P43: 訪問型サービス（独自／定率） | Q43: 訪問型サービス_独自_定率① | R43: 加算算定済 | S43: 加算算定を誓約 | W43: 訪問型サービス_独自_定率② | X43: ケアプランデータ連携システムに加入済 | Y43: ケアプランデータ連携システムへの加入を誓約 | Z43: 社会福祉連携推進法人に所属 | AA43: 要件を満たさない | AD43: 訪問型サービス_独自_定率③ | AE43: 職場環境改善の取組を行っている | AF43: ②の要件を満たしている | AG43: 令和６年度介護人材確保・職場環境改善等事業による補助金の交付を受けている | AH43: 要件を満たさない | AJ43: 佐賀県 | AL43: 北海道 | AM43: 木古内町 | AO43: 3級地 | AP43: 0.15 | AQ43: 東京都 | AR43: 日野市 | AS43: =AQ43&AR43 -> 東京都日野市 | AT43: 11.05 | AU43: 10.83 | AV43: 10.68 | AW43: 訪問型サービス（独自／定額） | AX43: 0.7
A44: 訪問型サービス（独自／定額） | B44: A4 | C44: 0.156 | D44: 0.06 | E44: 0.048 | F44: 訪問型サービス_独自_定額_組合せ | G44: ① | H44: ①＋③ | I44: ①＋②＋③ | J44: =C44 -> 0.156 | K44: =SUM(C44,E44) -> 0.204 | L44: =SUM(C44:E44) -> 0.264 | M44: 加算対象 | N44: 総合事業 | P44: 訪問型サービス（独自／定額） | Q44: 訪問型サービス_独自_定額① | R44: 加算算定済 | S44: 加算算定を誓約 | W44: 訪問型サービス_独自_定額② | X44: ケアプランデータ連携システムに加入済 | Y44: ケアプランデータ連携システムへの加入を誓約 | Z44: 社会福祉連携推進法人に所属 | AA44: 要件を満たさない | AD44: 訪問型サービス_独自_定額③ | AE44: 職場環境改善の取組を行っている | AF44: ②の要件を満たしている | AG44: 令和６年度介護人材確保・職場環境改善等事業による補助金の交付を受けている | AH44: 要件を満たさない | AJ44: 長崎県 | AL44: 北海道 | AM44: 七飯町 | AO44: 3級地 | AP44: 0.15 | AQ44: 東京都 | AR44: 東村山市 | AS44: =AQ44&AR44 -> 東京都東村山市 | AT44: 11.05 | AU44: 10.83 | AV44: 10.68 | AW44: 通所型サービス（独自） | AX44: 0.45
A45: 通所型サービス（独自） | B45: A6 | C45: 0.126 | D45: 0.036 | E45: 0.03 | F45: 通所型サービス_独自_組合せ | G45: ① | H45: ①＋③ | I45: ①＋②＋③ | J45: =C45 -> 0.126 | K45: =SUM(C45,E45) -> 0.156 | L45: =SUM(C45:E45) -> 0.192 | M45: 加算対象 | N45: 総合事業 | P45: 通所型サービス（独自） | Q45: 通所型サービス_独自① | R45: 加算算定済 | S45: 加算算定を誓約 | W45: 通所型サービス_独自② | X45: ケアプランデータ連携システムに加入済 | Y45: ケアプランデータ連携システムへの加入を誓約 | Z45: 社会福祉連携推進法人に所属 | AA45: 要件を満たさない | AD45: 通所型サービス_独自③ | AE45: 職場環境改善の取組を行っている | AF45: ②の要件を満たしている | AG45: 令和６年度介護人材確保・職場環境改善等事業による補助金の交付を受けている | AH45: 要件を満たさない | AJ45: 熊本県 | AL45: 北海道 | AM45: 鹿部町 | AO45: 3級地 | AP45: 0.15 | AQ45: 東京都 | AR45: 国分寺市 | AS45: =AQ45&AR45 -> 東京都国分寺市 | AT45: 11.05 | AU45: 10.83 | AV45: 10.68 | AW45: 通所型サービス（独自／定率） | AX45: 0.45
A46: 通所型サービス（独自／定率） | B46: A7 | C46: 0.126 | D46: 0.036 | E46: 0.03 | F46: 通所型サービス_独自_定率_組合せ | G46: ① | H46: ①＋③ | I46: ①＋②＋③ | J46: =C46 -> 0.126 | K46: =SUM(C46,E46) -> 0.156 | L46: =SUM(C46:E46) -> 0.192 | M46: 加算対象 | N46: 総合事業 | P46: 通所型サービス（独自／定率） | Q46: 通所型サービス_独自_定率① | R46: 加算算定済 | S46: 加算算定を誓約 | W46: 通所型サービス_独自_定率② | X46: ケアプランデータ連携システムに加入済 | Y46: ケアプランデータ連携システムへの加入を誓約 | Z46: 社会福祉連携推進法人に所属 | AA46: 要件を満たさない | AD46: 通所型サービス_独自_定率③ | AE46: 職場環境改善の取組を行っている | AF46: ②の要件を満たしている | AG46: 令和６年度介護人材確保・職場環境改善等事業による補助金の交付を受けている | AH46: 要件を満たさない | AJ46: 大分県 | AL46: 北海道 | AM46: 森町 | AO46: 3級地 | AP46: 0.15 | AQ46: 東京都 | AR46: 国立市 | AS46: =AQ46&AR46 -> 東京都国立市 | AT46: 11.05 | AU46: 10.83 | AV46: 10.68 | AW46: 通所型サービス（独自／定額） | AX46: 0.45
A47: 通所型サービス（独自／定額） | B47: A8 | C47: 0.126 | D47: 0.036 | E47: 0.03 | F47: 通所型サービス_独自_定額_組合せ | G47: ① | H47: ①＋③ | I47: ①＋②＋③ | J47: =C47 -> 0.126 | K47: =SUM(C47,E47) -> 0.156 | L47: =SUM(C47:E47) -> 0.192 | M47: 加算対象 | N47: 総合事業 | P47: 通所型サービス（独自／定額） | Q47: 通所型サービス_独自_定額① | R47: 加算算定済 | S47: 加算算定を誓約 | W47: 通所型サービス_独自_定額② | X47: ケアプランデータ連携システムに加入済 | Y47: ケアプランデータ連携システムへの加入を誓約 | Z47: 社会福祉連携推進法人に所属 | AA47: 要件を満たさない | AD47: 通所型サービス_独自_定額③ | AE47: 職場環境改善の取組を行っている | AF47: ②の要件を満たしている | AG47: 令和６年度介護人材確保・職場環境改善等事業による補助金の交付を受けている | AH47: 要件を満たさない | AJ47: 宮崎県 | AL47: 北海道 | AM47: 八雲町 | AO47: 3級地 | AP47: 0.15 | AQ47: 東京都 | AR47: 清瀬市 | AS47: =AQ47&AR47 -> 東京都清瀬市 | AT47: 11.05 | AU47: 10.83 | AV47: 10.68 | AW47: 介護予防ケアマネジメント | AX47: 0.7
A48: 介護予防ケアマネジメント | B48: AF | C48: 0.15 | D48: 0 | E48: 0 | F48: 介護予防ケアマネジメント_組合せ | G48: ① | J48: =C48 -> 0.15 | K48: =SUM(C48,E48) -> 0.15 | L48: =SUM(C48:E48) -> 0.15 | M48: 加算対象外 | N48: 総合事業 | P48: 介護予防ケアマネジメント | Q48: 介護予防ケアマネジメント① | R48: 加算Ⅳに準ずる要件を満たす | S48: 加算Ⅳに準ずる要件を満たすことを誓約 | T48: ケアプランデータ連携システムに加入済 | U48: ケアプランデータ連携システムへの加入を誓約 | V48: 社会福祉連携推進法人に所属 | W48: 介護予防ケアマネジメント② | X48: ― | Y48: ― | Z48: ― | AA48: ― | AB48: ― | AC48: ― | AD48: 介護予防ケアマネジメント③ | AE48: ― | AF48: ― | AG48: ― | AH48: ― | AJ48: 鹿児島県 | AL48: 北海道 | AM48: 長万部町 | AO48: 3級地 | AP48: 0.15 | AQ48: 東京都 | AR48: 東久留米市 | AS48: =AQ48&AR48 -> 東京都東久留米市 | AT48: 11.05 | AU48: 10.83 | AV48: 10.68 | AW48: 訪問看護 | AX48: 0.7
A49: 訪問看護 | B49: 13 | C49: 0.132 | D49: 0 | E49: 0 | F49: 訪問看護組合せ | G49: ① | J49: =C49 -> 0.132 | K49: =SUM(C49,E49) -> 0.132 | L49: =SUM(C49:E49) -> 0.132 | M49: 加算対象外 | N49: その他 | P49: 訪問看護 | Q49: 訪問看護① | R49: 加算Ⅳに準ずる要件を満たす | S49: 加算Ⅳに準ずる要件を満たすことを誓約 | T49: ケアプランデータ連携システムに加入済 | U49: ケアプランデータ連携システムへの加入を誓約 | V49: 社会福祉連携推進法人に所属 | W49: 訪問看護② | X49: ― | Y49: ― | Z49: ― | AA49: ― | AB49: ― | AC49: ― | AD49: 訪問看護③ | AE49: ― | AF49: ― | AG49: ― | AH49: ― | AJ49: 沖縄県 | AL49: 北海道 | AM49: 江差町 | AO49: 3級地 | AP49: 0.15 | AQ49: 東京都 | AR49: 稲城市 | AS49: =AQ49&AR49 -> 東京都稲城市 | AT49: 11.05 | AU49: 10.83 | AV49: 10.68 | AW49: 介護予防訪問看護 | AX49: 0.7
A50: 介護予防訪問看護 | B50: 63 | C50: 0.132 | D50: 0 | E50: 0 | F50: 介護予防訪問看護_組合せ | G50: ① | J50: =C50 -> 0.132 | K50: =SUM(C50,E50) -> 0.132 | L50: =SUM(C50:E50) -> 0.132 | M50: 加算対象外 | N50: 介護予防 | P50: 介護予防訪問看護 | Q50: 介護予防_訪問看護① | R50: 加算Ⅳに準ずる要件を満たす | S50: 加算Ⅳに準ずる要件を満たすことを誓約 | T50: ケアプランデータ連携システムに加入済 | U50: ケアプランデータ連携システムへの加入を誓約 | V50: 社会福祉連携推進法人に所属 | W50: 介護予防_訪問看護② | X50: ― | Y50: ― | Z50: ― | AA50: ― | AB50: ― | AC50: ― | AD50: 介護予防_訪問看護③ | AE50: ― | AF50: ― | AG50: ― | AH50: ― | AL50: 北海道 | AM50: 上ノ国町 | AO50: 3級地 | AP50: 0.15 | AQ50: 東京都 | AR50: 西東京市 | AS50: =AQ50&AR50 -> 東京都西東京市 | AT50: 11.05 | AU50: 10.83 | AV50: 10.68 | AW50: 訪問リハビリテーション | AX50: 0.55
A51: 訪問リハビリテーション | B51: 14 | C51: 0.108 | D51: 0 | E51: 0 | F51: 訪問リハビリテーション組合せ | G51: ① | J51: =C51 -> 0.108 | K51: =SUM(C51,E51) -> 0.108 | L51: =SUM(C51:E51) -> 0.108 | M51: 加算対象外 | N51: その他 | P51: 訪問リハビリテーション | Q51: 介護予防訪問リハビリテーション① | R51: 加算Ⅳに準ずる要件を満たす | S51: 加算Ⅳに準ずる要件を満たすことを誓約 | T51: ケアプランデータ連携システムに加入済 | U51: ケアプランデータ連携システムへの加入を誓約 | V51: 社会福祉連携推進法人に所属 | W51: 介護予防訪問リハビリテーション② | X51: ― | Y51: ― | Z51: ― | AA51: ― | AB51: ― | AC51: ― | AD51: 介護予防訪問リハビリテーション③ | AE51: ― | AF51: ― | AG51: ― | AH51: ― | AL51: 北海道 | AM51: 厚沢部町 | AO51: 3級地 | AP51: 0.15 | AQ51: 神奈川県 | AR51: 鎌倉市 | AS51: =AQ51&AR51 -> 神奈川県鎌倉市 | AT51: 11.05 | AU51: 10.83 | AV51: 10.68 | AW51: 介護予防訪問リハビリテーション | AX51: 0.55
A52: 介護予防訪問リハビリテーション | B52: 64 | C52: 0.108 | D52: 0 | E52: 0 | F52: 介護予防訪問リハビリテーション_組合せ | G52: ① | J52: =C52 -> 0.108 | K52: =SUM(C52,E52) -> 0.108 | L52: =SUM(C52:E52) -> 0.108 | M52: 加算対象外 | N52: 介護予防 | P52: 介護予防訪問リハビリテーション | Q52: 介護予防_訪問リハビリテーション① | R52: 加算Ⅳに準ずる要件を満たす | S52: 加算Ⅳに準ずる要件を満たすことを誓約 | T52: ケアプランデータ連携システムに加入済 | U52: ケアプランデータ連携システムへの加入を誓約 | V52: 社会福祉連携推進法人に所属 | W52: 介護予防_訪問リハビリテーション② | X52: ― | Y52: ― | Z52: ― | AA52: ― | AB52: ― | AC52: ― | AD52: 介護予防_訪問リハビリテーション③ | AE52: ― | AF52: ― | AG52: ― | AH52: ― | AL52: 北海道 | AM52: 乙部町 | AO52: 3級地 | AP52: 0.15 | AQ52: 神奈川県 | AR52: 厚木市 | AS52: =AQ52&AR52 -> 神奈川県厚木市 | AT52: 11.05 | AU52: 10.83 | AV52: 10.68 | AW52: 居宅介護支援 | AX52: 0.7
A53: 居宅介護支援 | B53: 43 | C53: 0.15 | D53: 0 | E53: 0 | F53: 居宅介護支援_組合せ | G53: ① | J53: =C53 -> 0.15 | K53: =SUM(C53,E53) -> 0.15 | L53: =SUM(C53:E53) -> 0.15 | M53: 加算対象外 | N53: その他 | P53: 居宅介護支援 | Q53: 居宅介護支援① | R53: 加算Ⅳに準ずる要件を満たす | S53: 加算Ⅳに準ずる要件を満たすことを誓約 | T53: ケアプランデータ連携システムに加入済 | U53: ケアプランデータ連携システムへの加入を誓約 | V53: 社会福祉連携推進法人に所属 | W53: 居宅介護支援② | X53: ― | Y53: ― | Z53: ― | AA53: ― | AB53: ― | AC53: ― | AD53: 居宅介護支援③ | AE53: ― | AF53: ― | AG53: ― | AH53: ― | AL53: 北海道 | AM53: 奥尻町 | AO53: 3級地 | AP53: 0.15 | AQ53: 愛知県 | AR53: 名古屋市 | AS53: =AQ53&AR53 -> 愛知県名古屋市 | AT53: 11.05 | AU53: 10.83 | AV53: 10.68 | AW53: 介護予防支援 | AX53: 0.7
A54: 介護予防支援 | B54: 46 | C54: 0.15 | D54: 0 | E54: 0 | F54: 介護予防支援_組合せ | G54: ① | J54: =C54 -> 0.15 | K54: =SUM(C54,E54) -> 0.15 | L54: =SUM(C54:E54) -> 0.15 | M54: 加算対象外 | N54: 介護予防 | P54: 介護予防支援 | Q54: 介護予防支援① | R54: 加算Ⅳに準ずる要件を満たす | S54: 加算Ⅳに準ずる要件を満たすことを誓約 | T54: ケアプランデータ連携システムに加入済 | U54: ケアプランデータ連携システムへの加入を誓約 | V54: 社会福祉連携推進法人に所属 | W54: 介護予防支援② | X54: ― | Y54: ― | Z54: ― | AA54: ― | AB54: ― | AC54: ― | AD54: 介護予防支援③ | AE54: ― | AF54: ― | AG54: ― | AH54: ― | AL54: 北海道 | AM54: 今金町 | AO54: 3級地 | AP54: 0.15 | AQ54: 愛知県 | AR54: 刈谷市 | AS54: =AQ54&AR54 -> 愛知県刈谷市 | AT54: 11.05 | AU54: 10.83 | AV54: 10.68
AL55: 北海道 | AM55: せたな町 | AO55: 3級地 | AP55: 0.15 | AQ55: 愛知県 | AR55: 豊田市 | AS55: =AQ55&AR55 -> 愛知県豊田市 | AT55: 11.05 | AU55: 10.83 | AV55: 10.68
AL56: 北海道 | AM56: 島牧村 | AO56: 3級地 | AP56: 0.15 | AQ56: 大阪府 | AR56: 守口市 | AS56: =AQ56&AR56 -> 大阪府守口市 | AT56: 11.05 | AU56: 10.83 | AV56: 10.68
AL57: 北海道 | AM57: 寿都町 | AO57: 3級地 | AP57: 0.15 | AQ57: 大阪府 | AR57: 大東市 | AS57: =AQ57&AR57 -> 大阪府大東市 | AT57: 11.05 | AU57: 10.83 | AV57: 10.68
AL58: 北海道 | AM58: 黒松内町 | AO58: 3級地 | AP58: 0.15 | AQ58: 大阪府 | AR58: 門真市 | AS58: =AQ58&AR58 -> 大阪府門真市 | AT58: 11.05 | AU58: 10.83 | AV58: 10.68
AL59: 北海道 | AM59: 蘭越町 | AO59: 3級地 | AP59: 0.15 | AQ59: 兵庫県 | AR59: 西宮市 | AS59: =AQ59&AR59 -> 兵庫県西宮市 | AT59: 11.05 | AU59: 10.83 | AV59: 10.68
AL60: 北海道 | AM60: ニセコ町 | AO60: 3級地 | AP60: 0.15 | AQ60: 兵庫県 | AR60: 芦屋市 | AS60: =AQ60&AR60 -> 兵庫県芦屋市 | AT60: 11.05 | AU60: 10.83 | AV60: 10.68
AL61: 北海道 | AM61: 真狩村 | AO61: 3級地 | AP61: 0.15 | AQ61: 兵庫県 | AR61: 宝塚市 | AS61: =AQ61&AR61 -> 兵庫県宝塚市 | AT61: 11.05 | AU61: 10.83 | AV61: 10.68
AL62: 北海道 | AM62: 留寿都村 | AO62: 4級地 | AP62: 0.12 | AQ62: 茨城県 | AR62: 牛久市 | AS62: =AQ62&AR62 -> 茨城県牛久市 | AT62: 10.84 | AU62: 10.66 | AV62: 10.54
AL63: 北海道 | AM63: 喜茂別町 | AO63: 4級地 | AP63: 0.12 | AQ63: 埼玉県 | AR63: 朝霞市 | AS63: =AQ63&AR63 -> 埼玉県朝霞市 | AT63: 10.84 | AU63: 10.66 | AV63: 10.54
AL64: 北海道 | AM64: 京極町 | AO64: 4級地 | AP64: 0.12 | AQ64: 埼玉県 | AR64: 志木市 | AS64: =AQ64&AR64 -> 埼玉県志木市 | AT64: 10.84 | AU64: 10.66 | AV64: 10.54
AL65: 北海道 | AM65: 倶知安町 | AO65: 4級地 | AP65: 0.12 | AQ65: 埼玉県 | AR65: 和光市 | AS65: =AQ65&AR65 -> 埼玉県和光市 | AT65: 10.84 | AU65: 10.66 | AV65: 10.54
AL66: 北海道 | AM66: 共和町 | AO66: 4級地 | AP66: 0.12 | AQ66: 千葉県 | AR66: 船橋市 | AS66: =AQ66&AR66 -> 千葉県船橋市 | AT66: 10.84 | AU66: 10.66 | AV66: 10.54
... AL451: 茨城県 | AM451: 大子町 | AO451: 7級地 | AP451: 0.03 | AQ451: 長崎県 | AR451: 長崎市 | AS451: =AQ451&AR451 -> 長崎県長崎市 | AT451: 10.21 | AU451: 10.17 | AV451: 10.14
AL452: 茨城県 | AM452: 美浦村 | AO452: その他 | AP452: 0 | AS452: =AQ452&AR452 | AT452: =AQ452&AR452
AL453: 茨城県 | AM453: 阿見町
AL454: 茨城県 | AM454: 河内町
AL455: 茨城県 | AM455: 八千代町
AL456: 茨城県 | AM456: 五霞町
AL457: 茨城県 | AM457: 境町
AL458: 茨城県 | AM458: 利根町
AL459: 栃木県 | AM459: 宇都宮市
AL460: 栃木県 | AM460: 足利市
AL461: 栃木県 | AM461: 栃木市
AL462: 栃木県 | AM462: 佐野市
AL463: 栃木県 | AM463: 鹿沼市
AL464: 栃木県 | AM464: 日光市
... AL1749: 沖縄県 | AM1749: 与那国町

Sheet 【参考】数式用_2
A1: 表１ 交付率一覧 | U1: 表２ 提出先一覧 | W1: 表３ 事業所の所在地 | Z1: 表４ 職場環境等要件 | AB1: 参考
A2: サービス区分 | B2: コード値 | C2: 交付率 | G2: 交付率組み合わせ | M2: 割合 | S2: 処遇改善加算 | U2: 都道府県 | W2: 都道府県 | X2: 市区町村 | Z2: 「その他」での使用に関係する職場環境等要件の項目 | AB2: チェックボックス
C3: ① | D3: ② | E3: ③ | G3: 組み合わせ | J3: ① | K3: ①＋③ | L3: ①＋②＋③ | M3: （①＋②）/（①＋②＋③） | N3: ③/（①＋②＋③） | O3: （①＋②）/（①＋③） | P3: ③/（①＋③） | Q3: （①＋②）/（①） | R3: ③/（①） | U3: 北海道 | W3: 北海道 | X3: 札幌市 | Z3: ① 業務内容の明確化と職員間の適切な役割分担の取組 | AB3: ✓
A4: 訪問介護 | B4: 11 | C4: 0.156 | D4: 0.06 | E4: 0.048 | F4: 訪問介護_組合せ | G4: ① | H4: ①＋③ | I4: ①＋②＋③ | J4: =C4 -> 0.156 | K4: =SUM(C4,E4) -> 0.204 | L4: =SUM(C4:E4) -> 0.264 | M4: =SUM(C4:D4)/L4 -> 0.81818182 | N4: =E4/L4 -> 0.18181818 | O4: =C4/K4 -> 0.76470588 | P4: =E4/K4 -> 0.23529412 | Q4: =C4/C4 -> 1 | R4: 0 | S4: 加算対象 | U4: 青森県 | W4: 北海道 | X4: 函館市 | Z4: ② 介護職員等の業務の洗い出しや棚卸しなど、現場の課題の見える化
A5: 夜間対応型訪問介護 | B5: 71 | C5: 0.132 | D5: 0.042 | E5: 0.03 | F5: 夜間対応型訪問介護_組合せ | G5: ① | H5: ①＋③ | I5: ①＋②＋③ | J5: =C5 -> 0.132 | K5: =SUM(C5,E5) -> 0.162 | L5: =SUM(C5:E5) -> 0.204 | M5: =SUM(C5:D5)/L5 -> 0.85294118 | N5: =E5/L5 -> 0.14705882 | O5: =C5/K5 -> 0.81481481 | P5: =E5/K5 -> 0.18518519 | Q5: =C5/C5 -> 1 | R5: 0 | S5: 加算対象 | U5: 岩手県 | W5: 北海道 | X5: 小樽市 | Z5: ③ 業務改善活動の体制構築
A6: 定期巡回･随時対応型訪問介護看護 | B6: 76 | C6: 0.132 | D6: 0.042 | E6: 0.03 | F6: 定期巡回･随時対応型訪問介護看護_組合せ | G6: ① | H6: ①＋③ | I6: ①＋②＋③ | J6: =C6 -> 0.132 | K6: =SUM(C6,E6) -> 0.162 | L6: =SUM(C6:E6) -> 0.204 | M6: =SUM(C6:D6)/L6 -> 0.85294118 | N6: =E6/L6 -> 0.14705882 | O6: =C6/K6 -> 0.81481481 | P6: =E6/K6 -> 0.18518519 | Q6: =C6/C6 -> 1 | R6: 0 | S6: 加算対象 | U6: 宮城県 | W6: 北海道 | X6: 旭川市
A7: 訪問入浴介護 | B7: 12 | C7: 0.132 | D7: 0.042 | E7: 0.03 | F7: 訪問入浴介護_組合せ | G7: ① | H7: ①＋③ | I7: ①＋②＋③ | J7: =C7 -> 0.132 | K7: =SUM(C7,E7) -> 0.162 | L7: =SUM(C7:E7) -> 0.204 | M7: =SUM(C7:D7)/L7 -> 0.85294118 | N7: =E7/L7 -> 0.14705882 | O7: =C7/K7 -> 0.81481481 | P7: =E7/K7 -> 0.18518519 | Q7: =C7/C7 -> 1 | R7: 0 | S7: 加算対象 | U7: 秋田県 | W7: 北海道 | X7: 室蘭市
A8: 介護予防訪問入浴介護 | B8: 62 | C8: 0.132 | D8: 0.042 | E8: 0.03 | F8: 介護予防訪問入浴介護_組合せ | G8: ① | H8: ①＋③ | I8: ①＋②＋③ | J8: =C8 -> 0.132 | K8: =SUM(C8,E8) -> 0.162 | L8: =SUM(C8:E8) -> 0.204 | M8: =SUM(C8:D8)/L8 -> 0.85294118 | N8: =E8/L8 -> 0.14705882 | O8: =C8/K8 -> 0.81481481 | P8: =E8/K8 -> 0.18518519 | Q8: =C8/C8 -> 1 | R8: 0 | S8: 加算対象 | U8: 山形県 | W8: 北海道 | X8: 釧路市
A9: 通所介護 | B9: 15 | C9: 0.126 | D9: 0.036 | E9: 0.03 | F9: 通所介護_組合せ | G9: ① | H9: ①＋③ | I9: ①＋②＋③ | J9: =C9 -> 0.126 | K9: =SUM(C9,E9) -> 0.156 | L9: =SUM(C9:E9) -> 0.192 | M9: =SUM(C9:D9)/L9 -> 0.84375 | N9: =E9/L9 -> 0.15625 | O9: =C9/K9 -> 0.80769231 | P9: =E9/K9 -> 0.19230769 | Q9: =C9/C9 -> 1 | R9: 0 | S9: 加算対象 | U9: 福島県 | W9: 北海道 | X9: 帯広市
A10: 地域密着型通所介護 | B10: 78 | C10: 0.168 | D10: 0.042 | E10: 0.036 | F10: 地域密着型通所介護_組合せ | G10: ① | H10: ①＋③ | I10: ①＋②＋③ | J10: =C10 -> 0.168 | K10: =SUM(C10,E10) -> 0.204 | L10: =SUM(C10:E10) -> 0.246 | M10: =SUM(C10:D10)/L10 -> 0.85365854 | N10: =E10/L10 -> 0.14634146 | O10: =C10/K10 -> 0.82352941 | P10: =E10/K10 -> 0.17647059 | Q10: =C10/C10 -> 1 | R10: 0 | S10: 加算対象 | U10: 茨城県 | W10: 北海道 | X10: 北見市
A11: 通所リハビリテーション | B11: 16 | C11: 0.114 | D11: 0.03 | E11: 0.024 | F11: 通所リハビリテーション_組合せ | G11: ① | H11: ①＋③ | I11: ①＋②＋③ | J11: =C11 -> 0.114 | K11: =SUM(C11,E11) -> 0.138 | L11: =SUM(C11:E11) -> 0.168 | M11: =SUM(C11:D11)/L11 -> 0.85714286 | N11: =E11/L11 -> 0.14285714 | O11: =C11/K11 -> 0.82608696 | P11: =E11/K11 -> 0.17391304 | Q11: =C11/C11 -> 1 | R11: 0 | S11: 加算対象 | U11: 栃木県 | W11: 北海道 | X11: 夕張市
A12: 介護予防通所リハビリテーション | B12: 66 | C12: 0.114 | D12: 0.03 | E12: 0.024 | F12: 介護予防通所リハビリテーション_組合せ | G12: ① | H12: ①＋③ | I12: ①＋②＋③ | J12: =C12 -> 0.114 | K12: =SUM(C12,E12) -> 0.138 | L12: =SUM(C12:E12) -> 0.168 | M12: =SUM(C12:D12)/L12 -> 0.85714286 | N12: =E12/L12 -> 0.14285714 | O12: =C12/K12 -> 0.82608696 | P12: =E12/K12 -> 0.17391304 | Q12: =C12/C12 -> 1 | R12: 0 | S12: 加算対象 | U12: 群馬県 | W12: 北海道 | X12: 岩見沢市
A13: 特定施設入居者生活介護 | B13: 33 | C13: 0.132 | D13: 0.042 | E13: 0.036 | F13: 特定施設入居者生活介護_組合せ | G13: ① | H13: ①＋③ | I13: ①＋②＋③ | J13: =C13 -> 0.132 | K13: =SUM(C13,E13) -> 0.168 | L13: =SUM(C13:E13) -> 0.21 | M13: =SUM(C13:D13)/L13 -> 0.82857143 | N13: =E13/L13 -> 0.17142857 | O13: =C13/K13 -> 0.78571429 | P13: =E13/K13 -> 0.21428571 | Q13: =C13/C13 -> 1 | R13: 0 | S13: 加算対象 | U13: 埼玉県 | W13: 北海道 | X13: 網走市
A14: 特定施設入居者生活介護（短期利用型） | B14: 27 | C14: 0.132 | D14: 0.042 | E14: 0.036 | F14: 特定施設入居者生活介護_短期利用型_組合せ | G14: ① | H14: ①＋③ | I14: ①＋②＋③ | J14: =C14 -> 0.132 | K14: =SUM(C14,E14) -> 0.168 | L14: =SUM(C14:E14) -> 0.21 | M14: =SUM(C14:D14)/L14 -> 0.82857143 | N14: =E14/L14 -> 0.17142857 | O14: =C14/K14 -> 0.78571429 | P14: =E14/K14 -> 0.21428571 | Q14: =C14/C14 -> 1 | R14: 0 | S14: 加算対象 | U14: 千葉県 | W14: 北海道 | X14: 留萌市
A15: 介護予防特定施設入居者生活介護 | B15: 35 | C15: 0.132 | D15: 0.042 | E15: 0.036 | F15: 介護予防特定施設入居者生活介護_組合せ | G15: ① | H15: ①＋③ | I15: ①＋②＋③ | J15: =C15 -> 0.132 | K15: =SUM(C15,E15) -> 0.168 | L15: =SUM(C15:E15) -> 0.21 | M15: =SUM(C15:D15)/L15 -> 0.82857143 | N15: =E15/L15 -> 0.17142857 | O15: =C15/K15 -> 0.78571429 | P15: =E15/K15 -> 0.21428571 | Q15: =C15/C15 -> 1 | R15: 0 | S15: 加算対象 | U15: 東京都 | W15: 北海道 | X15: 苫小牧市
A16: 地域密着型特定施設入居者生活介護 | B16: 36 | C16: 0.132 | D16: 0.042 | E16: 0.036 | F16: 地域密着型特定施設入居者生活介護_組合せ | G16: ① | H16: ①＋③ | I16: ①＋②＋③ | J16: =C16 -> 0.132 | K16: =SUM(C16,E16) -> 0.168 | L16: =SUM(C16:E16) -> 0.21 | M16: =SUM(C16:D16)/L16 -> 0.82857143 | N16: =E16/L16 -> 0.17142857 | O16: =C16/K16 -> 0.78571429 | P16: =E16/K16 -> 0.21428571 | Q16: =C16/C16 -> 1 | R16: 0 | S16: 加算対象 | U16: 神奈川県 | W16: 北海道 | X16: 稚内市
A17: 地域密着型特定施設入居者生活介護（短期利用型） | B17: 28 | C17: 0.132 | D17: 0.042 | E17: 0.036 | F17: 地域密着型特定施設入居者生活介護_短期利用型_組合せ | G17: ① | H17: ①＋③ | I17: ①＋②＋③ | J17: =C17 -> 0.132 | K17: =SUM(C17,E17) -> 0.168 | L17: =SUM(C17:E17) -> 0.21 | M17: =SUM(C17:D17)/L17 -> 0.82857143 | N17: =E17/L17 -> 0.17142857 | O17: =C17/K17 -> 0.78571429 | P17: =E17/K17 -> 0.21428571 | Q17: =C17/C17 -> 1 | R17: 0 | S17: 加算対象 | U17: 新潟県 | W17: 北海道 | X17: 美唄市
... A47: 通所型サービス（独自／定額） | B47: A8 | C47: 0.126 | D47: 0.036 | E47: 0.03 | F47: 通所型サービス_独自_定額_組合せ | G47: ① | H47: ①＋③ | I47: ①＋②＋③ | J47: =C47 -> 0.126 | K47: =SUM(C47,E47) -> 0.156 | L47: =SUM(C47:E47) -> 0.192 | M47: =SUM(C47:D47)/L47 -> 0.84375 | N47: =E47/L47 -> 0.15625 | O47: =C47/K47 -> 0.80769231 | P47: =E47/K47 -> 0.19230769 | Q47: =C47/C47 -> 1 | R47: 0 | S47: 加算対象 | U47: 宮崎県 | W47: 北海道 | X47: 八雲町
A48: 介護予防ケアマネジメント | B48: AF | C48: 0.15 | D48: 0 | E48: 0 | F48: 介護予防ケアマネジメント_組合せ | G48: ① | J48: =C48 -> 0.15 | K48: =SUM(C48,E48) -> 0.15 | L48: =SUM(C48:E48) -> 0.15 | M48: =SUM(C48:D48)/L48 -> 1 | N48: =E48/L48 -> 0 | O48: =C48/K48 -> 1 | P48: =E48/K48 -> 0 | Q48: =C48/C48 -> 1 | R48: 0 | S48: 加算対象外 | U48: 鹿児島県 | W48: 北海道 | X48: 長万部町
A49: 訪問看護 | B49: 13 | C49: 0.132 | D49: 0 | E49: 0 | F49: 訪問看護組合せ | G49: ① | J49: =C49 -> 0.132 | K49: =SUM(C49,E49) -> 0.132 | L49: =SUM(C49:E49) -> 0.132 | M49: =SUM(C49:D49)/L49 -> 1 | N49: =E49/L49 -> 0 | O49: =C49/K49 -> 1 | P49: =E49/K49 -> 0 | Q49: =C49/C49 -> 1 | R49: 0 | S49: 加算対象外 | U49: 沖縄県 | W49: 北海道 | X49: 江差町
A50: 介護予防訪問看護 | B50: 63 | C50: 0.132 | D50: 0 | E50: 0 | F50: 介護予防訪問看護_組合せ | G50: ① | J50: =C50 -> 0.132 | K50: =SUM(C50,E50) -> 0.132 | L50: =SUM(C50:E50) -> 0.132 | M50: =SUM(C50:D50)/L50 -> 1 | N50: =E50/L50 -> 0 | O50: =C50/K50 -> 1 | P50: =E50/K50 -> 0 | Q50: =C50/C50 -> 1 | R50: 0 | S50: 加算対象外 | W50: 北海道 | X50: 上ノ国町
A51: 訪問リハビリテーション | B51: 14 | C51: 0.108 | D51: 0 | E51: 0 | F51: 訪問リハビリテーション組合せ | G51: ① | J51: =C51 -> 0.108 | K51: =SUM(C51,E51) -> 0.108 | L51: =SUM(C51:E51) -> 0.108 | M51: =SUM(C51:D51)/L51 -> 1 | N51: =E51/L51 -> 0 | O51: =C51/K51 -> 1 | P51: =E51/K51 -> 0 | Q51: =C51/C51 -> 1 | R51: 0 | S51: 加算対象外 | W51: 北海道 | X51: 厚沢部町
A52: 介護予防訪問リハビリテーション | B52: 86 | C52: 0.108 | D52: 0 | E52: 0 | F52: 介護予防訪問リハビリテーション_組合せ | G52: ① | J52: =C52 -> 0.108 | K52: =SUM(C52,E52) -> 0.108 | L52: =SUM(C52:E52) -> 0.108 | M52: =SUM(C52:D52)/L52 -> 1 | N52: =E52/L52 -> 0 | O52: =C52/K52 -> 1 | P52: =E52/K52 -> 0 | Q52: =C52/C52 -> 1 | R52: 0 | S52: 加算対象外 | W52: 北海道 | X52: 乙部町
A53: 居宅介護支援 | B53: 43 | C53: 0.15 | D53: 0 | E53: 0 | F53: 居宅介護支援_組合せ | G53: ① | J53: =C53 -> 0.15 | K53: =SUM(C53,E53) -> 0.15 | L53: =SUM(C53:E53) -> 0.15 | M53: =SUM(C53:D53)/L53 -> 1 | N53: =E53/L53 -> 0 | O53: =C53/K53 -> 1 | P53: =E53/K53 -> 0 | Q53: =C53/C53 -> 1 | R53: 0 | S53: 加算対象外 | W53: 北海道 | X53: 奥尻町
A54: 介護予防支援 | B54: 46 | C54: 0.15 | D54: 0 | E54: 0 | F54: 介護予防支援_組合せ | G54: ① | J54: =C54 -> 0.15 | K54: =SUM(C54,E54) -> 0.15 | L54: =SUM(C54:E54) -> 0.15 | M54: =SUM(C54:D54)/L54 -> 1 | N54: =E54/L54 -> 0 | O54: =C54/K54 -> 1 | P54: =E54/K54 -> 0 | Q54: =C54/C54 -> 1 | R54: 0 | S54: 加算対象外 | W54: 北海道 | X54: 今金町
W55: 北海道 | X55: せたな町
W56: 北海道 | X56: 島牧村
W57: 北海道 | X57: 寿都町
W58: 北海道 | X58: 黒松内町
W59: 北海道 | X59: 蘭越町
W60: 北海道 | X60: ニセコ町
W61: 北海道 | X61: 真狩村
W62: 北海道 | X62: 留寿都村
W63: 北海道 | X63: 喜茂別町
W64: 北海道 | X64: 京極町
W65: 北海道 | X65: 倶知安町
W66: 北海道 | X66: 共和町
... W1749: 沖縄県 | X1749: 与那国町
